Workbook
Name ChronologieNative_Date_Début: #N/A
Name CO2_Train: 'Valeurs de référence'!$E$2
Name Dernier_contrat: Contrats!$H:$H
Name Domaine_Deplacements: Deplacements!$L:$L
Name Factures: 'Valeurs de référence'!$G$2:$G$3
Name Immat_voitures: voitures_declarees!$M:$M
Name Jours_Fériés: 'Jours fériés'!$A$2:$A$23
Name Matr: Consultants!$A:$A
Name Matr_Contrats: Contrats!$A:$A
Name Matr_Deplacements: Deplacements!$A:$A
Name Moyens: 'Valeurs de référence'!$D$2:$D$3
Name nom_commune: villes_clients!$C:$C
Name Nuitée: 'Valeurs de référence'!$B$2:$B$6
Name Num_Projet: Projets!$A:$A
Name Num_Projet_Depl: Deplacements!$B:$B
Name PlageDeplacements: OFFSET(Deplacements!$A$1,0,0,COUNTA(Deplacements!$A:$A), COUNTA(Deplacements!$1:$1))
Name Segment_Domaine: #N/A
Name Segment_Moyen: #N/A
Name Seuil_population: 'Valeurs de référence'!$A$2:$A$6

Sheet Consultants
A1: Matr | B1: Nom | C1: Date naissance | D1: Dernier Bilan | E1: Début contrat actuel | F1: Type Contrat | G1: Fin contrat actuel | H1: Prochain Bilan | K1: formules | M1: type | N1: date fin
A2: 3137 | B2: Élise Jean | C2: 31413 | D2: 46172 | E2: =_xlfn.MAXIFS(Contrats!F:F,Matr_Contrats,Consultants!$A2) -> 45833 | F2: =_xlfn.XLOOKUP(_xlfn.CONCAT($A2,"-",$E2),Dernier_contrat,Contrats!B:B,"",0) -> CDD | G2: =IF(F2="CDI","",_xlfn.XLOOKUP(_xlfn.CONCAT($A2,"-",$E2),Dernier_contrat,Contrats!G:G,"",0)) -> 46553 | H2: =IF(ISBLANK(D2), IF(EDATE(E2,12) < TODAY(), WORKDAY(TODAY(),5,Jours_Fériés), EDATE(E2,12) ), IF( G2 < EDATE(D2,12), WORKDAY(G2,-15,Jours_Fériés), EDATE(D2,12) ) ) -> 46537 | K2: alternatives | M2: {=_xlfn.XLOOKUP(1, (Matr_Contrats = $A2 ) * (Contrats!$F:$F = $E2), Contrats!B:B)} -> CDD | N2: {=IF(M2="CDD",_xlfn.XLOOKUP(1, (Matr_Contrats = $A2 ) * (Contrats!$F:$F = $E2), Contrats!G:G),"")} -> 46553
A3: 3542 | B3: Adélaïde Pires-Martineau | C3: 35429 | E3: =_xlfn.MAXIFS(Contrats!F:F,Matr_Contrats,Consultants!$A3) -> 45932 | F3: =_xlfn.XLOOKUP(_xlfn.CONCAT($A3,"-",$E3),Dernier_contrat,Contrats!B:B,"",0) -> CDI | G3: =IF(F3="CDI","",_xlfn.XLOOKUP(_xlfn.CONCAT($A3,"-",$E3),Dernier_contrat,Contrats!G:G,"",0)) | H3: =IF(ISBLANK(D3), IF(EDATE(E3,12) < TODAY(), WORKDAY(TODAY(),5,Jours_Fériés), EDATE(E3,12) ), IF( G3 < EDATE(D3,12), WORKDAY(G3,-15,Jours_Fériés), EDATE(D3,12) ) ) -> 46297 | M3: {=_xlfn.XLOOKUP(1, (Matr_Contrats = $A3 ) * (Contrats!$F:$F = $E3), Contrats!B:B)} -> CDI | N3: {=IF(M3="CDD",_xlfn.XLOOKUP(1, (Matr_Contrats = $A3 ) * (Contrats!$F:$F = $E3), Contrats!G:G),"")}
A4: 6423 | B4: Arthur Joubert | C4: 32755 | D4: 45957 | E4: =_xlfn.MAXIFS(Contrats!F:F,Matr_Contrats,Consultants!$A4) -> 44418 | F4: =_xlfn.XLOOKUP(_xlfn.CONCAT($A4,"-",$E4),Dernier_contrat,Contrats!B:B,"",0) -> CDI | G4: =IF(F4="CDI","",_xlfn.XLOOKUP(_xlfn.CONCAT($A4,"-",$E4),Dernier_contrat,Contrats!G:G,"",0)) | H4: =IF(ISBLANK(D4), IF(EDATE(E4,12) < TODAY(), WORKDAY(TODAY(),5,Jours_Fériés), EDATE(E4,12) ), IF( G4 < EDATE(D4,12), WORKDAY(G4,-15,Jours_Fériés), EDATE(D4,12) ) ) -> 46322 | M4: {=_xlfn.XLOOKUP(1, (Matr_Contrats = $A4 ) * (Contrats!$F:$F = $E4), Contrats!B:B)} -> CDI | N4: {=IF(M4="CDD",_xlfn.XLOOKUP(1, (Matr_Contrats = $A4 ) * (Contrats!$F:$F = $E4), Contrats!G:G),"")}
A5: 4751 | B5: David Dupont | C5: 32102 | E5: =_xlfn.MAXIFS(Contrats!F:F,Matr_Contrats,Consultants!$A5) -> 45650 | F5: =_xlfn.XLOOKUP(_xlfn.CONCAT($A5,"-",$E5),Dernier_contrat,Contrats!B:B,"",0) -> CDD | G5: =IF(F5="CDI","",_xlfn.XLOOKUP(_xlfn.CONCAT($A5,"-",$E5),Dernier_contrat,Contrats!G:G,"",0)) -> 46370 | H5: =IF(ISBLANK(D5), IF(EDATE(E5,12) < TODAY(), WORKDAY(TODAY(),5,Jours_Fériés), EDATE(E5,12) ), IF( G5 < EDATE(D5,12), WORKDAY(G5,-15,Jours_Fériés), EDATE(D5,12) ) ) -> 46272 | M5: {=_xlfn.XLOOKUP(1, (Matr_Contrats = $A5 ) * (Contrats!$F:$F = $E5), Contrats!B:B)} -> CDD | N5: {=IF(M5="CDD",_xlfn.XLOOKUP(1, (Matr_Contrats = $A5 ) * (Contrats!$F:$F = $E5), Contrats!G:G),"")} -> 46370
A6: 5959 | B6: Alexandre Guyot | C6: 26186 | D6: 45960 | E6: =_xlfn.MAXIFS(Contrats!F:F,Matr_Contrats,Consultants!$A6) -> 44388 | F6: =_xlfn.XLOOKUP(_xlfn.CONCAT($A6,"-",$E6),Dernier_contrat,Contrats!B:B,"",0) -> CDI | G6: =IF(F6="CDI","",_xlfn.XLOOKUP(_xlfn.CONCAT($A6,"-",$E6),Dernier_contrat,Contrats!G:G,"",0)) | H6: =IF(ISBLANK(D6), IF(EDATE(E6,12) < TODAY(), WORKDAY(TODAY(),5,Jours_Fériés), EDATE(E6,12) ), IF( G6 < EDATE(D6,12), WORKDAY(G6,-15,Jours_Fériés), EDATE(D6,12) ) ) -> 46325 | M6: {=_xlfn.XLOOKUP(1, (Matr_Contrats = $A6 ) * (Contrats!$F:$F = $E6), Contrats!B:B)} -> CDI | N6: {=IF(M6="CDD",_xlfn.XLOOKUP(1, (Matr_Contrats = $A6 ) * (Contrats!$F:$F = $E6), Contrats!G:G),"")}
A7: 7954 | B7: Charlotte de la Munoz | C7: 29774 | D7: 45910 | E7: =_xlfn.MAXIFS(Contrats!F:F,Matr_Contrats,Consultants!$A7) -> 44958 | F7: =_xlfn.XLOOKUP(_xlfn.CONCAT($A7,"-",$E7),Dernier_contrat,Contrats!B:B,"",0) -> CDI | G7: =IF(F7="CDI","",_xlfn.XLOOKUP(_xlfn.CONCAT($A7,"-",$E7),Dernier_contrat,Contrats!G:G,"",0)) | H7: =IF(ISBLANK(D7), IF(EDATE(E7,12) < TODAY(), WORKDAY(TODAY(),5,Jours_Fériés), EDATE(E7,12) ), IF( G7 < EDATE(D7,12), WORKDAY(G7,-15,Jours_Fériés), EDATE(D7,12) ) ) -> 46275 | M7: {=_xlfn.XLOOKUP(1, (Matr_Contrats = $A7 ) * (Contrats!$F:$F = $E7), Contrats!B:B)} -> CDI | N7: {=IF(M7="CDD",_xlfn.XLOOKUP(1, (Matr_Contrats = $A7 ) * (Contrats!$F:$F = $E7), Contrats!G:G),"")}
A8: 8810 | B8: Daniel Breton | C8: 36647 | E8: =_xlfn.MAXIFS(Contrats!F:F,Matr_Contrats,Consultants!$A8) -> 46033 | F8: =_xlfn.XLOOKUP(_xlfn.CONCAT($A8,"-",$E8),Dernier_contrat,Contrats!B:B,"",0) -> CDD | G8: =IF(F8="CDI","",_xlfn.XLOOKUP(_xlfn.CONCAT($A8,"-",$E8),Dernier_contrat,Contrats!G:G,"",0)) -> 46573 | H8: =IF(ISBLANK(D8), IF(EDATE(E8,12) < TODAY(), WORKDAY(TODAY(),5,Jours_Fériés), EDATE(E8,12) ), IF( G8 < EDATE(D8,12), WORKDAY(G8,-15,Jours_Fériés), EDATE(D8,12) ) ) -> 46398 | M8: {=_xlfn.XLOOKUP(1, (Matr_Contrats = $A8 ) * (Contrats!$F:$F = $E8), Contrats!B:B)} -> CDD | N8: {=IF(M8="CDD",_xlfn.XLOOKUP(1, (Matr_Contrats = $A8 ) * (Contrats!$F:$F = $E8), Contrats!G:G),"")} -> 46573
A9: 5211 | B9: Odette Le Gomez | C9: 30470 | D9: 45957 | E9: =_xlfn.MAXIFS(Contrats!F:F,Matr_Contrats,Consultants!$A9) -> 44666 | F9: =_xlfn.XLOOKUP(_xlfn.CONCAT($A9,"-",$E9),Dernier_contrat,Contrats!B:B,"",0) -> CDI | G9: =IF(F9="CDI","",_xlfn.XLOOKUP(_xlfn.CONCAT($A9,"-",$E9),Dernier_contrat,Contrats!G:G,"",0)) | H9: =IF(ISBLANK(D9), IF(EDATE(E9,12) < TODAY(), WORKDAY(TODAY(),5,Jours_Fériés), EDATE(E9,12) ), IF( G9 < EDATE(D9,12), WORKDAY(G9,-15,Jours_Fériés), EDATE(D9,12) ) ) -> 46322 | M9: {=_xlfn.XLOOKUP(1, (Matr_Contrats = $A9 ) * (Contrats!$F:$F = $E9), Contrats!B:B)} -> CDI | N9: {=IF(M9="CDD",_xlfn.XLOOKUP(1, (Matr_Contrats = $A9 ) * (Contrats!$F:$F = $E9), Contrats!G:G),"")}
A10: 3582 | B10: Nicolas Bertrand | C10: 36081 | D10: 45904 | E10: =_xlfn.MAXIFS(Contrats!F:F,Matr_Contrats,Consultants!$A10) -> 45568 | F10: =_xlfn.XLOOKUP(_xlfn.CONCAT($A10,"-",$E10),Dernier_contrat,Contrats!B:B,"",0) -> CDI | G10: =IF(F10="CDI","",_xlfn.XLOOKUP(_xlfn.CONCAT($A10,"-",$E10),Dernier_contrat,Contrats!G:G,"",0)) | H10: =IF(ISBLANK(D10), IF(EDATE(E10,12) < TODAY(), WORKDAY(TODAY(),5,Jours_Fériés), EDATE(E10,12) ), IF( G10 < EDATE(D10,12), WORKDAY(G10,-15,Jours_Fériés), EDATE(D10,12) ) ) -> 46269 | M10: {=_xlfn.XLOOKUP(1, (Matr_Contrats = $A10 ) * (Contrats!$F:$F = $E10), Contrats!B:B)} -> CDI | N10: {=IF(M10="CDD",_xlfn.XLOOKUP(1, (Matr_Contrats = $A10 ) * (Contrats!$F:$F = $E10), Contrats!G:G),"")}
A11: 7063 | B11: Julie-Margaud Barthelemy | C11: 28491 | D11: 45968 | E11: =_xlfn.MAXIFS(Contrats!F:F,Matr_Contrats,Consultants!$A11) -> 43903 | F11: =_xlfn.XLOOKUP(_xlfn.CONCAT($A11,"-",$E11),Dernier_contrat,Contrats!B:B,"",0) -> CDI | G11: =IF(F11="CDI","",_xlfn.XLOOKUP(_xlfn.CONCAT($A11,"-",$E11),Dernier_contrat,Contrats!G:G,"",0)) | H11: =IF(ISBLANK(D11), IF(EDATE(E11,12) < TODAY(), WORKDAY(TODAY(),5,Jours_Fériés), EDATE(E11,12) ), IF( G11 < EDATE(D11,12), WORKDAY(G11,-15,Jours_Fériés), EDATE(D11,12) ) ) -> 46333 | M11: {=_xlfn.XLOOKUP(1, (Matr_Contrats = $A11 ) * (Contrats!$F:$F = $E11), Contrats!B:B)} -> CDI | N11: {=IF(M11="CDD",_xlfn.XLOOKUP(1, (Matr_Contrats = $A11 ) * (Contrats!$F:$F = $E11), Contrats!G:G),"")}
A12: 4733 | B12: Odette Schmitt-Pelletier | C12: 27374 | D12: 45913 | E12: =_xlfn.MAXIFS(Contrats!F:F,Matr_Contrats,Consultants!$A12) -> 45635 | F12: =_xlfn.XLOOKUP(_xlfn.CONCAT($A12,"-",$E12),Dernier_contrat,Contrats!B:B,"",0) -> CDI | G12: =IF(F12="CDI","",_xlfn.XLOOKUP(_xlfn.CONCAT($A12,"-",$E12),Dernier_contrat,Contrats!G:G,"",0)) | H12: =IF(ISBLANK(D12), IF(EDATE(E12,12) < TODAY(), WORKDAY(TODAY(),5,Jours_Fériés), EDATE(E12,12) ), IF( G12 < EDATE(D12,12), WORKDAY(G12,-15,Jours_Fériés), EDATE(D12,12) ) ) -> 46278 | M12: {=_xlfn.XLOOKUP(1, (Matr_Contrats = $A12 ) * (Contrats!$F:$F = $E12), Contrats!B:B)} -> CDI | N12: {=IF(M12="CDD",_xlfn.XLOOKUP(1, (Matr_Contrats = $A12 ) * (Contrats!$F:$F = $E12), Contrats!G:G),"")}
A13: 7175 | B13: Denise-Marie Fournier | C13: 33621 | E13: =_xlfn.MAXIFS(Contrats!F:F,Matr_Contrats,Consultants!$A13) -> 46027 | F13: =_xlfn.XLOOKUP(_xlfn.CONCAT($A13,"-",$E13),Dernier_contrat,Contrats!B:B,"",0) -> CDD | G13: =IF(F13="CDI","",_xlfn.XLOOKUP(_xlfn.CONCAT($A13,"-",$E13),Dernier_contrat,Contrats!G:G,"",0)) -> 46567 | H13: =IF(ISBLANK(D13), IF(EDATE(E13,12) < TODAY(), WORKDAY(TODAY(),5,Jours_Fériés), EDATE(E13,12) ), IF( G13 < EDATE(D13,12), WORKDAY(G13,-15,Jours_Fériés), EDATE(D13,12) ) ) -> 46392 | M13: {=_xlfn.XLOOKUP(1, (Matr_Contrats = $A13 ) * (Contrats!$F:$F = $E13), Contrats!B:B)} -> CDD | N13: {=IF(M13="CDD",_xlfn.XLOOKUP(1, (Matr_Contrats = $A13 ) * (Contrats!$F:$F = $E13), Contrats!G:G),"")} -> 46567
A14: 5607 | B14: Laurent Chauveau | C14: 36390 | D14: 45988 | E14: =_xlfn.MAXIFS(Contrats!F:F,Matr_Contrats,Consultants!$A14) -> 44656 | F14: =_xlfn.XLOOKUP(_xlfn.CONCAT($A14,"-",$E14),Dernier_contrat,Contrats!B:B,"",0) -> CDI | G14: =IF(F14="CDI","",_xlfn.XLOOKUP(_xlfn.CONCAT($A14,"-",$E14),Dernier_contrat,Contrats!G:G,"",0)) | H14: =IF(ISBLANK(D14), IF(EDATE(E14,12) < TODAY(), WORKDAY(TODAY(),5,Jours_Fériés), EDATE(E14,12) ), IF( G14 < EDATE(D14,12), WORKDAY(G14,-15,Jours_Fériés), EDATE(D14,12) ) ) -> 46353 | M14: {=_xlfn.XLOOKUP(1, (Matr_Contrats = $A14 ) * (Contrats!$F:$F = $E14), Contrats!B:B)} -> CDI | N14: {=IF(M14="CDD",_xlfn.XLOOKUP(1, (Matr_Contrats = $A14 ) * (Contrats!$F:$F = $E14), Contrats!G:G),"")}
A15: 4641 | B15: André Le Gall de Legendre | C15: 28429 | D15: 46366 | E15: =_xlfn.MAXIFS(Contrats!F:F,Matr_Contrats,Consultants!$A15) -> 46010 | F15: =_xlfn.XLOOKUP(_xlfn.CONCAT($A15,"-",$E15),Dernier_contrat,Contrats!B:B,"",0) -> CDD | G15: =IF(F15="CDI","",_xlfn.XLOOKUP(_xlfn.CONCAT($A15,"-",$E15),Dernier_contrat,Contrats!G:G,"",0)) -> 46550 | H15: =IF(ISBLANK(D15), IF(EDATE(E15,12) < TODAY(), WORKDAY(TODAY(),5,Jours_Fériés), EDATE(E15,12) ), IF( G15 < EDATE(D15,12), WORKDAY(G15,-15,Jours_Fériés), EDATE(D15,12) ) ) -> 46531 | M15: {=_xlfn.XLOOKUP(1, (Matr_Contrats = $A15 ) * (Contrats!$F:$F = $E15), Contrats!B:B)} -> CDD | N15: {=IF(M15="CDD",_xlfn.XLOOKUP(1, (Matr_Contrats = $A15 ) * (Contrats!$F:$F = $E15), Contrats!G:G),"")} -> 46550
A16: 4744 | B16: Marcel du Marchal | C16: 29399 | D16: 45974 | E16: =_xlfn.MAXIFS(Contrats!F:F,Matr_Contrats,Consultants!$A16) -> 44601 | F16: =_xlfn.XLOOKUP(_xlfn.CONCAT($A16,"-",$E16),Dernier_contrat,Contrats!B:B,"",0) -> CDI | G16: =IF(F16="CDI","",_xlfn.XLOOKUP(_xlfn.CONCAT($A16,"-",$E16),Dernier_contrat,Contrats!G:G,"",0)) | H16: =IF(ISBLANK(D16), IF(EDATE(E16,12) < TODAY(), WORKDAY(TODAY(),5,Jours_Fériés), EDATE(E16,12) ), IF( G16 < EDATE(D16,12), WORKDAY(G16,-15,Jours_Fériés), EDATE(D16,12) ) ) -> 46339 | M16: {=_xlfn.XLOOKUP(1, (Matr_Contrats = $A16 ) * (Contrats!$F:$F = $E16), Contrats!B:B)} -> CDI | N16: {=IF(M16="CDD",_xlfn.XLOOKUP(1, (Matr_Contrats = $A16 ) * (Contrats!$F:$F = $E16), Contrats!G:G),"")}
A17: 1435 | B17: Anaïs Sanchez | C17: 32739 | D17: 45986 | E17: =_xlfn.MAXIFS(Contrats!F:F,Matr_Contrats,Consultants!$A17) -> 45276 | F17: =_xlfn.XLOOKUP(_xlfn.CONCAT($A17,"-",$E17),Dernier_contrat,Contrats!B:B,"",0) -> CDI | G17: =IF(F17="CDI","",_xlfn.XLOOKUP(_xlfn.CONCAT($A17,"-",$E17),Dernier_contrat,Contrats!G:G,"",0)) | H17: =IF(ISBLANK(D17), IF(EDATE(E17,12) < TODAY(), WORKDAY(TODAY(),5,Jours_Fériés), EDATE(E17,12) ), IF( G17 < EDATE(D17,12), WORKDAY(G17,-15,Jours_Fériés), EDATE(D17,12) ) ) -> 46351 | M17: {=_xlfn.XLOOKUP(1, (Matr_Contrats = $A17 ) * (Contrats!$F:$F = $E17), Contrats!B:B)} -> CDI | N17: {=IF(M17="CDD",_xlfn.XLOOKUP(1, (Matr_Contrats = $A17 ) * (Contrats!$F:$F = $E17), Contrats!G:G),"")}
A18: 8195 | B18: Margaux Hebert du Dupont | C18: 27899 | D18: 45941 | E18: =_xlfn.MAXIFS(Contrats!F:F,Matr_Contrats,Consultants!$A18) -> 45407 | F18: =_xlfn.XLOOKUP(_xlfn.CONCAT($A18,"-",$E18),Dernier_contrat,Contrats!B:B,"",0) -> CDI | G18: =IF(F18="CDI","",_xlfn.XLOOKUP(_xlfn.CONCAT($A18,"-",$E18),Dernier_contrat,Contrats!G:G,"",0)) | H18: =IF(ISBLANK(D18), IF(EDATE(E18,12) < TODAY(), WORKDAY(TODAY(),5,Jours_Fériés), EDATE(E18,12) ), IF( G18 < EDATE(D18,12), WORKDAY(G18,-15,Jours_Fériés), EDATE(D18,12) ) ) -> 46306 | M18: {=_xlfn.XLOOKUP(1, (Matr_Contrats = $A18 ) * (Contrats!$F:$F = $E18), Contrats!B:B)} -> CDI | N18: {=IF(M18="CDD",_xlfn.XLOOKUP(1, (Matr_Contrats = $A18 ) * (Contrats!$F:$F = $E18), Contrats!G:G),"")}
A19: 3772 | B19: Éric-Xavier Dias | C19: 31032 | E19: =_xlfn.MAXIFS(Contrats!F:F,Matr_Contrats,Consultants!$A19) -> 45945 | F19: =_xlfn.XLOOKUP(_xlfn.CONCAT($A19,"-",$E19),Dernier_contrat,Contrats!B:B,"",0) -> CDD | G19: =IF(F19="CDI","",_xlfn.XLOOKUP(_xlfn.CONCAT($A19,"-",$E19),Dernier_contrat,Contrats!G:G,"",0)) -> 46305 | H19: =IF(ISBLANK(D19), IF(EDATE(E19,12) < TODAY(), WORKDAY(TODAY(),5,Jours_Fériés), EDATE(E19,12) ), IF( G19 < EDATE(D19,12), WORKDAY(G19,-15,Jours_Fériés), EDATE(D19,12) ) ) -> 46310 | M19: {=_xlfn.XLOOKUP(1, (Matr_Contrats = $A19 ) * (Contrats!$F:$F = $E19), Contrats!B:B)} -> CDD | N19: {=IF(M19="CDD",_xlfn.XLOOKUP(1, (Matr_Contrats = $A19 ) * (Contrats!$F:$F = $E19), Contrats!G:G),"")} -> 46305
A20: 8988 | B20: Émilie-Claire Blanchet | C20: 36513 | E20: =_xlfn.MAXIFS(Contrats!F:F,Matr_Contrats,Consultants!$A20) -> 45781 | F20: =_xlfn.XLOOKUP(_xlfn.CONCAT($A20,"-",$E20),Dernier_contrat,Contrats!B:B,"",0) -> CDI | G20: =IF(F20="CDI","",_xlfn.XLOOKUP(_xlfn.CONCAT($A20,"-",$E20),Dernier_contrat,Contrats!G:G,"",0)) | H20: =IF(ISBLANK(D20), IF(EDATE(E20,12) < TODAY(), WORKDAY(TODAY(),5,Jours_Fériés), EDATE(E20,12) ), IF( G20 < EDATE(D20,12), WORKDAY(G20,-15,Jours_Fériés), EDATE(D20,12) ) ) -> 46272
A21: 4359 | B21: David Girard | C21: 36095 | D21: 45965 | E21: =_xlfn.MAXIFS(Contrats!F:F,Matr_Contrats,Consultants!$A21) -> 44349 | F21: =_xlfn.XLOOKUP(_xlfn.CONCAT($A21,"-",$E21),Dernier_contrat,Contrats!B:B,"",0) -> CDI | G21: =IF(F21="CDI","",_xlfn.XLOOKUP(_xlfn.CONCAT($A21,"-",$E21),Dernier_contrat,Contrats!G:G,"",0)) | H21: =IF(ISBLANK(D21), IF(EDATE(E21,12) < TODAY(), WORKDAY(TODAY(),5,Jours_Fériés), EDATE(E21,12) ), IF( G21 < EDATE(D21,12), WORKDAY(G21,-15,Jours_Fériés), EDATE(D21,12) ) ) -> 46330

Sheet Domaines
A1: Matr | B1: Expertise | C1: âge | D1: Total Jours ouvrés
A2: 3137 | B2: cybersécurité | C2: =ROUNDDOWN(YEARFRAC(_xlfn.XLOOKUP(A2,Matr,Consultants!C:C,0,0),TODAY()),0) -> 40 | D2: =SUMIFS(Deplacements!J:J,Matr_Deplacements,TableauDom[[#This Row],[Matr]],Domaine_Deplacements,TableauDom[[#This Row],[Expertise]]) -> 0
A3: 3542 | B3: cybersécurité | C3: =ROUNDDOWN(YEARFRAC(_xlfn.XLOOKUP(A3,Matr,Consultants!C:C,0,0),TODAY()),0) -> 29 | D3: =SUMIFS(Deplacements!J:J,Matr_Deplacements,TableauDom[[#This Row],[Matr]],Domaine_Deplacements,TableauDom[[#This Row],[Expertise]]) -> 0
A4: 3542 | B4: transformation digital | C4: =ROUNDDOWN(YEARFRAC(_xlfn.XLOOKUP(A4,Matr,Consultants!C:C,0,0),TODAY()),0) -> 29 | D4: =SUMIFS(Deplacements!J:J,Matr_Deplacements,TableauDom[[#This Row],[Matr]],Domaine_Deplacements,TableauDom[[#This Row],[Expertise]]) -> 0
A5: 3542 | B5: systèmes d'information | C5: =ROUNDDOWN(YEARFRAC(_xlfn.XLOOKUP(A5,Matr,Consultants!C:C,0,0),TODAY()),0) -> 29 | D5: =SUMIFS(Deplacements!J:J,Matr_Deplacements,TableauDom[[#This Row],[Matr]],Domaine_Deplacements,TableauDom[[#This Row],[Expertise]]) -> 12
A6: 6423 | B6: intelligence artificielle | C6: =ROUNDDOWN(YEARFRAC(_xlfn.XLOOKUP(A6,Matr,Consultants!C:C,0,0),TODAY()),0) -> 36 | D6: =SUMIFS(Deplacements!J:J,Matr_Deplacements,TableauDom[[#This Row],[Matr]],Domaine_Deplacements,TableauDom[[#This Row],[Expertise]]) -> 10
A7: 4751 | B7: gouvernance | C7: =ROUNDDOWN(YEARFRAC(_xlfn.XLOOKUP(A7,Matr,Consultants!C:C,0,0),TODAY()),0) -> 38 | D7: =SUMIFS(Deplacements!J:J,Matr_Deplacements,TableauDom[[#This Row],[Matr]],Domaine_Deplacements,TableauDom[[#This Row],[Expertise]]) -> 20
A8: 4751 | B8: transformation digital | C8: =ROUNDDOWN(YEARFRAC(_xlfn.XLOOKUP(A8,Matr,Consultants!C:C,0,0),TODAY()),0) -> 38 | D8: =SUMIFS(Deplacements!J:J,Matr_Deplacements,TableauDom[[#This Row],[Matr]],Domaine_Deplacements,TableauDom[[#This Row],[Expertise]]) -> 17
A9: 5959 | B9: intelligence artificielle | C9: =ROUNDDOWN(YEARFRAC(_xlfn.XLOOKUP(A9,Matr,Consultants!C:C,0,0),TODAY()),0) -> 54 | D9: =SUMIFS(Deplacements!J:J,Matr_Deplacements,TableauDom[[#This Row],[Matr]],Domaine_Deplacements,TableauDom[[#This Row],[Expertise]]) -> 0
A10: 5959 | B10: transformation digital | C10: =ROUNDDOWN(YEARFRAC(_xlfn.XLOOKUP(A10,Matr,Consultants!C:C,0,0),TODAY()),0) -> 54 | D10: =SUMIFS(Deplacements!J:J,Matr_Deplacements,TableauDom[[#This Row],[Matr]],Domaine_Deplacements,TableauDom[[#This Row],[Expertise]]) -> 10
A11: 5959 | B11: gouvernance | C11: =ROUNDDOWN(YEARFRAC(_xlfn.XLOOKUP(A11,Matr,Consultants!C:C,0,0),TODAY()),0) -> 54 | D11: =SUMIFS(Deplacements!J:J,Matr_Deplacements,TableauDom[[#This Row],[Matr]],Domaine_Deplacements,TableauDom[[#This Row],[Expertise]]) -> 57
A12: 7954 | B12: intelligence artificielle | C12: =ROUNDDOWN(YEARFRAC(_xlfn.XLOOKUP(A12,Matr,Consultants!C:C,0,0),TODAY()),0) -> 45 | D12: =SUMIFS(Deplacements!J:J,Matr_Deplacements,TableauDom[[#This Row],[Matr]],Domaine_Deplacements,TableauDom[[#This Row],[Expertise]]) -> 0
A13: 7954 | B13: cybersécurité | C13: =ROUNDDOWN(YEARFRAC(_xlfn.XLOOKUP(A13,Matr,Consultants!C:C,0,0),TODAY()),0) -> 45 | D13: =SUMIFS(Deplacements!J:J,Matr_Deplacements,TableauDom[[#This Row],[Matr]],Domaine_Deplacements,TableauDom[[#This Row],[Expertise]]) -> 15
... A46: 4359 | B46: contrôle de gestion | C46: =ROUNDDOWN(YEARFRAC(_xlfn.XLOOKUP(A46,Matr,Consultants!C:C,0,0),TODAY()),0) -> 27 | D46: =SUMIFS(Deplacements!J:J,Matr_Deplacements,TableauDom[[#This Row],[Matr]],Domaine_Deplacements,TableauDom[[#This Row],[Expertise]]) -> 0

Sheet Contrats
A1: Matr | B1: Type | C1: Salaire | D1: Forfait | E1: Nb Jours Conges | F1: Date Debut | G1: Date Fin | H1: Dernier contrat
A2: 5607 | B2: CDD | C2: 3289 | D2: 146 | E2: 38 | F2: 43010 | G2: 43239 | H2: =_xlfn.CONCAT(A2,"-",F2) -> 5607-43010
A3: 7063 | B3: CDD | C3: 3657 | D3: 152 | E3: 32 | F3: 43032 | G3: 43363 | H3: =_xlfn.CONCAT(A3,"-",F3) -> 7063-43032
A4: 5607 | B4: CDD | C4: 3542 | D4: 130 | E4: 32 | F4: 43242 | G4: 43869 | H4: =_xlfn.CONCAT(A4,"-",F4) -> 5607-43242
A5: 7063 | B5: CDD | C5: 5127 | D5: 150 | E5: 38 | F5: 43372 | G5: 43897 | H5: =_xlfn.CONCAT(A5,"-",F5) -> 7063-43372
A6: 4359 | B6: CDD | C6: 5543 | D6: 250 | E6: 32 | F6: 43524 | G6: 43648 | H6: =_xlfn.CONCAT(A6,"-",F6) -> 4359-43524
A7: 4359 | B7: CDD | C7: 2670 | D7: 99 | E7: 38 | F7: 43650 | G7: 43796 | H7: =_xlfn.CONCAT(A7,"-",F7) -> 4359-43650
A8: 6423 | B8: CDD | C8: 3613 | D8: 149 | E8: 32 | F8: 43692 | G8: 43863 | H8: =_xlfn.CONCAT(A8,"-",F8) -> 6423-43692
A9: 4359 | B9: CDD | C9: 6659 | D9: 115 | E9: 38 | F9: 43807 | G9: 44210 | H9: =_xlfn.CONCAT(A9,"-",F9) -> 4359-43807
A10: 6423 | B10: CDD | C10: 3250 | D10: 119 | E10: 30 | F10: 43867 | G10: 44043 | H10: =_xlfn.CONCAT(A10,"-",F10) -> 6423-43867
A11: 5607 | B11: CDD | C11: 2989 | D11: 164 | E11: 30 | F11: 43874 | G11: 44339 | H11: =_xlfn.CONCAT(A11,"-",F11) -> 5607-43874
A12: 7063 | B12: CDI | C12: 4020 | D12: 142 | E12: 38 | F12: 43903 | H12: =_xlfn.CONCAT(A12,"-",F12) -> 7063-43903
A13: 5959 | B13: CDD | C13: 5695 | D13: 85 | E13: 35 | F13: 43974 | G13: 44374 | H13: =_xlfn.CONCAT(A13,"-",F13) -> 5959-43974
A14: 1435 | B14: CDD | C14: 2629 | D14: 203 | E14: 32 | F14: 44012 | G14: 44265 | H14: =_xlfn.CONCAT(A14,"-",F14) -> 1435-44012
A15: 6423 | B15: CDD | C15: 4948 | D15: 146 | E15: 32 | F15: 44052 | G15: 44305 | H15: =_xlfn.CONCAT(A15,"-",F15) -> 6423-44052
A16: 4359 | B16: CDD | C16: 3929 | D16: 99 | E16: 30 | F16: 44224 | G16: 44340 | H16: =_xlfn.CONCAT(A16,"-",F16) -> 4359-44224
A17: 1435 | B17: CDD | C17: 5506 | D17: 158 | E17: 30 | F17: 44278 | G17: 44906 | H17: =_xlfn.CONCAT(A17,"-",F17) -> 1435-44278
A18: 6423 | B18: CDD | C18: 5054 | D18: 113 | E18: 32 | F18: 44314 | G18: 44412 | H18: =_xlfn.CONCAT(A18,"-",F18) -> 6423-44314
A19: 8195 | B19: CDD | C19: 6299 | D19: 149 | E19: 30 | F19: 44331 | G19: 44726 | H19: =_xlfn.CONCAT(A19,"-",F19) -> 8195-44331
A20: 5607 | B20: CDD | C20: 2703 | D20: 240 | E20: 38 | F20: 44344 | G20: 44650 | H20: =_xlfn.CONCAT(A20,"-",F20) -> 5607-44344
A21: 4359 | B21: CDI | C21: 3639 | D21: 102 | E21: 32 | F21: 44349 | H21: =_xlfn.CONCAT(A21,"-",F21) -> 4359-44349
A22: 5959 | B22: CDI | C22: 6316 | D22: 198 | E22: 35 | F22: 44388 | H22: =_xlfn.CONCAT(A22,"-",F22) -> 5959-44388
A23: 6423 | B23: CDI | C23: 6697 | D23: 209 | E23: 38 | F23: 44418 | H23: =_xlfn.CONCAT(A23,"-",F23) -> 6423-44418
A24: 3582 | B24: CDD | C24: 5977 | D24: 170 | E24: 30 | F24: 44498 | G24: 44640 | H24: =_xlfn.CONCAT(A24,"-",F24) -> 3582-44498
A25: 7954 | B25: CDD | C25: 4449 | D25: 85 | E25: 35 | F25: 44557 | G25: 44944 | H25: =_xlfn.CONCAT(A25,"-",F25) -> 7954-44557
A26: 3542 | B26: CDD | C26: 4622 | D26: 157 | E26: 38 | F26: 44558 | G26: 45229 | H26: =_xlfn.CONCAT(A26,"-",F26) -> 3542-44558
A27: 4744 | B27: CDI | C27: 3532 | D27: 127 | E27: 32 | F27: 44601 | H27: =_xlfn.CONCAT(A27,"-",F27) -> 4744-44601
A28: 3582 | B28: CDD | C28: 4879 | D28: 99 | E28: 35 | F28: 44650 | G28: 44881 | H28: =_xlfn.CONCAT(A28,"-",F28) -> 3582-44650
A29: 5607 | B29: CDI | C29: 3805 | D29: 104 | E29: 38 | F29: 44656 | H29: =_xlfn.CONCAT(A29,"-",F29) -> 5607-44656
A30: 5211 | B30: CDI | C30: 2585 | D30: 177 | E30: 38 | F30: 44666 | H30: =_xlfn.CONCAT(A30,"-",F30) -> 5211-44666
A31: 8195 | B31: CDD | C31: 5074 | D31: 203 | E31: 30 | F31: 44739 | G31: 45395 | H31: =_xlfn.CONCAT(A31,"-",F31) -> 8195-44739
A32: 8988 | B32: CDD | C32: 5607 | D32: 150 | E32: 38 | F32: 44790 | G32: 45049 | H32: =_xlfn.CONCAT(A32,"-",F32) -> 8988-44790
A33: 3582 | B33: CDD | C33: 4398 | D33: 193 | E33: 38 | F33: 44890 | G33: 45558 | H33: =_xlfn.CONCAT(A33,"-",F33) -> 3582-44890
A34: 1435 | B34: CDD | C34: 6214 | D34: 135 | E34: 38 | F34: 44914 | G34: 45096 | H34: =_xlfn.CONCAT(A34,"-",F34) -> 1435-44914
A35: 7954 | B35: CDI | C35: 4791 | D35: 115 | E35: 38 | F35: 44958 | H35: =_xlfn.CONCAT(A35,"-",F35) -> 7954-44958
A36: 8810 | B36: CDD | C36: 3432 | D36: 109 | E36: 38 | F36: 44991 | G36: 45296 | H36: =_xlfn.CONCAT(A36,"-",F36) -> 8810-44991
A37: 8988 | B37: CDD | C37: 3206 | D37: 216 | E37: 32 | F37: 45059 | G37: 45679 | H37: =_xlfn.CONCAT(A37,"-",F37) -> 8988-45059
A38: 1435 | B38: CDD | C38: 2815 | D38: 98 | E38: 35 | F38: 45107 | G38: 45273 | H38: =_xlfn.CONCAT(A38,"-",F38) -> 1435-45107
A39: 3137 | B39: CDD | C39: 4786 | D39: 201 | E39: 38 | F39: 45117 | G39: 45549 | H39: =_xlfn.CONCAT(A39,"-",F39) -> 3137-45117
A40: 4733 | B40: CDD | C40: 4779 | D40: 152 | E40: 30 | F40: 45161 | G40: 45446 | H40: =_xlfn.CONCAT(A40,"-",F40) -> 4733-45161
A41: 3542 | B41: CDD | C41: 2484 | D41: 217 | E41: 35 | F41: 45239 | G41: 45336 | H41: =_xlfn.CONCAT(A41,"-",F41) -> 3542-45239
A42: 3772 | B42: CDD | C42: 3032 | D42: 232 | E42: 35 | F42: 45266 | G42: 45426 | H42: =_xlfn.CONCAT(A42,"-",F42) -> 3772-45266
A43: 1435 | B43: CDI | C43: 4578 | D43: 107 | E43: 35 | F43: 45276 | H43: =_xlfn.CONCAT(A43,"-",F43) -> 1435-45276
A44: 8810 | B44: CDD | C44: 5858 | D44: 109 | E44: 30 | F44: 45297 | G44: 45593 | H44: =_xlfn.CONCAT(A44,"-",F44) -> 8810-45297
A45: 3542 | B45: CDD | C45: 2404 | D45: 204 | E45: 32 | F45: 45342 | G45: 45659 | H45: =_xlfn.CONCAT(A45,"-",F45) -> 3542-45342
A46: 8195 | B46: CDI | C46: 5436 | D46: 127 | E46: 38 | F46: 45407 | H46: =_xlfn.CONCAT(A46,"-",F46) -> 8195-45407
A47: 4751 | B47: CDD | C47: 4623 | D47: 191 | E47: 35 | F47: 45422 | G47: 45639 | H47: =_xlfn.CONCAT(A47,"-",F47) -> 4751-45422
A48: 3772 | B48: CDD | C48: 5561 | D48: 176 | E48: 30 | F48: 45434 | G48: 45645 | H48: =_xlfn.CONCAT(A48,"-",F48) -> 3772-45434
A49: 4733 | B49: CDD | C49: 3971 | D49: 165 | E49: 32 | F49: 45458 | G49: 45630 | H49: =_xlfn.CONCAT(A49,"-",F49) -> 4733-45458
A50: 3137 | B50: CDD | C50: 3439 | D50: 159 | E50: 32 | F50: 45560 | G50: 45822 | H50: =_xlfn.CONCAT(A50,"-",F50) -> 3137-45560
A51: 7175 | B51: CDD | C51: 6444 | D51: 125 | E51: 32 | F51: 45562 | G51: 46018 | H51: =_xlfn.CONCAT(A51,"-",F51) -> 7175-45562
A52: 3582 | B52: CDI | C52: 6607 | D52: 84 | E52: 35 | F52: 45568 | H52: =_xlfn.CONCAT(A52,"-",F52) -> 3582-45568
A53: 4641 | B53: CDD | C53: 3129 | D53: 242 | E53: 35 | F53: 45576 | G53: 46003 | H53: =_xlfn.CONCAT(A53,"-",F53) -> 4641-45576
A54: 8810 | B54: CDD | C54: 6746 | D54: 131 | E54: 38 | F54: 45605 | G54: 46018 | H54: =_xlfn.CONCAT(A54,"-",F54) -> 8810-45605
A55: 4733 | B55: CDI | C55: 6497 | D55: 194 | E55: 30 | F55: 45635 | H55: =_xlfn.CONCAT(A55,"-",F55) -> 4733-45635
A56: 4751 | B56: CDD | C56: 3294 | D56: 146 | E56: 30 | F56: 45650 | G56: 46370 | H56: =_xlfn.CONCAT(A56,"-",F56) -> 4751-45650
A57: 3772 | B57: CDD | C57: 4034 | D57: 230 | E57: 35 | F57: 45658 | G57: 45934 | H57: =_xlfn.CONCAT(A57,"-",F57) -> 3772-45658
A58: 3542 | B58: CDD | C58: 5652 | D58: 162 | E58: 38 | F58: 45672 | G58: 45924 | H58: =_xlfn.CONCAT(A58,"-",F58) -> 3542-45672
A59: 8988 | B59: CDD | C59: 6033 | D59: 113 | E59: 38 | F59: 45682 | G59: 45773 | H59: =_xlfn.CONCAT(A59,"-",F59) -> 8988-45682
A60: 8988 | B60: CDI | C60: 5018 | D60: 198 | E60: 32 | F60: 45781 | H60: =_xlfn.CONCAT(A60,"-",F60) -> 8988-45781
A61: 3137 | B61: CDD | C61: 3798 | D61: 196 | E61: 32 | F61: 45833 | G61: 46553 | H61: =_xlfn.CONCAT(A61,"-",F61) -> 3137-45833
A62: 3542 | B62: CDI | C62: 3265 | D62: 147 | E62: 35 | F62: 45932 | H62: =_xlfn.CONCAT(A62,"-",F62) -> 3542-45932
A63: 3772 | B63: CDD | C63: 2696 | D63: 205 | E63: 38 | F63: 45945 | G63: 46305 | H63: =_xlfn.CONCAT(A63,"-",F63) -> 3772-45945
A64: 4641 | B64: CDD | C64: 6027 | D64: 137 | E64: 32 | F64: 46010 | G64: 46550 | H64: =_xlfn.CONCAT(A64,"-",F64) -> 4641-46010
A65: 7175 | B65: CDD | C65: 3343 | D65: 132 | E65: 38 | F65: 46027 | G65: 46567 | H65: =_xlfn.CONCAT(A65,"-",F65) -> 7175-46027
A66: 8810 | B66: CDD | C66: 4605 | D66: 187 | E66: 32 | F66: 46033 | G66: 46573 | H66: =_xlfn.CONCAT(A66,"-",F66) -> 8810-46033

Sheet Projets
A1: Num Projet | B1: Intitulé | C1: Domaine | D1: Client | E1: Date début | F1: Durée (mois) | G1: Prix km | H1: Budget Investissement | I1: Budget Fonctionnement | J1: Conso Investissement | K1: Conso Fonctionnement
A2: 4641 | B2: Arche | C2: systèmes d'information | D2: Banque Invest | E2: 45752 | F2: 42 | G2: 11.48 | H2: 16827.15 | I2: 5602.78 | J2: 7959.41 | K2: 2106.44
A3: 8140 | B3: Beta | C3: systèmes d'information | D3: Société AHT | E3: 45783 | F3: 38 | G3: 7.86 | H3: 18750.45 | I3: 13207.42 | J3: 8394.81 | K3: 5309.25
A4: 9437 | B4: E30 | C4: gouvernance | D4: Cooperative Muvuca | E4: 45832 | F4: 24 | G4: 6.93 | H4: 7069.34 | I4: 3616.37 | J4: 5129.92 | K4: 2177.82
A5: 1309 | B5: Arc25 | C5: intelligence artificielle | D5: Banque Invest | E5: 45836 | F5: 46 | G5: 9.06 | H5: 14369.41 | I5: 13619.79 | J5: 4477.21 | K5: 4384.04
A6: 5674 | B6: SuiviConso | C6: gouvernance | D6: Banque Invest | E6: 45858 | F6: 39 | G6: 11.52 | H6: 18231.46 | I6: 14444.63 | J6: 5973.81 | K6: 5421.27
A7: 3987 | B7: Gamma | C7: gouvernance | D7: Cooperative Muvuca | E7: 45859 | F7: 43 | G7: 9.83 | H7: 8619.11 | I7: 9995.17 | J7: 3294.1 | K7: 3567.53
A8: 4125 | B8: ADV | C8: gouvernance | D8: Industries Nova Tech | E8: 45907 | F8: 32 | G8: 8.07 | H8: 6538.07 | I8: 2990.94 | J8: 2615.86 | K8: 1196.55
A9: 3850 | B9: Hercules | C9: cybersécurité | D9: Société AHT | E9: 45910 | F9: 36 | G9: 11.82 | H9: 20975.3 | I9: 14419.62 | J9: 8633.32 | K9: 4386.66
A10: 4687 | B10: Mirage | C10: cybersécurité | D10: Banque Invest | E10: 45919 | F10: 43 | G10: 8.48 | H10: 23338.93 | I10: 13021.57 | J10: 6505.97 | K10: 3242.44
A11: 2776 | B11: Destroyer | C11: gouvernance | D11: Groupe Oignon | E11: 45954 | F11: 26 | G11: 10.28 | H11: 10271.58 | I11: 6110.56 | J11: 4994.17 | K11: 2669.49
A12: 9256 | B12: Log2030 | C12: gouvernance | D12: Banque Invest | E12: 46000 | F12: 24 | G12: 6.6 | H12: 10180.63 | I12: 7132.32 | J12: 3463.4 | K12: 2316.68
A13: 9018 | B13: Onix | C13: systèmes d'information | D13: Société AHT | E13: 46025 | F13: 26 | G13: 6.34 | H13: 6180.88 | I13: 2837.73 | J13: 1787.09 | K13: 823.75
... A15: 7371 | B15: Infra2 | C15: cybersécurité | D15: Société AHT | E15: 46182 | F15: 32 | G15: 9.01 | H15: 7182.83 | I15: 3543.86 | J15: 468.69 | K15: 222.77
A16: 2764 | B16: MARCO | C16: transformation digital | D16: Banque Invest | E16: 46228 | F16: 38 | G16: 7.03 | H16: 15858.65 | I16: 5972.23
A17: 3394 | B17: NextGen | C17: transformation digital | D17: Cooperative Muvuca | E17: 46244 | F17: 45 | G17: 8.49 | H17: 19155.34 | I17: 4958.72
A18: 7717 | B18: Alpha | C18: gouvernance | D18: Industries Nova Tech | E18: 46246 | F18: 45 | G18: 8.42 | H18: 16390.91 | I18: 10053.42

Sheet Deplacements
A1: Matr | B1: Num Projet | C1: Date Début | D1: Date Fin | E1: Ville | F1: Moyen | G1: Billet | H1: Factures | I1: Immatriculation | J1: Nb Jours Ouvrés | K1: Intitulé | L1: Domaine | M1: Client | N1: Distance | O1: Frais Transport | P1: Frais Hébergement | Q1: Coût forfait | R1: Coût total | S1: Conso CO2 (en kg)
A2: 3137 | B2: 2764 | C2: 46204 | D2: 46217 | E2: Antibes | F2: train | G2: 230.69 | H2: Oui | J2: =NETWORKDAYS(C2,D2,Jours_Fériés) -> 9 | K2: =_xlfn.XLOOKUP($B2,Num_Projet,Projets!B:B,"Inexistant",0) -> MARCO | L2: =_xlfn.XLOOKUP($B2,Num_Projet,Projets!C:C,"Inexistant",0) -> transformation digital | M2: =_xlfn.XLOOKUP($B2,Num_Projet,Projets!D:D,"Inexistant",0) -> Banque Invest | N2: =_xlfn.XLOOKUP(E2,nom_commune,villes_clients!E:E)*2 -> 1383.9079 | O2: =IF(F2="train",G2,_xlfn.XLOOKUP(B2,Num_Projet,Projets!G:G,0,0)*N2) -> 230.69 | P2: =_xlfn.XLOOKUP(_xlfn.XLOOKUP(E2,nom_commune,villes_clients!D:D,0,0),Seuil_population,Nuitée,0,1) * J2 -> 450 | Q2: =_xlfn.XLOOKUP( _xlfn.CONCAT(A2,"-",_xlfn.XLOOKUP(A2,Matr,Consultants!E:E) ),Dernier_contrat,Contrats!D:D,0,0) * IF(J2>0,J2,1) -> 1764 | R2: =Q2 + SUM(O2:P2) * IF(H2 = "Oui",1,0.75) -> 2444.69 | S2: =( IF(F2="train", CO2_Train, _xlfn.XLOOKUP(I2,Immat_voitures,voitures_declarees!L:L,0,0)) * N2 ) / 1000 -> 2.7678157
A3: 6423 | B3: 4125 | C3: 46205 | D3: 46214 | E3: Montpellier | F3: train | G3: 192.11 | H3: Non | J3: =NETWORKDAYS(C3,D3,Jours_Fériés) -> 7 | K3: =_xlfn.XLOOKUP($B3,Num_Projet,Projets!B:B,"Inexistant",0) -> ADV | L3: =_xlfn.XLOOKUP($B3,Num_Projet,Projets!C:C,"Inexistant",0) -> gouvernance | M3: =_xlfn.XLOOKUP($B3,Num_Projet,Projets!D:D,"Inexistant",0) -> Industries Nova Tech | N3: =_xlfn.XLOOKUP(E3,nom_commune,villes_clients!E:E)*2 -> 1190.5827 | O3: =IF(F3="train",G3,_xlfn.XLOOKUP(B3,Num_Projet,Projets!G:G,0,0)*N3) -> 192.11 | P3: =_xlfn.XLOOKUP(_xlfn.XLOOKUP(E3,nom_commune,villes_clients!D:D,0,0),Seuil_population,Nuitée,0,1) * J3 -> 700 | Q3: =_xlfn.XLOOKUP( _xlfn.CONCAT(A3,"-",_xlfn.XLOOKUP(A3,Matr,Consultants!E:E) ),Dernier_contrat,Contrats!D:D,0,0) * IF(J3>0,J3,1) -> 1463 | R3: =Q3 + SUM(O3:P3) * IF(H3 = "Oui",1,0.75) -> 2132.0825 | S3: =( IF(F3="train", CO2_Train, _xlfn.XLOOKUP(I3,Immat_voitures,voitures_declarees!L:L,0,0)) * N3 ) / 1000 -> 2.3811654
A4: 4744 | B4: 6665 | C4: 46205 | D4: 46208 | E4: Laval | F4: train | G4: 134.55 | H4: Oui | J4: =NETWORKDAYS(C4,D4,Jours_Fériés) -> 2 | K4: =_xlfn.XLOOKUP($B4,Num_Projet,Projets!B:B,"Inexistant",0) -> Orion | L4: =_xlfn.XLOOKUP($B4,Num_Projet,Projets!C:C,"Inexistant",0) -> gouvernance | M4: =_xlfn.XLOOKUP($B4,Num_Projet,Projets!D:D,"Inexistant",0) -> Industries Nova Tech | N4: =_xlfn.XLOOKUP(E4,nom_commune,villes_clients!E:E)*2 -> 492.25514 | O4: =IF(F4="train",G4,_xlfn.XLOOKUP(B4,Num_Projet,Projets!G:G,0,0)*N4) -> 134.55 | P4: =_xlfn.XLOOKUP(_xlfn.XLOOKUP(E4,nom_commune,villes_clients!D:D,0,0),Seuil_population,Nuitée,0,1) * J4 -> 100 | Q4: =_xlfn.XLOOKUP( _xlfn.CONCAT(A4,"-",_xlfn.XLOOKUP(A4,Matr,Consultants!E:E) ),Dernier_contrat,Contrats!D:D,0,0) * IF(J4>0,J4,1) -> 254 | R4: =Q4 + SUM(O4:P4) * IF(H4 = "Oui",1,0.75) -> 488.55 | S4: =( IF(F4="train", CO2_Train, _xlfn.XLOOKUP(I4,Immat_voitures,voitures_declarees!L:L,0,0)) * N4 ) / 1000 -> 0.98451029
A5: 4751 | B5: 9437 | C5: 46207 | D5: 46218 | E5: Bourges | F5: train | G5: 307.37 | H5: Non | J5: =NETWORKDAYS(C5,D5,Jours_Fériés) -> 7 | K5: =_xlfn.XLOOKUP($B5,Num_Projet,Projets!B:B,"Inexistant",0) -> E30 | L5: =_xlfn.XLOOKUP($B5,Num_Projet,Projets!C:C,"Inexistant",0) -> gouvernance | M5: =_xlfn.XLOOKUP($B5,Num_Projet,Projets!D:D,"Inexistant",0) -> Cooperative Muvuca | N5: =_xlfn.XLOOKUP(E5,nom_commune,villes_clients!E:E)*2 -> 397.67091 | O5: =IF(F5="train",G5,_xlfn.XLOOKUP(B5,Num_Projet,Projets!G:G,0,0)*N5) -> 307.37 | P5: =_xlfn.XLOOKUP(_xlfn.XLOOKUP(E5,nom_commune,villes_clients!D:D,0,0),Seuil_population,Nuitée,0,1) * J5 -> 350 | Q5: =_xlfn.XLOOKUP( _xlfn.CONCAT(A5,"-",_xlfn.XLOOKUP(A5,Matr,Consultants!E:E) ),Dernier_contrat,Contrats!D:D,0,0) * IF(J5>0,J5,1) -> 1022 | R5: =Q5 + SUM(O5:P5) * IF(H5 = "Oui",1,0.75) -> 1515.0275 | S5: =( IF(F5="train", CO2_Train, _xlfn.XLOOKUP(I5,Immat_voitures,voitures_declarees!L:L,0,0)) * N5 ) / 1000 -> 0.79534182
A6: 4733 | B6: 9437 | C6: 46208 | D6: 46208 | E6: Boulogne-Billancourt | F6: voiture | H6: Oui | I6: 588-AHF-83 | J6: =NETWORKDAYS(C6,D6,Jours_Fériés) -> 0 | K6: =_xlfn.XLOOKUP($B6,Num_Projet,Projets!B:B,"Inexistant",0) -> E30 | L6: =_xlfn.XLOOKUP($B6,Num_Projet,Projets!C:C,"Inexistant",0) -> gouvernance | M6: =_xlfn.XLOOKUP($B6,Num_Projet,Projets!D:D,"Inexistant",0) -> Cooperative Muvuca | N6: =_xlfn.XLOOKUP(E6,nom_commune,villes_clients!E:E)*2 -> 15.392821 | O6: =IF(F6="train",G6,_xlfn.XLOOKUP(B6,Num_Projet,Projets!G:G,0,0)*N6) -> 106.67225 | P6: =_xlfn.XLOOKUP(_xlfn.XLOOKUP(E6,nom_commune,villes_clients!D:D,0,0),Seuil_population,Nuitée,0,1) * J6 -> 0 | Q6: =_xlfn.XLOOKUP( _xlfn.CONCAT(A6,"-",_xlfn.XLOOKUP(A6,Matr,Consultants!E:E) ),Dernier_contrat,Contrats!D:D,0,0) * IF(J6>0,J6,1) -> 194 | R6: =Q6 + SUM(O6:P6) * IF(H6 = "Oui",1,0.75) -> 300.67225 | S6: =( IF(F6="train", CO2_Train, _xlfn.XLOOKUP(I6,Immat_voitures,voitures_declarees!L:L,0,0)) * N6 ) / 1000 -> 1.6932103
A7: 8988 | B7: 4125 | C7: 46208 | D7: 46213 | E7: Fontenay-sous-Bois | F7: voiture | H7: Oui | I7: 575-EXN-41 | J7: =NETWORKDAYS(C7,D7,Jours_Fériés) -> 5 | K7: =_xlfn.XLOOKUP($B7,Num_Projet,Projets!B:B,"Inexistant",0) -> ADV | L7: =_xlfn.XLOOKUP($B7,Num_Projet,Projets!C:C,"Inexistant",0) -> gouvernance | M7: =_xlfn.XLOOKUP($B7,Num_Projet,Projets!D:D,"Inexistant",0) -> Industries Nova Tech | N7: =_xlfn.XLOOKUP(E7,nom_commune,villes_clients!E:E)*2 -> 20.3654 | O7: =IF(F7="train",G7,_xlfn.XLOOKUP(B7,Num_Projet,Projets!G:G,0,0)*N7) -> 164.34878 | P7: =_xlfn.XLOOKUP(_xlfn.XLOOKUP(E7,nom_commune,villes_clients!D:D,0,0),Seuil_population,Nuitée,0,1) * J7 -> 250 | Q7: =_xlfn.XLOOKUP( _xlfn.CONCAT(A7,"-",_xlfn.XLOOKUP(A7,Matr,Consultants!E:E) ),Dernier_contrat,Contrats!D:D,0,0) * IF(J7>0,J7,1) -> 990 | R7: =Q7 + SUM(O7:P7) * IF(H7 = "Oui",1,0.75) -> 1404.3488 | S7: =( IF(F7="train", CO2_Train, _xlfn.XLOOKUP(I7,Immat_voitures,voitures_declarees!L:L,0,0)) * N7 ) / 1000 -> 4.07308
A8: 4359 | B8: 6665 | C8: 46209 | D8: 46224 | E8: Boulogne-Billancourt | F8: voiture | H8: Non | I8: TZ-811-YW | J8: =NETWORKDAYS(C8,D8,Jours_Fériés) -> 11 | K8: =_xlfn.XLOOKUP($B8,Num_Projet,Projets!B:B,"Inexistant",0) -> Orion | L8: =_xlfn.XLOOKUP($B8,Num_Projet,Projets!C:C,"Inexistant",0) -> gouvernance | M8: =_xlfn.XLOOKUP($B8,Num_Projet,Projets!D:D,"Inexistant",0) -> Industries Nova Tech | N8: =_xlfn.XLOOKUP(E8,nom_commune,villes_clients!E:E)*2 -> 15.392821 | O8: =IF(F8="train",G8,_xlfn.XLOOKUP(B8,Num_Projet,Projets!G:G,0,0)*N8) -> 183.02064 | P8: =_xlfn.XLOOKUP(_xlfn.XLOOKUP(E8,nom_commune,villes_clients!D:D,0,0),Seuil_population,Nuitée,0,1) * J8 -> 825 | Q8: =_xlfn.XLOOKUP( _xlfn.CONCAT(A8,"-",_xlfn.XLOOKUP(A8,Matr,Consultants!E:E) ),Dernier_contrat,Contrats!D:D,0,0) * IF(J8>0,J8,1) -> 1122 | R8: =Q8 + SUM(O8:P8) * IF(H8 = "Oui",1,0.75) -> 1878.0155 | S8: =( IF(F8="train", CO2_Train, _xlfn.XLOOKUP(I8,Immat_voitures,voitures_declarees!L:L,0,0)) * N8 ) / 1000 -> 3.2940636
A9: 4733 | B9: 9437 | C9: 46212 | D9: 46226 | E9: Poitiers | F9: train | G9: 257.33 | H9: Oui | J9: =NETWORKDAYS(C9,D9,Jours_Fériés) -> 10 | K9: =_xlfn.XLOOKUP($B9,Num_Projet,Projets!B:B,"Inexistant",0) -> E30 | L9: =_xlfn.XLOOKUP($B9,Num_Projet,Projets!C:C,"Inexistant",0) -> gouvernance | M9: =_xlfn.XLOOKUP($B9,Num_Projet,Projets!D:D,"Inexistant",0) -> Cooperative Muvuca | N9: =_xlfn.XLOOKUP(E9,nom_commune,villes_clients!E:E)*2 -> 587.06205 | O9: =IF(F9="train",G9,_xlfn.XLOOKUP(B9,Num_Projet,Projets!G:G,0,0)*N9) -> 257.33 | P9: =_xlfn.XLOOKUP(_xlfn.XLOOKUP(E9,nom_commune,villes_clients!D:D,0,0),Seuil_population,Nuitée,0,1) * J9 -> 750 | Q9: =_xlfn.XLOOKUP( _xlfn.CONCAT(A9,"-",_xlfn.XLOOKUP(A9,Matr,Consultants!E:E) ),Dernier_contrat,Contrats!D:D,0,0) * IF(J9>0,J9,1) -> 1940 | R9: =Q9 + SUM(O9:P9) * IF(H9 = "Oui",1,0.75) -> 2947.33 | S9: =( IF(F9="train", CO2_Train, _xlfn.XLOOKUP(I9,Immat_voitures,voitures_declarees!L:L,0,0)) * N9 ) / 1000 -> 1.1741241
A10: 5211 | B10: 2764 | C10: 46214 | D10: 46225 | E10: Strasbourg | F10: train | G10: 87.68 | H10: Oui | J10: =NETWORKDAYS(C10,D10,Jours_Fériés) -> 7 | K10: =_xlfn.XLOOKUP($B10,Num_Projet,Projets!B:B,"Inexistant",0) -> MARCO | L10: =_xlfn.XLOOKUP($B10,Num_Projet,Projets!C:C,"Inexistant",0) -> transformation digital | M10: =_xlfn.XLOOKUP($B10,Num_Projet,Projets!D:D,"Inexistant",0) -> Banque Invest | N10: =_xlfn.XLOOKUP(E10,nom_commune,villes_clients!E:E)*2 -> 801.77006 | O10: =IF(F10="train",G10,_xlfn.XLOOKUP(B10,Num_Projet,Projets!G:G,0,0)*N10) -> 87.68 | P10: =_xlfn.XLOOKUP(_xlfn.XLOOKUP(E10,nom_commune,villes_clients!D:D,0,0),Seuil_population,Nuitée,0,1) * J10 -> 700 | Q10: =_xlfn.XLOOKUP( _xlfn.CONCAT(A10,"-",_xlfn.XLOOKUP(A10,Matr,Consultants!E:E) ),Dernier_contrat,Contrats!D:D,0,0) * IF(J10>0,J10,1) -> 1239 | R10: =Q10 + SUM(O10:P10) * IF(H10 = "Oui",1,0.75) -> 2026.68 | S10: =( IF(F10="train", CO2_Train, _xlfn.XLOOKUP(I10,Immat_voitures,voitures_declarees!L:L,0,0)) * N10 ) / 1000 -> 1.6035401
A11: 6423 | B11: 7371 | C11: 46217 | D11: 46225 | E11: Perpignan | F11: train | G11: 87.8 | H11: Oui | J11: =NETWORKDAYS(C11,D11,Jours_Fériés) -> 6 | K11: =_xlfn.XLOOKUP($B11,Num_Projet,Projets!B:B,"Inexistant",0) -> Infra2 | L11: =_xlfn.XLOOKUP($B11,Num_Projet,Projets!C:C,"Inexistant",0) -> cybersécurité | M11: =_xlfn.XLOOKUP($B11,Num_Projet,Projets!D:D,"Inexistant",0) -> Société AHT | N11: =_xlfn.XLOOKUP(E11,nom_commune,villes_clients!E:E)*2 -> 1373.4564 | O11: =IF(F11="train",G11,_xlfn.XLOOKUP(B11,Num_Projet,Projets!G:G,0,0)*N11) -> 87.8 | P11: =_xlfn.XLOOKUP(_xlfn.XLOOKUP(E11,nom_commune,villes_clients!D:D,0,0),Seuil_population,Nuitée,0,1) * J11 -> 450 | Q11: =_xlfn.XLOOKUP( _xlfn.CONCAT(A11,"-",_xlfn.XLOOKUP(A11,Matr,Consultants!E:E) ),Dernier_contrat,Contrats!D:D,0,0) * IF(J11>0,J11,1) -> 1254 | R11: =Q11 + SUM(O11:P11) * IF(H11 = "Oui",1,0.75) -> 1791.8 | S11: =( IF(F11="train", CO2_Train, _xlfn.XLOOKUP(I11,Immat_voitures,voitures_declarees!L:L,0,0)) * N11 ) / 1000 -> 2.7469129
A12: 8810 | B12: 6665 | C12: 46218 | D12: 46230 | E12: Montauban | F12: train | G12: 207.12 | H12: Oui | J12: =NETWORKDAYS(C12,D12,Jours_Fériés) -> 9 | K12: =_xlfn.XLOOKUP($B12,Num_Projet,Projets!B:B,"Inexistant",0) -> Orion | L12: =_xlfn.XLOOKUP($B12,Num_Projet,Projets!C:C,"Inexistant",0) -> gouvernance | M12: =_xlfn.XLOOKUP($B12,Num_Projet,Projets!D:D,"Inexistant",0) -> Industries Nova Tech | N12: =_xlfn.XLOOKUP(E12,nom_commune,villes_clients!E:E)*2 -> 1086.4076 | O12: =IF(F12="train",G12,_xlfn.XLOOKUP(B12,Num_Projet,Projets!G:G,0,0)*N12) -> 207.12 | P12: =_xlfn.XLOOKUP(_xlfn.XLOOKUP(E12,nom_commune,villes_clients!D:D,0,0),Seuil_population,Nuitée,0,1) * J12 -> 450 | Q12: =_xlfn.XLOOKUP( _xlfn.CONCAT(A12,"-",_xlfn.XLOOKUP(A12,Matr,Consultants!E:E) ),Dernier_contrat,Contrats!D:D,0,0) * IF(J12>0,J12,1) -> 1683 | R12: =Q12 + SUM(O12:P12) * IF(H12 = "Oui",1,0.75) -> 2340.12 | S12: =( IF(F12="train", CO2_Train, _xlfn.XLOOKUP(I12,Immat_voitures,voitures_declarees!L:L,0,0)) * N12 ) / 1000 -> 2.1728151
A13: 7063 | B13: 4687 | C13: 46219 | D13: 46227 | E13: Nice | F13: train | G13: 96.37 | H13: Non | J13: =NETWORKDAYS(C13,D13,Jours_Fériés) -> 7 | K13: =_xlfn.XLOOKUP($B13,Num_Projet,Projets!B:B,"Inexistant",0) -> Mirage | L13: =_xlfn.XLOOKUP($B13,Num_Projet,Projets!C:C,"Inexistant",0) -> cybersécurité | M13: =_xlfn.XLOOKUP($B13,Num_Projet,Projets!D:D,"Inexistant",0) -> Banque Invest | N13: =_xlfn.XLOOKUP(E13,nom_commune,villes_clients!E:E)*2 -> 1371.1717 | O13: =IF(F13="train",G13,_xlfn.XLOOKUP(B13,Num_Projet,Projets!G:G,0,0)*N13) -> 96.37 | P13: =_xlfn.XLOOKUP(_xlfn.XLOOKUP(E13,nom_commune,villes_clients!D:D,0,0),Seuil_population,Nuitée,0,1) * J13 -> 1050 | Q13: =_xlfn.XLOOKUP( _xlfn.CONCAT(A13,"-",_xlfn.XLOOKUP(A13,Matr,Consultants!E:E) ),Dernier_contrat,Contrats!D:D,0,0) * IF(J13>0,J13,1) -> 994 | R13: =Q13 + SUM(O13:P13) * IF(H13 = "Oui",1,0.75) -> 1853.7775 | S13: =( IF(F13="train", CO2_Train, _xlfn.XLOOKUP(I13,Immat_voitures,voitures_declarees!L:L,0,0)) * N13 ) / 1000 -> 2.7423435
A14: 3542 | B14: 3987 | C14: 46220 | D14: 46234 | E14: Rennes | F14: voiture | H14: Non | I14: QF-109-TX | J14: =NETWORKDAYS(C14,D14,Jours_Fériés) -> 11 | K14: =_xlfn.XLOOKUP($B14,Num_Projet,Projets!B:B,"Inexistant",0) -> Gamma | L14: =_xlfn.XLOOKUP($B14,Num_Projet,Projets!C:C,"Inexistant",0) -> gouvernance | M14: =_xlfn.XLOOKUP($B14,Num_Projet,Projets!D:D,"Inexistant",0) -> Cooperative Muvuca | N14: =_xlfn.XLOOKUP(E14,nom_commune,villes_clients!E:E)*2 -> 616.9704 | O14: =IF(F14="train",G14,_xlfn.XLOOKUP(B14,Num_Projet,Projets!G:G,0,0)*N14) -> 6064.8191 | P14: =_xlfn.XLOOKUP(_xlfn.XLOOKUP(E14,nom_commune,villes_clients!D:D,0,0),Seuil_population,Nuitée,0,1) * J14 -> 1100 | Q14: =_xlfn.XLOOKUP( _xlfn.CONCAT(A14,"-",_xlfn.XLOOKUP(A14,Matr,Consultants!E:E) ),Dernier_contrat,Contrats!D:D,0,0) * IF(J14>0,J14,1) -> 1617 | R14: =Q14 + SUM(O14:P14) * IF(H14 = "Oui",1,0.75) -> 6990.6143 | S14: =( IF(F14="train", CO2_Train, _xlfn.XLOOKUP(I14,Immat_voitures,voitures_declarees!L:L,0,0)) * N14 ) / 1000 -> 95.630412
A15: 3137 | B15: 3987 | C15: 46222 | D15: 46236 | E15: Caen | F15: train | G15: 83.7 | H15: Oui | J15: =NETWORKDAYS(C15,D15,Jours_Fériés) -> 10 | K15: =_xlfn.XLOOKUP($B15,Num_Projet,Projets!B:B,"Inexistant",0) -> Gamma | L15: =_xlfn.XLOOKUP($B15,Num_Projet,Projets!C:C,"Inexistant",0) -> gouvernance | M15: =_xlfn.XLOOKUP($B15,Num_Projet,Projets!D:D,"Inexistant",0) -> Cooperative Muvuca | N15: =_xlfn.XLOOKUP(E15,nom_commune,villes_clients!E:E)*2 -> 402.24192 | O15: =IF(F15="train",G15,_xlfn.XLOOKUP(B15,Num_Projet,Projets!G:G,0,0)*N15) -> 83.7 | P15: =_xlfn.XLOOKUP(_xlfn.XLOOKUP(E15,nom_commune,villes_clients!D:D,0,0),Seuil_population,Nuitée,0,1) * J15 -> 750 | Q15: =_xlfn.XLOOKUP( _xlfn.CONCAT(A15,"-",_xlfn.XLOOKUP(A15,Matr,Consultants!E:E) ),Dernier_contrat,Contrats!D:D,0,0) * IF(J15>0,J15,1) -> 1960 | R15: =Q15 + SUM(O15:P15) * IF(H15 = "Oui",1,0.75) -> 2793.7 | S15: =( IF(F15="train", CO2_Train, _xlfn.XLOOKUP(I15,Immat_voitures,voitures_declarees!L:L,0,0)) * N15 ) / 1000 -> 0.80448384
A16: 7954 | B16: 8140 | C16: 46222 | D16: 46226 | E16: Montreuil | F16: voiture | H16: Non | I16: 575-EXN-41 | J16: =NETWORKDAYS(C16,D16,Jours_Fériés) -> 4 | K16: =_xlfn.XLOOKUP($B16,Num_Projet,Projets!B:B,"Inexistant",0) -> Beta | L16: =_xlfn.XLOOKUP($B16,Num_Projet,Projets!C:C,"Inexistant",0) -> systèmes d'information | M16: =_xlfn.XLOOKUP($B16,Num_Projet,Projets!D:D,"Inexistant",0) -> Société AHT | N16: =_xlfn.XLOOKUP(E16,nom_commune,villes_clients!E:E)*2 -> 16.416835 | O16: =IF(F16="train",G16,_xlfn.XLOOKUP(B16,Num_Projet,Projets!G:G,0,0)*N16) -> 129.03632 | P16: =_xlfn.XLOOKUP(_xlfn.XLOOKUP(E16,nom_commune,villes_clients!D:D,0,0),Seuil_population,Nuitée,0,1) * J16 -> 300 | Q16: =_xlfn.XLOOKUP( _xlfn.CONCAT(A16,"-",_xlfn.XLOOKUP(A16,Matr,Consultants!E:E) ),Dernier_contrat,Contrats!D:D,0,0) * IF(J16>0,J16,1) -> 460 | R16: =Q16 + SUM(O16:P16) * IF(H16 = "Oui",1,0.75) -> 781.77724 | S16: =( IF(F16="train", CO2_Train, _xlfn.XLOOKUP(I16,Immat_voitures,voitures_declarees!L:L,0,0)) * N16 ) / 1000 -> 3.283367
A17: 3772 | B17: 2764 | C17: 46222 | D17: 46237 | E17: Amiens | F17: voiture | H17: Non | I17: 881-PXG-62 | J17: =NETWORKDAYS(C17,D17,Jours_Fériés) -> 11 | K17: =_xlfn.XLOOKUP($B17,Num_Projet,Projets!B:B,"Inexistant",0) -> MARCO | L17: =_xlfn.XLOOKUP($B17,Num_Projet,Projets!C:C,"Inexistant",0) -> transformation digital | M17: =_xlfn.XLOOKUP($B17,Num_Projet,Projets!D:D,"Inexistant",0) -> Banque Invest | N17: =_xlfn.XLOOKUP(E17,nom_commune,villes_clients!E:E)*2 -> 231.05603 | O17: =IF(F17="train",G17,_xlfn.XLOOKUP(B17,Num_Projet,Projets!G:G,0,0)*N17) -> 1624.3239 | P17: =_xlfn.XLOOKUP(_xlfn.XLOOKUP(E17,nom_commune,villes_clients!D:D,0,0),Seuil_population,Nuitée,0,1) * J17 -> 825 | Q17: =_xlfn.XLOOKUP( _xlfn.CONCAT(A17,"-",_xlfn.XLOOKUP(A17,Matr,Consultants!E:E) ),Dernier_contrat,Contrats!D:D,0,0) * IF(J17>0,J17,1) -> 2255 | R17: =Q17 + SUM(O17:P17) * IF(H17 = "Oui",1,0.75) -> 4091.9929 | S17: =( IF(F17="train", CO2_Train, _xlfn.XLOOKUP(I17,Immat_voitures,voitures_declarees!L:L,0,0)) * N17 ) / 1000 -> 41.35903
A18: 5607 | B18: 4641 | C18: 46223 | D18: 46226 | E18: Laval | F18: train | G18: 261.9 | H18: Non | J18: =NETWORKDAYS(C18,D18,Jours_Fériés) -> 4 | K18: =_xlfn.XLOOKUP($B18,Num_Projet,Projets!B:B,"Inexistant",0) -> Arche | L18: =_xlfn.XLOOKUP($B18,Num_Projet,Projets!C:C,"Inexistant",0) -> systèmes d'information | M18: =_xlfn.XLOOKUP($B18,Num_Projet,Projets!D:D,"Inexistant",0) -> Banque Invest | N18: =_xlfn.XLOOKUP(E18,nom_commune,villes_clients!E:E)*2 -> 492.25514 | O18: =IF(F18="train",G18,_xlfn.XLOOKUP(B18,Num_Projet,Projets!G:G,0,0)*N18) -> 261.9 | P18: =_xlfn.XLOOKUP(_xlfn.XLOOKUP(E18,nom_commune,villes_clients!D:D,0,0),Seuil_population,Nuitée,0,1) * J18 -> 200 | Q18: =_xlfn.XLOOKUP( _xlfn.CONCAT(A18,"-",_xlfn.XLOOKUP(A18,Matr,Consultants!E:E) ),Dernier_contrat,Contrats!D:D,0,0) * IF(J18>0,J18,1) -> 416 | R18: =Q18 + SUM(O18:P18) * IF(H18 = "Oui",1,0.75) -> 762.425 | S18: =( IF(F18="train", CO2_Train, _xlfn.XLOOKUP(I18,Immat_voitures,voitures_declarees!L:L,0,0)) * N18 ) / 1000 -> 0.98451029
A19: 4751 | B19: 9018 | C19: 46224 | D19: 46232 | E19: Le Havre | F19: train | G19: 330.93 | H19: Non | J19: =NETWORKDAYS(C19,D19,Jours_Fériés) -> 7 | K19: =_xlfn.XLOOKUP($B19,Num_Projet,Projets!B:B,"Inexistant",0) -> Onix | L19: =_xlfn.XLOOKUP($B19,Num_Projet,Projets!C:C,"Inexistant",0) -> systèmes d'information | M19: =_xlfn.XLOOKUP($B19,Num_Projet,Projets!D:D,"Inexistant",0) -> Société AHT | N19: =_xlfn.XLOOKUP(E19,nom_commune,villes_clients!E:E)*2 -> 350.04851 | O19: =IF(F19="train",G19,_xlfn.XLOOKUP(B19,Num_Projet,Projets!G:G,0,0)*N19) -> 330.93 | P19: =_xlfn.XLOOKUP(_xlfn.XLOOKUP(E19,nom_commune,villes_clients!D:D,0,0),Seuil_population,Nuitée,0,1) * J19 -> 700 | Q19: =_xlfn.XLOOKUP( _xlfn.CONCAT(A19,"-",_xlfn.XLOOKUP(A19,Matr,Consultants!E:E) ),Dernier_contrat,Contrats!D:D,0,0) * IF(J19>0,J19,1) -> 1022 | R19: =Q19 + SUM(O19:P19) * IF(H19 = "Oui",1,0.75) -> 1795.1975 | S19: =( IF(F19="train", CO2_Train, _xlfn.XLOOKUP(I19,Immat_voitures,voitures_declarees!L:L,0,0)) * N19 ) / 1000 -> 0.70009703
A20: 4641 | B20: 7371 | C20: 46224 | D20: 46236 | E20: Angers | F20: train | G20: 127.34 | H20: Non | J20: =NETWORKDAYS(C20,D20,Jours_Fériés) -> 9 | K20: =_xlfn.XLOOKUP($B20,Num_Projet,Projets!B:B,"Inexistant",0) -> Infra2 | L20: =_xlfn.XLOOKUP($B20,Num_Projet,Projets!C:C,"Inexistant",0) -> cybersécurité | M20: =_xlfn.XLOOKUP($B20,Num_Projet,Projets!D:D,"Inexistant",0) -> Société AHT | N20: =_xlfn.XLOOKUP(E20,nom_commune,villes_clients!E:E)*2 -> 529.1982 | O20: =IF(F20="train",G20,_xlfn.XLOOKUP(B20,Num_Projet,Projets!G:G,0,0)*N20) -> 127.34 | P20: =_xlfn.XLOOKUP(_xlfn.XLOOKUP(E20,nom_commune,villes_clients!D:D,0,0),Seuil_population,Nuitée,0,1) * J20 -> 900 | Q20: =_xlfn.XLOOKUP( _xlfn.CONCAT(A20,"-",_xlfn.XLOOKUP(A20,Matr,Consultants!E:E) ),Dernier_contrat,Contrats!D:D,0,0) * IF(J20>0,J20,1) -> 1233 | R20: =Q20 + SUM(O20:P20) * IF(H20 = "Oui",1,0.75) -> 2003.505 | S20: =( IF(F20="train", CO2_Train, _xlfn.XLOOKUP(I20,Immat_voitures,voitures_declarees!L:L,0,0)) * N20 ) / 1000 -> 1.0583964
A21: 3582 | B21: 7717 | C21: 46225 | D21: 46228 | E21: Issy-les-Moulineaux | F21: voiture | H21: Oui | I21: 575-EXN-41 | J21: =NETWORKDAYS(C21,D21,Jours_Fériés) -> 3 | K21: =_xlfn.XLOOKUP($B21,Num_Projet,Projets!B:B,"Inexistant",0) -> Alpha | L21: =_xlfn.XLOOKUP($B21,Num_Projet,Projets!C:C,"Inexistant",0) -> gouvernance | M21: =_xlfn.XLOOKUP($B21,Num_Projet,Projets!D:D,"Inexistant",0) -> Industries Nova Tech | N21: =_xlfn.XLOOKUP(E21,nom_commune,villes_clients!E:E)*2 -> 13.672243 | O21: =IF(F21="train",G21,_xlfn.XLOOKUP(B21,Num_Projet,Projets!G:G,0,0)*N21) -> 115.12029 | P21: =_xlfn.XLOOKUP(_xlfn.XLOOKUP(E21,nom_commune,villes_clients!D:D,0,0),Seuil_population,Nuitée,0,1) * J21 -> 150 | Q21: =_xlfn.XLOOKUP( _xlfn.CONCAT(A21,"-",_xlfn.XLOOKUP(A21,Matr,Consultants!E:E) ),Dernier_contrat,Contrats!D:D,0,0) * IF(J21>0,J21,1) -> 252 | R21: =Q21 + SUM(O21:P21) * IF(H21 = "Oui",1,0.75) -> 517.12029 | S21: =( IF(F21="train", CO2_Train, _xlfn.XLOOKUP(I21,Immat_voitures,voitures_declarees!L:L,0,0)) * N21 ) / 1000 -> 2.7344487
A22: 1435 | B22: 4641 | C22: 46226 | D22: 46230 | E22: Roubaix | F22: voiture | H22: Oui | I22: 417-IHX-79 | J22: =NETWORKDAYS(C22,D22,Jours_Fériés) -> 3 | K22: =_xlfn.XLOOKUP($B22,Num_Projet,Projets!B:B,"Inexistant",0) -> Arche | L22: =_xlfn.XLOOKUP($B22,Num_Projet,Projets!C:C,"Inexistant",0) -> systèmes d'information | M22: =_xlfn.XLOOKUP($B22,Num_Projet,Projets!D:D,"Inexistant",0) -> Banque Invest | N22: =_xlfn.XLOOKUP(E22,nom_commune,villes_clients!E:E)*2 -> 423.94716 | O22: =IF(F22="train",G22,_xlfn.XLOOKUP(B22,Num_Projet,Projets!G:G,0,0)*N22) -> 4866.9134 | P22: =_xlfn.XLOOKUP(_xlfn.XLOOKUP(E22,nom_commune,villes_clients!D:D,0,0),Seuil_population,Nuitée,0,1) * J22 -> 225 | Q22: =_xlfn.XLOOKUP( _xlfn.CONCAT(A22,"-",_xlfn.XLOOKUP(A22,Matr,Consultants!E:E) ),Dernier_contrat,Contrats!D:D,0,0) * IF(J22>0,J22,1) -> 321 | R22: =Q22 + SUM(O22:P22) * IF(H22 = "Oui",1,0.75) -> 5412.9134 | S22: =( IF(F22="train", CO2_Train, _xlfn.XLOOKUP(I22,Immat_voitures,voitures_declarees!L:L,0,0)) * N22 ) / 1000 -> 86.909169
A23: 5959 | B23: 3987 | C23: 46229 | D23: 46235 | E23: Rueil-Malmaison | F23: voiture | H23: Oui | I23: QQ-716-IN | J23: =NETWORKDAYS(C23,D23,Jours_Fériés) -> 5 | K23: =_xlfn.XLOOKUP($B23,Num_Projet,Projets!B:B,"Inexistant",0) -> Gamma | L23: =_xlfn.XLOOKUP($B23,Num_Projet,Projets!C:C,"Inexistant",0) -> gouvernance | M23: =_xlfn.XLOOKUP($B23,Num_Projet,Projets!D:D,"Inexistant",0) -> Cooperative Muvuca | N23: =_xlfn.XLOOKUP(E23,nom_commune,villes_clients!E:E)*2 -> 23.369681 | O23: =IF(F23="train",G23,_xlfn.XLOOKUP(B23,Num_Projet,Projets!G:G,0,0)*N23) -> 229.72396 | P23: =_xlfn.XLOOKUP(_xlfn.XLOOKUP(E23,nom_commune,villes_clients!D:D,0,0),Seuil_population,Nuitée,0,1) * J23 -> 250 | Q23: =_xlfn.XLOOKUP( _xlfn.CONCAT(A23,"-",_xlfn.XLOOKUP(A23,Matr,Consultants!E:E) ),Dernier_contrat,Contrats!D:D,0,0) * IF(J23>0,J23,1) -> 990 | R23: =Q23 + SUM(O23:P23) * IF(H23 = "Oui",1,0.75) -> 1469.724 | S23: =( IF(F23="train", CO2_Train, _xlfn.XLOOKUP(I23,Immat_voitures,voitures_declarees!L:L,0,0)) * N23 ) / 1000 -> 3.809258
A24: 7175 | B24: 9437 | C24: 46230 | D24: 46244 | E24: Calais | F24: voiture | H24: Non | I24: 417-IHX-79 | J24: =NETWORKDAYS(C24,D24,Jours_Fériés) -> 11 | K24: =_xlfn.XLOOKUP($B24,Num_Projet,Projets!B:B,"Inexistant",0) -> E30 | L24: =_xlfn.XLOOKUP($B24,Num_Projet,Projets!C:C,"Inexistant",0) -> gouvernance | M24: =_xlfn.XLOOKUP($B24,Num_Projet,Projets!D:D,"Inexistant",0) -> Cooperative Muvuca | N24: =_xlfn.XLOOKUP(E24,nom_commune,villes_clients!E:E)*2 -> 469.07794 | O24: =IF(F24="train",G24,_xlfn.XLOOKUP(B24,Num_Projet,Projets!G:G,0,0)*N24) -> 3250.7102 | P24: =_xlfn.XLOOKUP(_xlfn.XLOOKUP(E24,nom_commune,villes_clients!D:D,0,0),Seuil_population,Nuitée,0,1) * J24 -> 825 | Q24: =_xlfn.XLOOKUP( _xlfn.CONCAT(A24,"-",_xlfn.XLOOKUP(A24,Matr,Consultants!E:E) ),Dernier_contrat,Contrats!D:D,0,0) * IF(J24>0,J24,1) -> 1452 | R24: =Q24 + SUM(O24:P24) * IF(H24 = "Oui",1,0.75) -> 4508.7826 | S24: =( IF(F24="train", CO2_Train, _xlfn.XLOOKUP(I24,Immat_voitures,voitures_declarees!L:L,0,0)) * N24 ) / 1000 -> 96.160978
A25: 8195 | B25: 8140 | C25: 46231 | D25: 46246 | E25: Amiens | F25: train | G25: 330.24 | H25: Oui | J25: =NETWORKDAYS(C25,D25,Jours_Fériés) -> 12 | K25: =_xlfn.XLOOKUP($B25,Num_Projet,Projets!B:B,"Inexistant",0) -> Beta | L25: =_xlfn.XLOOKUP($B25,Num_Projet,Projets!C:C,"Inexistant",0) -> systèmes d'information | M25: =_xlfn.XLOOKUP($B25,Num_Projet,Projets!D:D,"Inexistant",0) -> Société AHT | N25: =_xlfn.XLOOKUP(E25,nom_commune,villes_clients!E:E)*2 -> 231.05603 | O25: =IF(F25="train",G25,_xlfn.XLOOKUP(B25,Num_Projet,Projets!G:G,0,0)*N25) -> 330.24 | P25: =_xlfn.XLOOKUP(_xlfn.XLOOKUP(E25,nom_commune,villes_clients!D:D,0,0),Seuil_population,Nuitée,0,1) * J25 -> 900 | Q25: =_xlfn.XLOOKUP( _xlfn.CONCAT(A25,"-",_xlfn.XLOOKUP(A25,Matr,Consultants!E:E) ),Dernier_contrat,Contrats!D:D,0,0) * IF(J25>0,J25,1) -> 1524 | R25: =Q25 + SUM(O25:P25) * IF(H25 = "Oui",1,0.75) -> 2754.24 | S25: =( IF(F25="train", CO2_Train, _xlfn.XLOOKUP(I25,Immat_voitures,voitures_declarees!L:L,0,0)) * N25 ) / 1000 -> 0.46211206
A26: 4744 | B26: 4687 | C26: 46234 | D26: 46237 | E26: Mérignac | F26: voiture | H26: Oui | I26: 881-PXG-62 | J26: =NETWORKDAYS(C26,D26,Jours_Fériés) -> 2 | K26: =_xlfn.XLOOKUP($B26,Num_Projet,Projets!B:B,"Inexistant",0) -> Mirage | L26: =_xlfn.XLOOKUP($B26,Num_Projet,Projets!C:C,"Inexistant",0) -> cybersécurité | M26: =_xlfn.XLOOKUP($B26,Num_Projet,Projets!D:D,"Inexistant",0) -> Banque Invest | N26: =_xlfn.XLOOKUP(E26,nom_commune,villes_clients!E:E)*2 -> 1007.23 | O26: =IF(F26="train",G26,_xlfn.XLOOKUP(B26,Num_Projet,Projets!G:G,0,0)*N26) -> 8541.3107 | P26: =_xlfn.XLOOKUP(_xlfn.XLOOKUP(E26,nom_commune,villes_clients!D:D,0,0),Seuil_population,Nuitée,0,1) * J26 -> 100 | Q26: =_xlfn.XLOOKUP( _xlfn.CONCAT(A26,"-",_xlfn.XLOOKUP(A26,Matr,Consultants!E:E) ),Dernier_contrat,Contrats!D:D,0,0) * IF(J26>0,J26,1) -> 254 | R26: =Q26 + SUM(O26:P26) * IF(H26 = "Oui",1,0.75) -> 8895.3107 | S26: =( IF(F26="train", CO2_Train, _xlfn.XLOOKUP(I26,Immat_voitures,voitures_declarees!L:L,0,0)) * N26 ) / 1000 -> 180.29418
A27: 8988 | B27: 3987 | C27: 46236 | D27: 46240 | E27: Lille | F27: voiture | H27: Non | I27: 588-AHF-83 | J27: =NETWORKDAYS(C27,D27,Jours_Fériés) -> 4 | K27: =_xlfn.XLOOKUP($B27,Num_Projet,Projets!B:B,"Inexistant",0) -> Gamma | L27: =_xlfn.XLOOKUP($B27,Num_Projet,Projets!C:C,"Inexistant",0) -> gouvernance | M27: =_xlfn.XLOOKUP($B27,Num_Projet,Projets!D:D,"Inexistant",0) -> Cooperative Muvuca | N27: =_xlfn.XLOOKUP(E27,nom_commune,villes_clients!E:E)*2 -> 406.67073 | O27: =IF(F27="train",G27,_xlfn.XLOOKUP(B27,Num_Projet,Projets!G:G,0,0)*N27) -> 3997.5732 | P27: =_xlfn.XLOOKUP(_xlfn.XLOOKUP(E27,nom_commune,villes_clients!D:D,0,0),Seuil_population,Nuitée,0,1) * J27 -> 400 | Q27: =_xlfn.XLOOKUP( _xlfn.CONCAT(A27,"-",_xlfn.XLOOKUP(A27,Matr,Consultants!E:E) ),Dernier_contrat,Contrats!D:D,0,0) * IF(J27>0,J27,1) -> 792 | R27: =Q27 + SUM(O27:P27) * IF(H27 = "Oui",1,0.75) -> 4090.1799 | S27: =( IF(F27="train", CO2_Train, _xlfn.XLOOKUP(I27,Immat_voitures,voitures_declarees!L:L,0,0)) * N27 ) / 1000 -> 44.73378
A28: 3137 | B28: 9437 | C28: 46237 | D28: 46241 | E28: Antibes | F28: train | G28: 191.39 | H28: Oui | J28: =NETWORKDAYS(C28,D28,Jours_Fériés) -> 5 | K28: =_xlfn.XLOOKUP($B28,Num_Projet,Projets!B:B,"Inexistant",0) -> E30 | L28: =_xlfn.XLOOKUP($B28,Num_Projet,Projets!C:C,"Inexistant",0) -> gouvernance | M28: =_xlfn.XLOOKUP($B28,Num_Projet,Projets!D:D,"Inexistant",0) -> Cooperative Muvuca | N28: =_xlfn.XLOOKUP(E28,nom_commune,villes_clients!E:E)*2 -> 1383.9079 | O28: =IF(F28="train",G28,_xlfn.XLOOKUP(B28,Num_Projet,Projets!G:G,0,0)*N28) -> 191.39 | P28: =_xlfn.XLOOKUP(_xlfn.XLOOKUP(E28,nom_commune,villes_clients!D:D,0,0),Seuil_population,Nuitée,0,1) * J28 -> 250 | Q28: =_xlfn.XLOOKUP( _xlfn.CONCAT(A28,"-",_xlfn.XLOOKUP(A28,Matr,Consultants!E:E) ),Dernier_contrat,Contrats!D:D,0,0) * IF(J28>0,J28,1) -> 980 | R28: =Q28 + SUM(O28:P28) * IF(H28 = "Oui",1,0.75) -> 1421.39 | S28: =( IF(F28="train", CO2_Train, _xlfn.XLOOKUP(I28,Immat_voitures,voitures_declarees!L:L,0,0)) * N28 ) / 1000 -> 2.7678157
A29: 5211 | B29: 4125 | C29: 46237 | D29: 46252 | E29: Mulhouse | F29: voiture | H29: Oui | I29: 765-JSQ-81 | J29: =NETWORKDAYS(C29,D29,Jours_Fériés) -> 12 | K29: =_xlfn.XLOOKUP($B29,Num_Projet,Projets!B:B,"Inexistant",0) -> ADV | L29: =_xlfn.XLOOKUP($B29,Num_Projet,Projets!C:C,"Inexistant",0) -> gouvernance | M29: =_xlfn.XLOOKUP($B29,Num_Projet,Projets!D:D,"Inexistant",0) -> Industries Nova Tech | N29: =_xlfn.XLOOKUP(E29,nom_commune,villes_clients!E:E)*2 -> 780.40223 | O29: =IF(F29="train",G29,_xlfn.XLOOKUP(B29,Num_Projet,Projets!G:G,0,0)*N29) -> 6297.846 | P29: =_xlfn.XLOOKUP(_xlfn.XLOOKUP(E29,nom_commune,villes_clients!D:D,0,0),Seuil_population,Nuitée,0,1) * J29 -> 900 | Q29: =_xlfn.XLOOKUP( _xlfn.CONCAT(A29,"-",_xlfn.XLOOKUP(A29,Matr,Consultants!E:E) ),Dernier_contrat,Contrats!D:D,0,0) * IF(J29>0,J29,1) -> 2124 | R29: =Q29 + SUM(O29:P29) * IF(H29 = "Oui",1,0.75) -> 9321.846 | S29: =( IF(F29="train", CO2_Train, _xlfn.XLOOKUP(I29,Immat_voitures,voitures_declarees!L:L,0,0)) * N29 ) / 1000 -> 230.99906
A30: 6423 | B30: 1309 | C30: 46239 | D30: 46250 | E30: Villeneuve-d'Ascq | F30: voiture | H30: Oui | I30: 765-JSQ-81 | J30: =NETWORKDAYS(C30,D30,Jours_Fériés) -> 8 | K30: =_xlfn.XLOOKUP($B30,Num_Projet,Projets!B:B,"Inexistant",0) -> Arc25 | L30: =_xlfn.XLOOKUP($B30,Num_Projet,Projets!C:C,"Inexistant",0) -> intelligence artificielle | M30: =_xlfn.XLOOKUP($B30,Num_Projet,Projets!D:D,"Inexistant",0) -> Banque Invest | N30: =_xlfn.XLOOKUP(E30,nom_commune,villes_clients!E:E)*2 -> 410.92881 | O30: =IF(F30="train",G30,_xlfn.XLOOKUP(B30,Num_Projet,Projets!G:G,0,0)*N30) -> 3723.015 | P30: =_xlfn.XLOOKUP(_xlfn.XLOOKUP(E30,nom_commune,villes_clients!D:D,0,0),Seuil_population,Nuitée,0,1) * J30 -> 400 | Q30: =_xlfn.XLOOKUP( _xlfn.CONCAT(A30,"-",_xlfn.XLOOKUP(A30,Matr,Consultants!E:E) ),Dernier_contrat,Contrats!D:D,0,0) * IF(J30>0,J30,1) -> 1672 | R30: =Q30 + SUM(O30:P30) * IF(H30 = "Oui",1,0.75) -> 5795.015 | S30: =( IF(F30="train", CO2_Train, _xlfn.XLOOKUP(I30,Immat_voitures,voitures_declarees!L:L,0,0)) * N30 ) / 1000 -> 121.63493
A31: 3542 | B31: 9018 | C31: 46243 | D31: 46244 | E31: Noisy-le-Grand | F31: voiture | H31: Oui | I31: 417-IHX-79 | J31: =NETWORKDAYS(C31,D31,Jours_Fériés) -> 1 | K31: =_xlfn.XLOOKUP($B31,Num_Projet,Projets!B:B,"Inexistant",0) -> Onix | L31: =_xlfn.XLOOKUP($B31,Num_Projet,Projets!C:C,"Inexistant",0) -> systèmes d'information | M31: =_xlfn.XLOOKUP($B31,Num_Projet,Projets!D:D,"Inexistant",0) -> Société AHT | N31: =_xlfn.XLOOKUP(E31,nom_commune,villes_clients!E:E)*2 -> 34.000642 | O31: =IF(F31="train",G31,_xlfn.XLOOKUP(B31,Num_Projet,Projets!G:G,0,0)*N31) -> 215.56407 | P31: =_xlfn.XLOOKUP(_xlfn.XLOOKUP(E31,nom_commune,villes_clients!D:D,0,0),Seuil_population,Nuitée,0,1) * J31 -> 50 | Q31: =_xlfn.XLOOKUP( _xlfn.CONCAT(A31,"-",_xlfn.XLOOKUP(A31,Matr,Consultants!E:E) ),Dernier_contrat,Contrats!D:D,0,0) * IF(J31>0,J31,1) -> 147 | R31: =Q31 + SUM(O31:P31) * IF(H31 = "Oui",1,0.75) -> 412.56407 | S31: =( IF(F31="train", CO2_Train, _xlfn.XLOOKUP(I31,Immat_voitures,voitures_declarees!L:L,0,0)) * N31 ) / 1000 -> 6.9701317
A32: 7954 | B32: 4687 | C32: 46248 | D32: 46248 | E32: Vannes | F32: voiture | H32: Non | I32: 588-AHF-83 | J32: =NETWORKDAYS(C32,D32,Jours_Fériés) -> 1 | K32: =_xlfn.XLOOKUP($B32,Num_Projet,Projets!B:B,"Inexistant",0) -> Mirage | L32: =_xlfn.XLOOKUP($B32,Num_Projet,Projets!C:C,"Inexistant",0) -> cybersécurité | M32: =_xlfn.XLOOKUP($B32,Num_Projet,Projets!D:D,"Inexistant",0) -> Banque Invest | N32: =_xlfn.XLOOKUP(E32,nom_commune,villes_clients!E:E)*2 -> 802.07384 | O32: =IF(F32="train",G32,_xlfn.XLOOKUP(B32,Num_Projet,Projets!G:G,0,0)*N32) -> 6801.5862 | P32: =_xlfn.XLOOKUP(_xlfn.XLOOKUP(E32,nom_commune,villes_clients!D:D,0,0),Seuil_population,Nuitée,0,1) * J32 -> 50 | Q32: =_xlfn.XLOOKUP( _xlfn.CONCAT(A32,"-",_xlfn.XLOOKUP(A32,Matr,Consultants!E:E) ),Dernier_contrat,Contrats!D:D,0,0) * IF(J32>0,J32,1) -> 115 | R32: =Q32 + SUM(O32:P32) * IF(H32 = "Oui",1,0.75) -> 5253.6896 | S32: =( IF(F32="train", CO2_Train, _xlfn.XLOOKUP(I32,Immat_voitures,voitures_declarees!L:L,0,0)) * N32 ) / 1000 -> 88.228122
A33: 1435 | B33: 3987 | C33: 46248 | D33: 46263 | E33: Nancy | F33: train | G33: 97.72 | H33: Oui | J33: =NETWORKDAYS(C33,D33,Jours_Fériés) -> 11 | K33: =_xlfn.XLOOKUP($B33,Num_Projet,Projets!B:B,"Inexistant",0) -> Gamma | L33: =_xlfn.XLOOKUP($B33,Num_Projet,Projets!C:C,"Inexistant",0) -> gouvernance | M33: =_xlfn.XLOOKUP($B33,Num_Projet,Projets!D:D,"Inexistant",0) -> Cooperative Muvuca | N33: =_xlfn.XLOOKUP(E33,nom_commune,villes_clients!E:E)*2 -> 565.65079 | O33: =IF(F33="train",G33,_xlfn.XLOOKUP(B33,Num_Projet,Projets!G:G,0,0)*N33) -> 97.72 | P33: =_xlfn.XLOOKUP(_xlfn.XLOOKUP(E33,nom_commune,villes_clients!D:D,0,0),Seuil_population,Nuitée,0,1) * J33 -> 825 | Q33: =_xlfn.XLOOKUP( _xlfn.CONCAT(A33,"-",_xlfn.XLOOKUP(A33,Matr,Consultants!E:E) ),Dernier_contrat,Contrats!D:D,0,0) * IF(J33>0,J33,1) -> 1177 | R33: =Q33 + SUM(O33:P33) * IF(H33 = "Oui",1,0.75) -> 2099.72 | S33: =( IF(F33="train", CO2_Train, _xlfn.XLOOKUP(I33,Immat_voitures,voitures_declarees!L:L,0,0)) * N33 ) / 1000 -> 1.1313016
A34: 8195 | B34: 2776 | C34: 46248 | D34: 46256 | E34: Strasbourg | F34: train | G34: 179.64 | H34: Oui | J34: =NETWORKDAYS(C34,D34,Jours_Fériés) -> 6 | K34: =_xlfn.XLOOKUP($B34,Num_Projet,Projets!B:B,"Inexistant",0) -> Destroyer | L34: =_xlfn.XLOOKUP($B34,Num_Projet,Projets!C:C,"Inexistant",0) -> gouvernance | M34: =_xlfn.XLOOKUP($B34,Num_Projet,Projets!D:D,"Inexistant",0) -> Groupe Oignon | N34: =_xlfn.XLOOKUP(E34,nom_commune,villes_clients!E:E)*2 -> 801.77006 | O34: =IF(F34="train",G34,_xlfn.XLOOKUP(B34,Num_Projet,Projets!G:G,0,0)*N34) -> 179.64 | P34: =_xlfn.XLOOKUP(_xlfn.XLOOKUP(E34,nom_commune,villes_clients!D:D,0,0),Seuil_population,Nuitée,0,1) * J34 -> 600 | Q34: =_xlfn.XLOOKUP( _xlfn.CONCAT(A34,"-",_xlfn.XLOOKUP(A34,Matr,Consultants!E:E) ),Dernier_contrat,Contrats!D:D,0,0) * IF(J34>0,J34,1) -> 762 | R34: =Q34 + SUM(O34:P34) * IF(H34 = "Oui",1,0.75) -> 1541.64 | S34: =( IF(F34="train", CO2_Train, _xlfn.XLOOKUP(I34,Immat_voitures,voitures_declarees!L:L,0,0)) * N34 ) / 1000 -> 1.6035401
A35: 4733 | B35: 9437 | C35: 46249 | D35: 46255 | E35: Maisons-Alfort | F35: voiture | H35: Non | I35: 765-JSQ-81 | J35: =NETWORKDAYS(C35,D35,Jours_Fériés) -> 5 | K35: =_xlfn.XLOOKUP($B35,Num_Projet,Projets!B:B,"Inexistant",0) -> E30 | L35: =_xlfn.XLOOKUP($B35,Num_Projet,Projets!C:C,"Inexistant",0) -> gouvernance | M35: =_xlfn.XLOOKUP($B35,Num_Projet,Projets!D:D,"Inexistant",0) -> Cooperative Muvuca | N35: =_xlfn.XLOOKUP(E35,nom_commune,villes_clients!E:E)*2 -> 19.500216 | O35: =IF(F35="train",G35,_xlfn.XLOOKUP(B35,Num_Projet,Projets!G:G,0,0)*N35) -> 135.13649 | P35: =_xlfn.XLOOKUP(_xlfn.XLOOKUP(E35,nom_commune,villes_clients!D:D,0,0),Seuil_population,Nuitée,0,1) * J35 -> 250 | Q35: =_xlfn.XLOOKUP( _xlfn.CONCAT(A35,"-",_xlfn.XLOOKUP(A35,Matr,Consultants!E:E) ),Dernier_contrat,Contrats!D:D,0,0) * IF(J35>0,J35,1) -> 970 | R35: =Q35 + SUM(O35:P35) * IF(H35 = "Oui",1,0.75) -> 1258.8524 | S35: =( IF(F35="train", CO2_Train, _xlfn.XLOOKUP(I35,Immat_voitures,voitures_declarees!L:L,0,0)) * N35 ) / 1000 -> 5.7720638
A36: 4744 | B36: 3987 | C36: 46249 | D36: 46255 | E36: Levallois-Perret | F36: voiture | H36: Oui | I36: 588-AHF-83 | J36: =NETWORKDAYS(C36,D36,Jours_Fériés) -> 5 | K36: =_xlfn.XLOOKUP($B36,Num_Projet,Projets!B:B,"Inexistant",0) -> Gamma | L36: =_xlfn.XLOOKUP($B36,Num_Projet,Projets!C:C,"Inexistant",0) -> gouvernance | M36: =_xlfn.XLOOKUP($B36,Num_Projet,Projets!D:D,"Inexistant",0) -> Cooperative Muvuca | N36: =_xlfn.XLOOKUP(E36,nom_commune,villes_clients!E:E)*2 -> 10.227525 | O36: =IF(F36="train",G36,_xlfn.XLOOKUP(B36,Num_Projet,Projets!G:G,0,0)*N36) -> 100.53657 | P36: =_xlfn.XLOOKUP(_xlfn.XLOOKUP(E36,nom_commune,villes_clients!D:D,0,0),Seuil_population,Nuitée,0,1) * J36 -> 250 | Q36: =_xlfn.XLOOKUP( _xlfn.CONCAT(A36,"-",_xlfn.XLOOKUP(A36,Matr,Consultants!E:E) ),Dernier_contrat,Contrats!D:D,0,0) * IF(J36>0,J36,1) -> 635 | R36: =Q36 + SUM(O36:P36) * IF(H36 = "Oui",1,0.75) -> 985.53657 | S36: =( IF(F36="train", CO2_Train, _xlfn.XLOOKUP(I36,Immat_voitures,voitures_declarees!L:L,0,0)) * N36 ) / 1000 -> 1.1250278
A37: 7954 | B37: 3394 | C37: 46251 | D37: 46256 | E37: Marseille 1er Arrondissement | F37: voiture | H37: Non | I37: 575-EXN-41 | J37: =NETWORKDAYS(C37,D37,Jours_Fériés) -> 5 | K37: =_xlfn.XLOOKUP($B37,Num_Projet,Projets!B:B,"Inexistant",0) -> NextGen | L37: =_xlfn.XLOOKUP($B37,Num_Projet,Projets!C:C,"Inexistant",0) -> transformation digital | M37: =_xlfn.XLOOKUP($B37,Num_Projet,Projets!D:D,"Inexistant",0) -> Cooperative Muvuca | N37: =_xlfn.XLOOKUP(E37,nom_commune,villes_clients!E:E)*2 -> 1323.0721 | O37: =IF(F37="train",G37,_xlfn.XLOOKUP(B37,Num_Projet,Projets!G:G,0,0)*N37) -> 11232.882 | P37: =_xlfn.XLOOKUP(_xlfn.XLOOKUP(E37,nom_commune,villes_clients!D:D,0,0),Seuil_population,Nuitée,0,1) * J37 -> 1000 | Q37: =_xlfn.XLOOKUP( _xlfn.CONCAT(A37,"-",_xlfn.XLOOKUP(A37,Matr,Consultants!E:E) ),Dernier_contrat,Contrats!D:D,0,0) * IF(J37>0,J37,1) -> 575 | R37: =Q37 + SUM(O37:P37) * IF(H37 = "Oui",1,0.75) -> 9749.6618 | S37: =( IF(F37="train", CO2_Train, _xlfn.XLOOKUP(I37,Immat_voitures,voitures_declarees!L:L,0,0)) * N37 ) / 1000 -> 264.61443
A38: 5607 | B38: 3850 | C38: 46251 | D38: 46254 | E38: Lorient | F38: train | G38: 271.47 | H38: Oui | J38: =NETWORKDAYS(C38,D38,Jours_Fériés) -> 4 | K38: =_xlfn.XLOOKUP($B38,Num_Projet,Projets!B:B,"Inexistant",0) -> Hercules | L38: =_xlfn.XLOOKUP($B38,Num_Projet,Projets!C:C,"Inexistant",0) -> cybersécurité | M38: =_xlfn.XLOOKUP($B38,Num_Projet,Projets!D:D,"Inexistant",0) -> Société AHT | N38: =_xlfn.XLOOKUP(E38,nom_commune,villes_clients!E:E)*2 -> 882.95296 | O38: =IF(F38="train",G38,_xlfn.XLOOKUP(B38,Num_Projet,Projets!G:G,0,0)*N38) -> 271.47 | P38: =_xlfn.XLOOKUP(_xlfn.XLOOKUP(E38,nom_commune,villes_clients!D:D,0,0),Seuil_population,Nuitée,0,1) * J38 -> 200 | Q38: =_xlfn.XLOOKUP( _xlfn.CONCAT(A38,"-",_xlfn.XLOOKUP(A38,Matr,Consultants!E:E) ),Dernier_contrat,Contrats!D:D,0,0) * IF(J38>0,J38,1) -> 416 | R38: =Q38 + SUM(O38:P38) * IF(H38 = "Oui",1,0.75) -> 887.47 | S38: =( IF(F38="train", CO2_Train, _xlfn.XLOOKUP(I38,Immat_voitures,voitures_declarees!L:L,0,0)) * N38 ) / 1000 -> 1.7659059
A39: 4359 | B39: 9437 | C39: 46251 | D39: 46259 | E39: Troyes | F39: voiture | H39: Oui | I39: 006-BJC-20 | J39: =NETWORKDAYS(C39,D39,Jours_Fériés) -> 7 | K39: =_xlfn.XLOOKUP($B39,Num_Projet,Projets!B:B,"Inexistant",0) -> E30 | L39: =_xlfn.XLOOKUP($B39,Num_Projet,Projets!C:C,"Inexistant",0) -> gouvernance | M39: =_xlfn.XLOOKUP($B39,Num_Projet,Projets!D:D,"Inexistant",0) -> Cooperative Muvuca | N39: =_xlfn.XLOOKUP(E39,nom_commune,villes_clients!E:E)*2 -> 286.21534 | O39: =IF(F39="train",G39,_xlfn.XLOOKUP(B39,Num_Projet,Projets!G:G,0,0)*N39) -> 1983.4723 | P39: =_xlfn.XLOOKUP(_xlfn.XLOOKUP(E39,nom_commune,villes_clients!D:D,0,0),Seuil_population,Nuitée,0,1) * J39 -> 350 | Q39: =_xlfn.XLOOKUP( _xlfn.CONCAT(A39,"-",_xlfn.XLOOKUP(A39,Matr,Consultants!E:E) ),Dernier_contrat,Contrats!D:D,0,0) * IF(J39>0,J39,1) -> 714 | R39: =Q39 + SUM(O39:P39) * IF(H39 = "Oui",1,0.75) -> 3047.4723 | S39: =( IF(F39="train", CO2_Train, _xlfn.XLOOKUP(I39,Immat_voitures,voitures_declarees!L:L,0,0)) * N39 ) / 1000 -> 29.48018
A40: 8810 | B40: 3394 | C40: 46252 | D40: 46254 | E40: Cannes | F40: voiture | H40: Oui | I40: 417-IHX-79 | J40: =NETWORKDAYS(C40,D40,Jours_Fériés) -> 3 | K40: =_xlfn.XLOOKUP($B40,Num_Projet,Projets!B:B,"Inexistant",0) -> NextGen | L40: =_xlfn.XLOOKUP($B40,Num_Projet,Projets!C:C,"Inexistant",0) -> transformation digital | M40: =_xlfn.XLOOKUP($B40,Num_Projet,Projets!D:D,"Inexistant",0) -> Cooperative Muvuca | N40: =_xlfn.XLOOKUP(E40,nom_commune,villes_clients!E:E)*2 -> 1382.3441 | O40: =IF(F40="train",G40,_xlfn.XLOOKUP(B40,Num_Projet,Projets!G:G,0,0)*N40) -> 11736.102 | P40: =_xlfn.XLOOKUP(_xlfn.XLOOKUP(E40,nom_commune,villes_clients!D:D,0,0),Seuil_population,Nuitée,0,1) * J40 -> 150 | Q40: =_xlfn.XLOOKUP( _xlfn.CONCAT(A40,"-",_xlfn.XLOOKUP(A40,Matr,Consultants!E:E) ),Dernier_contrat,Contrats!D:D,0,0) * IF(J40>0,J40,1) -> 561 | R40: =Q40 + SUM(O40:P40) * IF(H40 = "Oui",1,0.75) -> 12447.102 | S40: =( IF(F40="train", CO2_Train, _xlfn.XLOOKUP(I40,Immat_voitures,voitures_declarees!L:L,0,0)) * N40 ) / 1000 -> 283.38055
A41: 8988 | B41: 2776 | C41: 46252 | D41: 46264 | E41: Cholet | F41: voiture | H41: Non | I41: 542-YQB-50 | J41: =NETWORKDAYS(C41,D41,Jours_Fériés) -> 9 | K41: =_xlfn.XLOOKUP($B41,Num_Projet,Projets!B:B,"Inexistant",0) -> Destroyer | L41: =_xlfn.XLOOKUP($B41,Num_Projet,Projets!C:C,"Inexistant",0) -> gouvernance | M41: =_xlfn.XLOOKUP($B41,Num_Projet,Projets!D:D,"Inexistant",0) -> Groupe Oignon | N41: =_xlfn.XLOOKUP(E41,nom_commune,villes_clients!E:E)*2 -> 627.46733 | O41: =IF(F41="train",G41,_xlfn.XLOOKUP(B41,Num_Projet,Projets!G:G,0,0)*N41) -> 6450.3642 | P41: =_xlfn.XLOOKUP(_xlfn.XLOOKUP(E41,nom_commune,villes_clients!D:D,0,0),Seuil_population,Nuitée,0,1) * J41 -> 450 | Q41: =_xlfn.XLOOKUP( _xlfn.CONCAT(A41,"-",_xlfn.XLOOKUP(A41,Matr,Consultants!E:E) ),Dernier_contrat,Contrats!D:D,0,0) * IF(J41>0,J41,1) -> 1782 | R41: =Q41 + SUM(O41:P41) * IF(H41 = "Oui",1,0.75) -> 6957.2731 | S41: =( IF(F41="train", CO2_Train, _xlfn.XLOOKUP(I41,Immat_voitures,voitures_declarees!L:L,0,0)) * N41 ) / 1000 -> 148.70976
A42: 7063 | B42: 4687 | C42: 46253 | D42: 46266 | E42: Pau | F42: train | G42: 309.88 | H42: Non | J42: =NETWORKDAYS(C42,D42,Jours_Fériés) -> 10 | K42: =_xlfn.XLOOKUP($B42,Num_Projet,Projets!B:B,"Inexistant",0) -> Mirage | L42: =_xlfn.XLOOKUP($B42,Num_Projet,Projets!C:C,"Inexistant",0) -> cybersécurité | M42: =_xlfn.XLOOKUP($B42,Num_Projet,Projets!D:D,"Inexistant",0) -> Banque Invest | N42: =_xlfn.XLOOKUP(E42,nom_commune,villes_clients!E:E)*2 -> 1300.1152 | O42: =IF(F42="train",G42,_xlfn.XLOOKUP(B42,Num_Projet,Projets!G:G,0,0)*N42) -> 309.88 | P42: =_xlfn.XLOOKUP(_xlfn.XLOOKUP(E42,nom_commune,villes_clients!D:D,0,0),Seuil_population,Nuitée,0,1) * J42 -> 750 | Q42: =_xlfn.XLOOKUP( _xlfn.CONCAT(A42,"-",_xlfn.XLOOKUP(A42,Matr,Consultants!E:E) ),Dernier_contrat,Contrats!D:D,0,0) * IF(J42>0,J42,1) -> 1420 | R42: =Q42 + SUM(O42:P42) * IF(H42 = "Oui",1,0.75) -> 2214.91 | S42: =( IF(F42="train", CO2_Train, _xlfn.XLOOKUP(I42,Immat_voitures,voitures_declarees!L:L,0,0)) * N42 ) / 1000 -> 2.6002304
A43: 3137 | B43: 9018 | C43: 46256 | D43: 46259 | E43: Boulogne-Billancourt | F43: voiture | H43: Oui | I43: 881-PXG-62 | J43: =NETWORKDAYS(C43,D43,Jours_Fériés) -> 2 | K43: =_xlfn.XLOOKUP($B43,Num_Projet,Projets!B:B,"Inexistant",0) -> Onix | L43: =_xlfn.XLOOKUP($B43,Num_Projet,Projets!C:C,"Inexistant",0) -> systèmes d'information | M43: =_xlfn.XLOOKUP($B43,Num_Projet,Projets!D:D,"Inexistant",0) -> Société AHT | N43: =_xlfn.XLOOKUP(E43,nom_commune,villes_clients!E:E)*2 -> 15.392821 | O43: =IF(F43="train",G43,_xlfn.XLOOKUP(B43,Num_Projet,Projets!G:G,0,0)*N43) -> 97.590483 | P43: =_xlfn.XLOOKUP(_xlfn.XLOOKUP(E43,nom_commune,villes_clients!D:D,0,0),Seuil_population,Nuitée,0,1) * J43 -> 150 | Q43: =_xlfn.XLOOKUP( _xlfn.CONCAT(A43,"-",_xlfn.XLOOKUP(A43,Matr,Consultants!E:E) ),Dernier_contrat,Contrats!D:D,0,0) * IF(J43>0,J43,1) -> 392 | R43: =Q43 + SUM(O43:P43) * IF(H43 = "Oui",1,0.75) -> 639.59048 | S43: =( IF(F43="train", CO2_Train, _xlfn.XLOOKUP(I43,Immat_voitures,voitures_declarees!L:L,0,0)) * N43 ) / 1000 -> 2.7553149
A44: 3582 | B44: 7717 | C44: 46256 | D44: 46263 | E44: Cannes | F44: train | G44: 227.45 | H44: Oui | J44: =NETWORKDAYS(C44,D44,Jours_Fériés) -> 5 | K44: =_xlfn.XLOOKUP($B44,Num_Projet,Projets!B:B,"Inexistant",0) -> Alpha | L44: =_xlfn.XLOOKUP($B44,Num_Projet,Projets!C:C,"Inexistant",0) -> gouvernance | M44: =_xlfn.XLOOKUP($B44,Num_Projet,Projets!D:D,"Inexistant",0) -> Industries Nova Tech | N44: =_xlfn.XLOOKUP(E44,nom_commune,villes_clients!E:E)*2 -> 1382.3441 | O44: =IF(F44="train",G44,_xlfn.XLOOKUP(B44,Num_Projet,Projets!G:G,0,0)*N44) -> 227.45 | P44: =_xlfn.XLOOKUP(_xlfn.XLOOKUP(E44,nom_commune,villes_clients!D:D,0,0),Seuil_population,Nuitée,0,1) * J44 -> 250 | Q44: =_xlfn.XLOOKUP( _xlfn.CONCAT(A44,"-",_xlfn.XLOOKUP(A44,Matr,Consultants!E:E) ),Dernier_contrat,Contrats!D:D,0,0) * IF(J44>0,J44,1) -> 420 | R44: =Q44 + SUM(O44:P44) * IF(H44 = "Oui",1,0.75) -> 897.45 | S44: =( IF(F44="train", CO2_Train, _xlfn.XLOOKUP(I44,Immat_voitures,voitures_declarees!L:L,0,0)) * N44 ) / 1000 -> 2.7646883
A45: 4744 | B45: 1309 | C45: 46256 | D45: 46264 | E45: La Rochelle | F45: voiture | H45: Non | I45: 765-JSQ-81 | J45: =NETWORKDAYS(C45,D45,Jours_Fériés) -> 5 | K45: =_xlfn.XLOOKUP($B45,Num_Projet,Projets!B:B,"Inexistant",0) -> Arc25 | L45: =_xlfn.XLOOKUP($B45,Num_Projet,Projets!C:C,"Inexistant",0) -> intelligence artificielle | M45: =_xlfn.XLOOKUP($B45,Num_Projet,Projets!D:D,"Inexistant",0) -> Banque Invest | N45: =_xlfn.XLOOKUP(E45,nom_commune,villes_clients!E:E)*2 -> 800.05371 | O45: =IF(F45="train",G45,_xlfn.XLOOKUP(B45,Num_Projet,Projets!G:G,0,0)*N45) -> 7248.4866 | P45: =_xlfn.XLOOKUP(_xlfn.XLOOKUP(E45,nom_commune,villes_clients!D:D,0,0),Seuil_population,Nuitée,0,1) * J45 -> 375 | Q45: =_xlfn.XLOOKUP( _xlfn.CONCAT(A45,"-",_xlfn.XLOOKUP(A45,Matr,Consultants!E:E) ),Dernier_contrat,Contrats!D:D,0,0) * IF(J45>0,J45,1) -> 635 | R45: =Q45 + SUM(O45:P45) * IF(H45 = "Oui",1,0.75) -> 6352.615 | S45: =( IF(F45="train", CO2_Train, _xlfn.XLOOKUP(I45,Immat_voitures,voitures_declarees!L:L,0,0)) * N45 ) / 1000 -> 236.8159
A46: 8195 | B46: 9437 | C46: 46257 | D46: 46270 | E46: Neuilly-sur-Seine | F46: voiture | H46: Oui | I46: 881-PXG-62 | J46: =NETWORKDAYS(C46,D46,Jours_Fériés) -> 10 | K46: =_xlfn.XLOOKUP($B46,Num_Projet,Projets!B:B,"Inexistant",0) -> E30 | L46: =_xlfn.XLOOKUP($B46,Num_Projet,Projets!C:C,"Inexistant",0) -> gouvernance | M46: =_xlfn.XLOOKUP($B46,Num_Projet,Projets!D:D,"Inexistant",0) -> Cooperative Muvuca | N46: =_xlfn.XLOOKUP(E46,nom_commune,villes_clients!E:E)*2 -> 11.430454 | O46: =IF(F46="train",G46,_xlfn.XLOOKUP(B46,Num_Projet,Projets!G:G,0,0)*N46) -> 79.213045 | P46: =_xlfn.XLOOKUP(_xlfn.XLOOKUP(E46,nom_commune,villes_clients!D:D,0,0),Seuil_population,Nuitée,0,1) * J46 -> 500 | Q46: =_xlfn.XLOOKUP( _xlfn.CONCAT(A46,"-",_xlfn.XLOOKUP(A46,Matr,Consultants!E:E) ),Dernier_contrat,Contrats!D:D,0,0) * IF(J46>0,J46,1) -> 1270 | R46: =Q46 + SUM(O46:P46) * IF(H46 = "Oui",1,0.75) -> 1849.213 | S46: =( IF(F46="train", CO2_Train, _xlfn.XLOOKUP(I46,Immat_voitures,voitures_declarees!L:L,0,0)) * N46 ) / 1000 -> 2.0460512
A47: 4641 | B47: 7717 | C47: 46258 | D47: 46260 | E47: Rouen | F47: voiture | H47: Non | I47: QF-109-TX | J47: =NETWORKDAYS(C47,D47,Jours_Fériés) -> 3 | K47: =_xlfn.XLOOKUP($B47,Num_Projet,Projets!B:B,"Inexistant",0) -> Alpha | L47: =_xlfn.XLOOKUP($B47,Num_Projet,Projets!C:C,"Inexistant",0) -> gouvernance | M47: =_xlfn.XLOOKUP($B47,Num_Projet,Projets!D:D,"Inexistant",0) -> Industries Nova Tech | N47: =_xlfn.XLOOKUP(E47,nom_commune,villes_clients!E:E)*2 -> 222.4714 | O47: =IF(F47="train",G47,_xlfn.XLOOKUP(B47,Num_Projet,Projets!G:G,0,0)*N47) -> 1873.2092 | P47: =_xlfn.XLOOKUP(_xlfn.XLOOKUP(E47,nom_commune,villes_clients!D:D,0,0),Seuil_population,Nuitée,0,1) * J47 -> 225 | Q47: =_xlfn.XLOOKUP( _xlfn.CONCAT(A47,"-",_xlfn.XLOOKUP(A47,Matr,Consultants!E:E) ),Dernier_contrat,Contrats!D:D,0,0) * IF(J47>0,J47,1) -> 411 | R47: =Q47 + SUM(O47:P47) * IF(H47 = "Oui",1,0.75) -> 1984.6569 | S47: =( IF(F47="train", CO2_Train, _xlfn.XLOOKUP(I47,Immat_voitures,voitures_declarees!L:L,0,0)) * N47 ) / 1000 -> 34.483067
A48: 4751 | B48: 3394 | C48: 46260 | D48: 46268 | E48: Roubaix | F48: voiture | H48: Non | I48: 006-BJC-20 | J48: =NETWORKDAYS(C48,D48,Jours_Fériés) -> 7 | K48: =_xlfn.XLOOKUP($B48,Num_Projet,Projets!B:B,"Inexistant",0) -> NextGen | L48: =_xlfn.XLOOKUP($B48,Num_Projet,Projets!C:C,"Inexistant",0) -> transformation digital | M48: =_xlfn.XLOOKUP($B48,Num_Projet,Projets!D:D,"Inexistant",0) -> Cooperative Muvuca | N48: =_xlfn.XLOOKUP(E48,nom_commune,villes_clients!E:E)*2 -> 423.94716 | O48: =IF(F48="train",G48,_xlfn.XLOOKUP(B48,Num_Projet,Projets!G:G,0,0)*N48) -> 3599.3114 | P48: =_xlfn.XLOOKUP(_xlfn.XLOOKUP(E48,nom_commune,villes_clients!D:D,0,0),Seuil_population,Nuitée,0,1) * J48 -> 525 | Q48: =_xlfn.XLOOKUP( _xlfn.CONCAT(A48,"-",_xlfn.XLOOKUP(A48,Matr,Consultants!E:E) ),Dernier_contrat,Contrats!D:D,0,0) * IF(J48>0,J48,1) -> 1022 | R48: =Q48 + SUM(O48:P48) * IF(H48 = "Oui",1,0.75) -> 4115.2336 | S48: =( IF(F48="train", CO2_Train, _xlfn.XLOOKUP(I48,Immat_voitures,voitures_declarees!L:L,0,0)) * N48 ) / 1000 -> 43.666558
A49: 5211 | B49: 3987 | C49: 46260 | D49: 46269 | E49: Chambéry | F49: train | G49: 255.84 | H49: Oui | J49: =NETWORKDAYS(C49,D49,Jours_Fériés) -> 8 | K49: =_xlfn.XLOOKUP($B49,Num_Projet,Projets!B:B,"Inexistant",0) -> Gamma | L49: =_xlfn.XLOOKUP($B49,Num_Projet,Projets!C:C,"Inexistant",0) -> gouvernance | M49: =_xlfn.XLOOKUP($B49,Num_Projet,Projets!D:D,"Inexistant",0) -> Cooperative Muvuca | N49: =_xlfn.XLOOKUP(E49,nom_commune,villes_clients!E:E)*2 -> 907.84905 | O49: =IF(F49="train",G49,_xlfn.XLOOKUP(B49,Num_Projet,Projets!G:G,0,0)*N49) -> 255.84 | P49: =_xlfn.XLOOKUP(_xlfn.XLOOKUP(E49,nom_commune,villes_clients!D:D,0,0),Seuil_population,Nuitée,0,1) * J49 -> 400 | Q49: =_xlfn.XLOOKUP( _xlfn.CONCAT(A49,"-",_xlfn.XLOOKUP(A49,Matr,Consultants!E:E) ),Dernier_contrat,Contrats!D:D,0,0) * IF(J49>0,J49,1) -> 1416 | R49: =Q49 + SUM(O49:P49) * IF(H49 = "Oui",1,0.75) -> 2071.84 | S49: =( IF(F49="train", CO2_Train, _xlfn.XLOOKUP(I49,Immat_voitures,voitures_declarees!L:L,0,0)) * N49 ) / 1000 -> 1.8156981
A50: 5959 | B50: 6665 | C50: 46263 | D50: 46278 | E50: Colmar | F50: train | G50: 291.04 | H50: Oui | J50: =NETWORKDAYS(C50,D50,Jours_Fériés) -> 10 | K50: =_xlfn.XLOOKUP($B50,Num_Projet,Projets!B:B,"Inexistant",0) -> Orion | L50: =_xlfn.XLOOKUP($B50,Num_Projet,Projets!C:C,"Inexistant",0) -> gouvernance | M50: =_xlfn.XLOOKUP($B50,Num_Projet,Projets!D:D,"Inexistant",0) -> Industries Nova Tech | N50: =_xlfn.XLOOKUP(E50,nom_commune,villes_clients!E:E)*2 -> 764.75255 | O50: =IF(F50="train",G50,_xlfn.XLOOKUP(B50,Num_Projet,Projets!G:G,0,0)*N50) -> 291.04 | P50: =_xlfn.XLOOKUP(_xlfn.XLOOKUP(E50,nom_commune,villes_clients!D:D,0,0),Seuil_population,Nuitée,0,1) * J50 -> 500 | Q50: =_xlfn.XLOOKUP( _xlfn.CONCAT(A50,"-",_xlfn.XLOOKUP(A50,Matr,Consultants!E:E) ),Dernier_contrat,Contrats!D:D,0,0) * IF(J50>0,J50,1) -> 1980 | R50: =Q50 + SUM(O50:P50) * IF(H50 = "Oui",1,0.75) -> 2771.04 | S50: =( IF(F50="train", CO2_Train, _xlfn.XLOOKUP(I50,Immat_voitures,voitures_declarees!L:L,0,0)) * N50 ) / 1000 -> 1.5295051
A51: 3772 | B51: 9018 | C51: 46263 | D51: 46275 | E51: Clermont-Ferrand | F51: train | G51: 233.55 | H51: Oui | J51: =NETWORKDAYS(C51,D51,Jours_Fériés) -> 9 | K51: =_xlfn.XLOOKUP($B51,Num_Projet,Projets!B:B,"Inexistant",0) -> Onix | L51: =_xlfn.XLOOKUP($B51,Num_Projet,Projets!C:C,"Inexistant",0) -> systèmes d'information | M51: =_xlfn.XLOOKUP($B51,Num_Projet,Projets!D:D,"Inexistant",0) -> Société AHT | N51: =_xlfn.XLOOKUP(E51,nom_commune,villes_clients!E:E)*2 -> 694.23863 | O51: =IF(F51="train",G51,_xlfn.XLOOKUP(B51,Num_Projet,Projets!G:G,0,0)*N51) -> 233.55 | P51: =_xlfn.XLOOKUP(_xlfn.XLOOKUP(E51,nom_commune,villes_clients!D:D,0,0),Seuil_population,Nuitée,0,1) * J51 -> 675 | Q51: =_xlfn.XLOOKUP( _xlfn.CONCAT(A51,"-",_xlfn.XLOOKUP(A51,Matr,Consultants!E:E) ),Dernier_contrat,Contrats!D:D,0,0) * IF(J51>0,J51,1) -> 1845 | R51: =Q51 + SUM(O51:P51) * IF(H51 = "Oui",1,0.75) -> 2753.55 | S51: =( IF(F51="train", CO2_Train, _xlfn.XLOOKUP(I51,Immat_voitures,voitures_declarees!L:L,0,0)) * N51 ) / 1000 -> 1.3884773
A52: 3542 | B52: 6665 | C52: 46264 | D52: 46266 | E52: Drancy | F52: voiture | H52: Oui | I52: QF-109-TX | J52: =NETWORKDAYS(C52,D52,Jours_Fériés) -> 2 | K52: =_xlfn.XLOOKUP($B52,Num_Projet,Projets!B:B,"Inexistant",0) -> Orion | L52: =_xlfn.XLOOKUP($B52,Num_Projet,Projets!C:C,"Inexistant",0) -> gouvernance | M52: =_xlfn.XLOOKUP($B52,Num_Projet,Projets!D:D,"Inexistant",0) -> Industries Nova Tech | N52: =_xlfn.XLOOKUP(E52,nom_commune,villes_clients!E:E)*2 -> 20.896296 | O52: =IF(F52="train",G52,_xlfn.XLOOKUP(B52,Num_Projet,Projets!G:G,0,0)*N52) -> 248.45696 | P52: =_xlfn.XLOOKUP(_xlfn.XLOOKUP(E52,nom_commune,villes_clients!D:D,0,0),Seuil_population,Nuitée,0,1) * J52 -> 100 | Q52: =_xlfn.XLOOKUP( _xlfn.CONCAT(A52,"-",_xlfn.XLOOKUP(A52,Matr,Consultants!E:E) ),Dernier_contrat,Contrats!D:D,0,0) * IF(J52>0,J52,1) -> 294 | R52: =Q52 + SUM(O52:P52) * IF(H52 = "Oui",1,0.75) -> 642.45696 | S52: =( IF(F52="train", CO2_Train, _xlfn.XLOOKUP(I52,Immat_voitures,voitures_declarees!L:L,0,0)) * N52 ) / 1000 -> 3.2389258
A53: 8810 | B53: 2776 | C53: 46266 | D53: 46267 | E53: Arles | F53: voiture | H53: Non | I53: 588-AHF-83 | J53: =NETWORKDAYS(C53,D53,Jours_Fériés) -> 2 | K53: =_xlfn.XLOOKUP($B53,Num_Projet,Projets!B:B,"Inexistant",0) -> Destroyer | L53: =_xlfn.XLOOKUP($B53,Num_Projet,Projets!C:C,"Inexistant",0) -> gouvernance | M53: =_xlfn.XLOOKUP($B53,Num_Projet,Projets!D:D,"Inexistant",0) -> Groupe Oignon | N53: =_xlfn.XLOOKUP(E53,nom_commune,villes_clients!E:E)*2 -> 1234.9148 | O53: =IF(F53="train",G53,_xlfn.XLOOKUP(B53,Num_Projet,Projets!G:G,0,0)*N53) -> 12694.924 | P53: =_xlfn.XLOOKUP(_xlfn.XLOOKUP(E53,nom_commune,villes_clients!D:D,0,0),Seuil_population,Nuitée,0,1) * J53 -> 100 | Q53: =_xlfn.XLOOKUP( _xlfn.CONCAT(A53,"-",_xlfn.XLOOKUP(A53,Matr,Consultants!E:E) ),Dernier_contrat,Contrats!D:D,0,0) * IF(J53>0,J53,1) -> 374 | R53: =Q53 + SUM(O53:P53) * IF(H53 = "Oui",1,0.75) -> 9970.1929 | S53: =( IF(F53="train", CO2_Train, _xlfn.XLOOKUP(I53,Immat_voitures,voitures_declarees!L:L,0,0)) * N53 ) / 1000 -> 135.84063
A54: 5607 | B54: 3850 | C54: 46266 | D54: 46267 | E54: Nanterre | F54: voiture | H54: Non | I54: 417-IHX-79 | J54: =NETWORKDAYS(C54,D54,Jours_Fériés) -> 2 | K54: =_xlfn.XLOOKUP($B54,Num_Projet,Projets!B:B,"Inexistant",0) -> Hercules | L54: =_xlfn.XLOOKUP($B54,Num_Projet,Projets!C:C,"Inexistant",0) -> cybersécurité | M54: =_xlfn.XLOOKUP($B54,Num_Projet,Projets!D:D,"Inexistant",0) -> Société AHT | N54: =_xlfn.XLOOKUP(E54,nom_commune,villes_clients!E:E)*2 -> 20.412163 | O54: =IF(F54="train",G54,_xlfn.XLOOKUP(B54,Num_Projet,Projets!G:G,0,0)*N54) -> 241.27177 | P54: =_xlfn.XLOOKUP(_xlfn.XLOOKUP(E54,nom_commune,villes_clients!D:D,0,0),Seuil_population,Nuitée,0,1) * J54 -> 150 | Q54: =_xlfn.XLOOKUP( _xlfn.CONCAT(A54,"-",_xlfn.XLOOKUP(A54,Matr,Consultants!E:E) ),Dernier_contrat,Contrats!D:D,0,0) * IF(J54>0,J54,1) -> 208 | R54: =Q54 + SUM(O54:P54) * IF(H54 = "Oui",1,0.75) -> 501.45382 | S54: =( IF(F54="train", CO2_Train, _xlfn.XLOOKUP(I54,Immat_voitures,voitures_declarees!L:L,0,0)) * N54 ) / 1000 -> 4.1844934
A55: 4641 | B55: 1309 | C55: 46267 | D55: 46274 | E55: Pau | F55: train | G55: 185.63 | H55: Non | J55: =NETWORKDAYS(C55,D55,Jours_Fériés) -> 6 | K55: =_xlfn.XLOOKUP($B55,Num_Projet,Projets!B:B,"Inexistant",0) -> Arc25 | L55: =_xlfn.XLOOKUP($B55,Num_Projet,Projets!C:C,"Inexistant",0) -> intelligence artificielle | M55: =_xlfn.XLOOKUP($B55,Num_Projet,Projets!D:D,"Inexistant",0) -> Banque Invest | N55: =_xlfn.XLOOKUP(E55,nom_commune,villes_clients!E:E)*2 -> 1300.1152 | O55: =IF(F55="train",G55,_xlfn.XLOOKUP(B55,Num_Projet,Projets!G:G,0,0)*N55) -> 185.63 | P55: =_xlfn.XLOOKUP(_xlfn.XLOOKUP(E55,nom_commune,villes_clients!D:D,0,0),Seuil_population,Nuitée,0,1) * J55 -> 450 | Q55: =_xlfn.XLOOKUP( _xlfn.CONCAT(A55,"-",_xlfn.XLOOKUP(A55,Matr,Consultants!E:E) ),Dernier_contrat,Contrats!D:D,0,0) * IF(J55>0,J55,1) -> 822 | R55: =Q55 + SUM(O55:P55) * IF(H55 = "Oui",1,0.75) -> 1298.7225 | S55: =( IF(F55="train", CO2_Train, _xlfn.XLOOKUP(I55,Immat_voitures,voitures_declarees!L:L,0,0)) * N55 ) / 1000 -> 2.6002304
A56: 7063 | B56: 9018 | C56: 46273 | D56: 46278 | E56: Charleville-Mézières | F56: voiture | H56: Non | I56: 765-JSQ-81 | J56: =NETWORKDAYS(C56,D56,Jours_Fériés) -> 4 | K56: =_xlfn.XLOOKUP($B56,Num_Projet,Projets!B:B,"Inexistant",0) -> Onix | L56: =_xlfn.XLOOKUP($B56,Num_Projet,Projets!C:C,"Inexistant",0) -> systèmes d'information | M56: =_xlfn.XLOOKUP($B56,Num_Projet,Projets!D:D,"Inexistant",0) -> Société AHT | N56: =_xlfn.XLOOKUP(E56,nom_commune,villes_clients!E:E)*2 -> 401.30765 | O56: =IF(F56="train",G56,_xlfn.XLOOKUP(B56,Num_Projet,Projets!G:G,0,0)*N56) -> 2544.2905 | P56: =_xlfn.XLOOKUP(_xlfn.XLOOKUP(E56,nom_commune,villes_clients!D:D,0,0),Seuil_population,Nuitée,0,1) * J56 -> 200 | Q56: =_xlfn.XLOOKUP( _xlfn.CONCAT(A56,"-",_xlfn.XLOOKUP(A56,Matr,Consultants!E:E) ),Dernier_contrat,Contrats!D:D,0,0) * IF(J56>0,J56,1) -> 568 | R56: =Q56 + SUM(O56:P56) * IF(H56 = "Oui",1,0.75) -> 2626.2179 | S56: =( IF(F56="train", CO2_Train, _xlfn.XLOOKUP(I56,Immat_voitures,voitures_declarees!L:L,0,0)) * N56 ) / 1000 -> 118.78706
A57: 7175 | B57: 7717 | C57: 46273 | D57: 46286 | E57: Belfort | F57: voiture | H57: Oui | I57: 417-IHX-79 | J57: =NETWORKDAYS(C57,D57,Jours_Fériés) -> 10 | K57: =_xlfn.XLOOKUP($B57,Num_Projet,Projets!B:B,"Inexistant",0) -> Alpha | L57: =_xlfn.XLOOKUP($B57,Num_Projet,Projets!C:C,"Inexistant",0) -> gouvernance | M57: =_xlfn.XLOOKUP($B57,Num_Projet,Projets!D:D,"Inexistant",0) -> Industries Nova Tech | N57: =_xlfn.XLOOKUP(E57,nom_commune,villes_clients!E:E)*2 -> 722.02004 | O57: =IF(F57="train",G57,_xlfn.XLOOKUP(B57,Num_Projet,Projets!G:G,0,0)*N57) -> 6079.4087 | P57: =_xlfn.XLOOKUP(_xlfn.XLOOKUP(E57,nom_commune,villes_clients!D:D,0,0),Seuil_population,Nuitée,0,1) * J57 -> 500 | Q57: =_xlfn.XLOOKUP( _xlfn.CONCAT(A57,"-",_xlfn.XLOOKUP(A57,Matr,Consultants!E:E) ),Dernier_contrat,Contrats!D:D,0,0) * IF(J57>0,J57,1) -> 1320 | R57: =Q57 + SUM(O57:P57) * IF(H57 = "Oui",1,0.75) -> 7899.4087 | S57: =( IF(F57="train", CO2_Train, _xlfn.XLOOKUP(I57,Immat_voitures,voitures_declarees!L:L,0,0)) * N57 ) / 1000 -> 148.01411
A58: 3542 | B58: 4641 | C58: 46275 | D58: 46288 | E58: Pessac | F58: train | G58: 201.05 | H58: Oui | J58: =NETWORKDAYS(C58,D58,Jours_Fériés) -> 10 | K58: =_xlfn.XLOOKUP($B58,Num_Projet,Projets!B:B,"Inexistant",0) -> Arche | L58: =_xlfn.XLOOKUP($B58,Num_Projet,Projets!C:C,"Inexistant",0) -> systèmes d'information | M58: =_xlfn.XLOOKUP($B58,Num_Projet,Projets!D:D,"Inexistant",0) -> Banque Invest | N58: =_xlfn.XLOOKUP(E58,nom_commune,villes_clients!E:E)*2 -> 1014.9856 | O58: =IF(F58="train",G58,_xlfn.XLOOKUP(B58,Num_Projet,Projets!G:G,0,0)*N58) -> 201.05 | P58: =_xlfn.XLOOKUP(_xlfn.XLOOKUP(E58,nom_commune,villes_clients!D:D,0,0),Seuil_population,Nuitée,0,1) * J58 -> 500 | Q58: =_xlfn.XLOOKUP( _xlfn.CONCAT(A58,"-",_xlfn.XLOOKUP(A58,Matr,Consultants!E:E) ),Dernier_contrat,Contrats!D:D,0,0) * IF(J58>0,J58,1) -> 1470 | R58: =Q58 + SUM(O58:P58) * IF(H58 = "Oui",1,0.75) -> 2171.05 | S58: =( IF(F58="train", CO2_Train, _xlfn.XLOOKUP(I58,Immat_voitures,voitures_declarees!L:L,0,0)) * N58 ) / 1000 -> 2.0299712
A59: 6423 | B59: 1309 | C59: 46277 | D59: 46280 | E59: Bourges | F59: train | G59: 253.59 | H59: Non | J59: =NETWORKDAYS(C59,D59,Jours_Fériés) -> 2 | K59: =_xlfn.XLOOKUP($B59,Num_Projet,Projets!B:B,"Inexistant",0) -> Arc25 | L59: =_xlfn.XLOOKUP($B59,Num_Projet,Projets!C:C,"Inexistant",0) -> intelligence artificielle | M59: =_xlfn.XLOOKUP($B59,Num_Projet,Projets!D:D,"Inexistant",0) -> Banque Invest | N59: =_xlfn.XLOOKUP(E59,nom_commune,villes_clients!E:E)*2 -> 397.67091 | O59: =IF(F59="train",G59,_xlfn.XLOOKUP(B59,Num_Projet,Projets!G:G,0,0)*N59) -> 253.59 | P59: =_xlfn.XLOOKUP(_xlfn.XLOOKUP(E59,nom_commune,villes_clients!D:D,0,0),Seuil_population,Nuitée,0,1) * J59 -> 100 | Q59: =_xlfn.XLOOKUP( _xlfn.CONCAT(A59,"-",_xlfn.XLOOKUP(A59,Matr,Consultants!E:E) ),Dernier_contrat,Contrats!D:D,0,0) * IF(J59>0,J59,1) -> 418 | R59: =Q59 + SUM(O59:P59) * IF(H59 = "Oui",1,0.75) -> 683.1925 | S59: =( IF(F59="train", CO2_Train, _xlfn.XLOOKUP(I59,Immat_voitures,voitures_declarees!L:L,0,0)) * N59 ) / 1000 -> 0.79534182
A60: 4359 | B60: 8140 | C60: 46277 | D60: 46287 | E60: Cannes | F60: voiture | H60: Non | I60: 765-JSQ-81 | J60: =NETWORKDAYS(C60,D60,Jours_Fériés) -> 7 | K60: =_xlfn.XLOOKUP($B60,Num_Projet,Projets!B:B,"Inexistant",0) -> Beta | L60: =_xlfn.XLOOKUP($B60,Num_Projet,Projets!C:C,"Inexistant",0) -> systèmes d'information | M60: =_xlfn.XLOOKUP($B60,Num_Projet,Projets!D:D,"Inexistant",0) -> Société AHT | N60: =_xlfn.XLOOKUP(E60,nom_commune,villes_clients!E:E)*2 -> 1382.3441 | O60: =IF(F60="train",G60,_xlfn.XLOOKUP(B60,Num_Projet,Projets!G:G,0,0)*N60) -> 10865.225 | P60: =_xlfn.XLOOKUP(_xlfn.XLOOKUP(E60,nom_commune,villes_clients!D:D,0,0),Seuil_population,Nuitée,0,1) * J60 -> 350 | Q60: =_xlfn.XLOOKUP( _xlfn.CONCAT(A60,"-",_xlfn.XLOOKUP(A60,Matr,Consultants!E:E) ),Dernier_contrat,Contrats!D:D,0,0) * IF(J60>0,J60,1) -> 714 | R60: =Q60 + SUM(O60:P60) * IF(H60 = "Oui",1,0.75) -> 9125.4188 | S60: =( IF(F60="train", CO2_Train, _xlfn.XLOOKUP(I60,Immat_voitures,voitures_declarees!L:L,0,0)) * N60 ) / 1000 -> 409.17387
A61: 7954 | B61: 7371 | C61: 46278 | D61: 46291 | E61: Quimper | F61: voiture | H61: Non | I61: 575-EXN-41 | J61: =NETWORKDAYS(C61,D61,Jours_Fériés) -> 10 | K61: =_xlfn.XLOOKUP($B61,Num_Projet,Projets!B:B,"Inexistant",0) -> Infra2 | L61: =_xlfn.XLOOKUP($B61,Num_Projet,Projets!C:C,"Inexistant",0) -> cybersécurité | M61: =_xlfn.XLOOKUP($B61,Num_Projet,Projets!D:D,"Inexistant",0) -> Société AHT | N61: =_xlfn.XLOOKUP(E61,nom_commune,villes_clients!E:E)*2 -> 970.26036 | O61: =IF(F61="train",G61,_xlfn.XLOOKUP(B61,Num_Projet,Projets!G:G,0,0)*N61) -> 8742.0458 | P61: =_xlfn.XLOOKUP(_xlfn.XLOOKUP(E61,nom_commune,villes_clients!D:D,0,0),Seuil_population,Nuitée,0,1) * J61 -> 500 | Q61: =_xlfn.XLOOKUP( _xlfn.CONCAT(A61,"-",_xlfn.XLOOKUP(A61,Matr,Consultants!E:E) ),Dernier_contrat,Contrats!D:D,0,0) * IF(J61>0,J61,1) -> 1150 | R61: =Q61 + SUM(O61:P61) * IF(H61 = "Oui",1,0.75) -> 8081.5343 | S61: =( IF(F61="train", CO2_Train, _xlfn.XLOOKUP(I61,Immat_voitures,voitures_declarees!L:L,0,0)) * N61 ) / 1000 -> 194.05207
A62: 4733 | B62: 4641 | C62: 46279 | D62: 46288 | E62: Nancy | F62: train | G62: 221.35 | H62: Oui | J62: =NETWORKDAYS(C62,D62,Jours_Fériés) -> 8 | K62: =_xlfn.XLOOKUP($B62,Num_Projet,Projets!B:B,"Inexistant",0) -> Arche | L62: =_xlfn.XLOOKUP($B62,Num_Projet,Projets!C:C,"Inexistant",0) -> systèmes d'information | M62: =_xlfn.XLOOKUP($B62,Num_Projet,Projets!D:D,"Inexistant",0) -> Banque Invest | N62: =_xlfn.XLOOKUP(E62,nom_commune,villes_clients!E:E)*2 -> 565.65079 | O62: =IF(F62="train",G62,_xlfn.XLOOKUP(B62,Num_Projet,Projets!G:G,0,0)*N62) -> 221.35 | P62: =_xlfn.XLOOKUP(_xlfn.XLOOKUP(E62,nom_commune,villes_clients!D:D,0,0),Seuil_population,Nuitée,0,1) * J62 -> 600 | Q62: =_xlfn.XLOOKUP( _xlfn.CONCAT(A62,"-",_xlfn.XLOOKUP(A62,Matr,Consultants!E:E) ),Dernier_contrat,Contrats!D:D,0,0) * IF(J62>0,J62,1) -> 1552 | R62: =Q62 + SUM(O62:P62) * IF(H62 = "Oui",1,0.75) -> 2373.35 | S62: =( IF(F62="train", CO2_Train, _xlfn.XLOOKUP(I62,Immat_voitures,voitures_declarees!L:L,0,0)) * N62 ) / 1000 -> 1.1313016
A63: 8195 | B63: 3987 | C63: 46282 | D63: 46296 | E63: Drancy | F63: voiture | H63: Non | I63: 588-AHF-83 | J63: =NETWORKDAYS(C63,D63,Jours_Fériés) -> 11 | K63: =_xlfn.XLOOKUP($B63,Num_Projet,Projets!B:B,"Inexistant",0) -> Gamma | L63: =_xlfn.XLOOKUP($B63,Num_Projet,Projets!C:C,"Inexistant",0) -> gouvernance | M63: =_xlfn.XLOOKUP($B63,Num_Projet,Projets!D:D,"Inexistant",0) -> Cooperative Muvuca | N63: =_xlfn.XLOOKUP(E63,nom_commune,villes_clients!E:E)*2 -> 20.896296 | O63: =IF(F63="train",G63,_xlfn.XLOOKUP(B63,Num_Projet,Projets!G:G,0,0)*N63) -> 205.41059 | P63: =_xlfn.XLOOKUP(_xlfn.XLOOKUP(E63,nom_commune,villes_clients!D:D,0,0),Seuil_population,Nuitée,0,1) * J63 -> 550 | Q63: =_xlfn.XLOOKUP( _xlfn.CONCAT(A63,"-",_xlfn.XLOOKUP(A63,Matr,Consultants!E:E) ),Dernier_contrat,Contrats!D:D,0,0) * IF(J63>0,J63,1) -> 1397 | R63: =Q63 + SUM(O63:P63) * IF(H63 = "Oui",1,0.75) -> 1963.5579 | S63: =( IF(F63="train", CO2_Train, _xlfn.XLOOKUP(I63,Immat_voitures,voitures_declarees!L:L,0,0)) * N63 ) / 1000 -> 2.2985925
A64: 3137 | B64: 1309 | C64: 46283 | D64: 46290 | E64: Bourges | F64: voiture | H64: Non | I64: 542-YQB-50 | J64: =NETWORKDAYS(C64,D64,Jours_Fériés) -> 6 | K64: =_xlfn.XLOOKUP($B64,Num_Projet,Projets!B:B,"Inexistant",0) -> Arc25 | L64: =_xlfn.XLOOKUP($B64,Num_Projet,Projets!C:C,"Inexistant",0) -> intelligence artificielle | M64: =_xlfn.XLOOKUP($B64,Num_Projet,Projets!D:D,"Inexistant",0) -> Banque Invest | N64: =_xlfn.XLOOKUP(E64,nom_commune,villes_clients!E:E)*2 -> 397.67091 | O64: =IF(F64="train",G64,_xlfn.XLOOKUP(B64,Num_Projet,Projets!G:G,0,0)*N64) -> 3602.8984 | P64: =_xlfn.XLOOKUP(_xlfn.XLOOKUP(E64,nom_commune,villes_clients!D:D,0,0),Seuil_population,Nuitée,0,1) * J64 -> 300 | Q64: =_xlfn.XLOOKUP( _xlfn.CONCAT(A64,"-",_xlfn.XLOOKUP(A64,Matr,Consultants!E:E) ),Dernier_contrat,Contrats!D:D,0,0) * IF(J64>0,J64,1) -> 1176 | R64: =Q64 + SUM(O64:P64) * IF(H64 = "Oui",1,0.75) -> 4103.1738 | S64: =( IF(F64="train", CO2_Train, _xlfn.XLOOKUP(I64,Immat_voitures,voitures_declarees!L:L,0,0)) * N64 ) / 1000 -> 94.248005
A65: 5211 | B65: 2776 | C65: 46283 | D65: 46293 | E65: La Seyne-sur-Mer | F65: train | G65: 92.34 | H65: Non | J65: =NETWORKDAYS(C65,D65,Jours_Fériés) -> 7 | K65: =_xlfn.XLOOKUP($B65,Num_Projet,Projets!B:B,"Inexistant",0) -> Destroyer | L65: =_xlfn.XLOOKUP($B65,Num_Projet,Projets!C:C,"Inexistant",0) -> gouvernance | M65: =_xlfn.XLOOKUP($B65,Num_Projet,Projets!D:D,"Inexistant",0) -> Groupe Oignon | N65: =_xlfn.XLOOKUP(E65,nom_commune,villes_clients!E:E)*2 -> 1395.3169 | O65: =IF(F65="train",G65,_xlfn.XLOOKUP(B65,Num_Projet,Projets!G:G,0,0)*N65) -> 92.34 | P65: =_xlfn.XLOOKUP(_xlfn.XLOOKUP(E65,nom_commune,villes_clients!D:D,0,0),Seuil_population,Nuitée,0,1) * J65 -> 350 | Q65: =_xlfn.XLOOKUP( _xlfn.CONCAT(A65,"-",_xlfn.XLOOKUP(A65,Matr,Consultants!E:E) ),Dernier_contrat,Contrats!D:D,0,0) * IF(J65>0,J65,1) -> 1239 | R65: =Q65 + SUM(O65:P65) * IF(H65 = "Oui",1,0.75) -> 1570.755 | S65: =( IF(F65="train", CO2_Train, _xlfn.XLOOKUP(I65,Immat_voitures,voitures_declarees!L:L,0,0)) * N65 ) / 1000 -> 2.7906338
A66: 8810 | B66: 7717 | C66: 46284 | D66: 46295 | E66: Dijon | F66: voiture | H66: Non | I66: QF-109-TX | J66: =NETWORKDAYS(C66,D66,Jours_Fériés) -> 8 | K66: =_xlfn.XLOOKUP($B66,Num_Projet,Projets!B:B,"Inexistant",0) -> Alpha | L66: =_xlfn.XLOOKUP($B66,Num_Projet,Projets!C:C,"Inexistant",0) -> gouvernance | M66: =_xlfn.XLOOKUP($B66,Num_Projet,Projets!D:D,"Inexistant",0) -> Industries Nova Tech | N66: =_xlfn.XLOOKUP(E66,nom_commune,villes_clients!E:E)*2 -> 528.37079 | O66: =IF(F66="train",G66,_xlfn.XLOOKUP(B66,Num_Projet,Projets!G:G,0,0)*N66) -> 4448.882 | P66: =_xlfn.XLOOKUP(_xlfn.XLOOKUP(E66,nom_commune,villes_clients!D:D,0,0),Seuil_population,Nuitée,0,1) * J66 -> 800 | Q66: =_xlfn.XLOOKUP( _xlfn.CONCAT(A66,"-",_xlfn.XLOOKUP(A66,Matr,Consultants!E:E) ),Dernier_contrat,Contrats!D:D,0,0) * IF(J66>0,J66,1) -> 1496 | R66: =Q66 + SUM(O66:P66) * IF(H66 = "Oui",1,0.75) -> 5432.6615 | S66: =( IF(F66="train", CO2_Train, _xlfn.XLOOKUP(I66,Immat_voitures,voitures_declarees!L:L,0,0)) * N66 ) / 1000 -> 81.897472
A67: 7063 | B67: 4641 | C67: 46285 | D67: 46298 | E67: Vénissieux | F67: voiture | H67: Oui | I67: 006-BJC-20 | J67: =NETWORKDAYS(C67,D67,Jours_Fériés) -> 10 | K67: =_xlfn.XLOOKUP($B67,Num_Projet,Projets!B:B,"Inexistant",0) -> Arche | L67: =_xlfn.XLOOKUP($B67,Num_Projet,Projets!C:C,"Inexistant",0) -> systèmes d'information | M67: =_xlfn.XLOOKUP($B67,Num_Projet,Projets!D:D,"Inexistant",0) -> Banque Invest | N67: =_xlfn.XLOOKUP(E67,nom_commune,villes_clients!E:E)*2 -> 800.90409 | O67: =IF(F67="train",G67,_xlfn.XLOOKUP(B67,Num_Projet,Projets!G:G,0,0)*N67) -> 9194.3789 | P67: =_xlfn.XLOOKUP(_xlfn.XLOOKUP(E67,nom_commune,villes_clients!D:D,0,0),Seuil_population,Nuitée,0,1) * J67 -> 500 | Q67: =_xlfn.XLOOKUP( _xlfn.CONCAT(A67,"-",_xlfn.XLOOKUP(A67,Matr,Consultants!E:E) ),Dernier_contrat,Contrats!D:D,0,0) * IF(J67>0,J67,1) -> 1420 | R67: =Q67 + SUM(O67:P67) * IF(H67 = "Oui",1,0.75) -> 11114.379 | S67: =( IF(F67="train", CO2_Train, _xlfn.XLOOKUP(I67,Immat_voitures,voitures_declarees!L:L,0,0)) * N67 ) / 1000 -> 82.493121
A68: 5607 | B68: 6665 | C68: 46286 | D68: 46289 | E68: Lorient | F68: voiture | H68: Oui | I68: QQ-716-IN | J68: =NETWORKDAYS(C68,D68,Jours_Fériés) -> 4 | K68: =_xlfn.XLOOKUP($B68,Num_Projet,Projets!B:B,"Inexistant",0) -> Orion | L68: =_xlfn.XLOOKUP($B68,Num_Projet,Projets!C:C,"Inexistant",0) -> gouvernance | M68: =_xlfn.XLOOKUP($B68,Num_Projet,Projets!D:D,"Inexistant",0) -> Industries Nova Tech | N68: =_xlfn.XLOOKUP(E68,nom_commune,villes_clients!E:E)*2 -> 882.95296 | O68: =IF(F68="train",G68,_xlfn.XLOOKUP(B68,Num_Projet,Projets!G:G,0,0)*N68) -> 10498.311 | P68: =_xlfn.XLOOKUP(_xlfn.XLOOKUP(E68,nom_commune,villes_clients!D:D,0,0),Seuil_population,Nuitée,0,1) * J68 -> 200 | Q68: =_xlfn.XLOOKUP( _xlfn.CONCAT(A68,"-",_xlfn.XLOOKUP(A68,Matr,Consultants!E:E) ),Dernier_contrat,Contrats!D:D,0,0) * IF(J68>0,J68,1) -> 416 | R68: =Q68 + SUM(O68:P68) * IF(H68 = "Oui",1,0.75) -> 11114.311 | S68: =( IF(F68="train", CO2_Train, _xlfn.XLOOKUP(I68,Immat_voitures,voitures_declarees!L:L,0,0)) * N68 ) / 1000 -> 143.92133
A69: 4641 | B69: 2764 | C69: 46287 | D69: 46293 | E69: Avignon | F69: train | G69: 219.54 | H69: Non | J69: =NETWORKDAYS(C69,D69,Jours_Fériés) -> 5 | K69: =_xlfn.XLOOKUP($B69,Num_Projet,Projets!B:B,"Inexistant",0) -> MARCO | L69: =_xlfn.XLOOKUP($B69,Num_Projet,Projets!C:C,"Inexistant",0) -> transformation digital | M69: =_xlfn.XLOOKUP($B69,Num_Projet,Projets!D:D,"Inexistant",0) -> Banque Invest | N69: =_xlfn.XLOOKUP(E69,nom_commune,villes_clients!E:E)*2 -> 1161.0252 | O69: =IF(F69="train",G69,_xlfn.XLOOKUP(B69,Num_Projet,Projets!G:G,0,0)*N69) -> 219.54 | P69: =_xlfn.XLOOKUP(_xlfn.XLOOKUP(E69,nom_commune,villes_clients!D:D,0,0),Seuil_population,Nuitée,0,1) * J69 -> 375 | Q69: =_xlfn.XLOOKUP( _xlfn.CONCAT(A69,"-",_xlfn.XLOOKUP(A69,Matr,Consultants!E:E) ),Dernier_contrat,Contrats!D:D,0,0) * IF(J69>0,J69,1) -> 685 | R69: =Q69 + SUM(O69:P69) * IF(H69 = "Oui",1,0.75) -> 1130.905 | S69: =( IF(F69="train", CO2_Train, _xlfn.XLOOKUP(I69,Immat_voitures,voitures_declarees!L:L,0,0)) * N69 ) / 1000 -> 2.3220504
A70: 3582 | B70: 7717 | C70: 46288 | D70: 46288 | E70: Toulouse | F70: voiture | H70: Oui | I70: 417-IHX-79 | J70: =NETWORKDAYS(C70,D70,Jours_Fériés) -> 1 | K70: =_xlfn.XLOOKUP($B70,Num_Projet,Projets!B:B,"Inexistant",0) -> Alpha | L70: =_xlfn.XLOOKUP($B70,Num_Projet,Projets!C:C,"Inexistant",0) -> gouvernance | M70: =_xlfn.XLOOKUP($B70,Num_Projet,Projets!D:D,"Inexistant",0) -> Industries Nova Tech | N70: =_xlfn.XLOOKUP(E70,nom_commune,villes_clients!E:E)*2 -> 1179.0129 | O70: =IF(F70="train",G70,_xlfn.XLOOKUP(B70,Num_Projet,Projets!G:G,0,0)*N70) -> 9927.289 | P70: =_xlfn.XLOOKUP(_xlfn.XLOOKUP(E70,nom_commune,villes_clients!D:D,0,0),Seuil_population,Nuitée,0,1) * J70 -> 150 | Q70: =_xlfn.XLOOKUP( _xlfn.CONCAT(A70,"-",_xlfn.XLOOKUP(A70,Matr,Consultants!E:E) ),Dernier_contrat,Contrats!D:D,0,0) * IF(J70>0,J70,1) -> 84 | R70: =Q70 + SUM(O70:P70) * IF(H70 = "Oui",1,0.75) -> 10161.289 | S70: =( IF(F70="train", CO2_Train, _xlfn.XLOOKUP(I70,Immat_voitures,voitures_declarees!L:L,0,0)) * N70 ) / 1000 -> 241.69765
A71: 3582 | B71: 4641 | C71: 46290 | D71: 46297 | E71: Colmar | F71: voiture | H71: Oui | I71: 881-PXG-62 | J71: =NETWORKDAYS(C71,D71,Jours_Fériés) -> 6 | K71: =_xlfn.XLOOKUP($B71,Num_Projet,Projets!B:B,"Inexistant",0) -> Arche | L71: =_xlfn.XLOOKUP($B71,Num_Projet,Projets!C:C,"Inexistant",0) -> systèmes d'information | M71: =_xlfn.XLOOKUP($B71,Num_Projet,Projets!D:D,"Inexistant",0) -> Banque Invest | N71: =_xlfn.XLOOKUP(E71,nom_commune,villes_clients!E:E)*2 -> 764.75255 | O71: =IF(F71="train",G71,_xlfn.XLOOKUP(B71,Num_Projet,Projets!G:G,0,0)*N71) -> 8779.3593 | P71: =_xlfn.XLOOKUP(_xlfn.XLOOKUP(E71,nom_commune,villes_clients!D:D,0,0),Seuil_population,Nuitée,0,1) * J71 -> 300 | Q71: =_xlfn.XLOOKUP( _xlfn.CONCAT(A71,"-",_xlfn.XLOOKUP(A71,Matr,Consultants!E:E) ),Dernier_contrat,Contrats!D:D,0,0) * IF(J71>0,J71,1) -> 504 | R71: =Q71 + SUM(O71:P71) * IF(H71 = "Oui",1,0.75) -> 9583.3593 | S71: =( IF(F71="train", CO2_Train, _xlfn.XLOOKUP(I71,Immat_voitures,voitures_declarees!L:L,0,0)) * N71 ) / 1000 -> 136.89071
A72: 1435 | B72: 4687 | C72: 46291 | D72: 46303 | E72: Lille | F72: train | G72: 265.79 | H72: Non | J72: =NETWORKDAYS(C72,D72,Jours_Fériés) -> 9 | K72: =_xlfn.XLOOKUP($B72,Num_Projet,Projets!B:B,"Inexistant",0) -> Mirage | L72: =_xlfn.XLOOKUP($B72,Num_Projet,Projets!C:C,"Inexistant",0) -> cybersécurité | M72: =_xlfn.XLOOKUP($B72,Num_Projet,Projets!D:D,"Inexistant",0) -> Banque Invest | N72: =_xlfn.XLOOKUP(E72,nom_commune,villes_clients!E:E)*2 -> 406.67073 | O72: =IF(F72="train",G72,_xlfn.XLOOKUP(B72,Num_Projet,Projets!G:G,0,0)*N72) -> 265.79 | P72: =_xlfn.XLOOKUP(_xlfn.XLOOKUP(E72,nom_commune,villes_clients!D:D,0,0),Seuil_population,Nuitée,0,1) * J72 -> 900 | Q72: =_xlfn.XLOOKUP( _xlfn.CONCAT(A72,"-",_xlfn.XLOOKUP(A72,Matr,Consultants!E:E) ),Dernier_contrat,Contrats!D:D,0,0) * IF(J72>0,J72,1) -> 963 | R72: =Q72 + SUM(O72:P72) * IF(H72 = "Oui",1,0.75) -> 1837.3425 | S72: =( IF(F72="train", CO2_Train, _xlfn.XLOOKUP(I72,Immat_voitures,voitures_declarees!L:L,0,0)) * N72 ) / 1000 -> 0.81334145
A73: 8988 | B73: 7371 | C73: 46292 | D73: 46306 | E73: Angers | F73: train | G73: 138.42 | H73: Non | J73: =NETWORKDAYS(C73,D73,Jours_Fériés) -> 10 | K73: =_xlfn.XLOOKUP($B73,Num_Projet,Projets!B:B,"Inexistant",0) -> Infra2 | L73: =_xlfn.XLOOKUP($B73,Num_Projet,Projets!C:C,"Inexistant",0) -> cybersécurité | M73: =_xlfn.XLOOKUP($B73,Num_Projet,Projets!D:D,"Inexistant",0) -> Société AHT | N73: =_xlfn.XLOOKUP(E73,nom_commune,villes_clients!E:E)*2 -> 529.1982 | O73: =IF(F73="train",G73,_xlfn.XLOOKUP(B73,Num_Projet,Projets!G:G,0,0)*N73) -> 138.42 | P73: =_xlfn.XLOOKUP(_xlfn.XLOOKUP(E73,nom_commune,villes_clients!D:D,0,0),Seuil_population,Nuitée,0,1) * J73 -> 1000 | Q73: =_xlfn.XLOOKUP( _xlfn.CONCAT(A73,"-",_xlfn.XLOOKUP(A73,Matr,Consultants!E:E) ),Dernier_contrat,Contrats!D:D,0,0) * IF(J73>0,J73,1) -> 1980 | R73: =Q73 + SUM(O73:P73) * IF(H73 = "Oui",1,0.75) -> 2833.815 | S73: =( IF(F73="train", CO2_Train, _xlfn.XLOOKUP(I73,Immat_voitures,voitures_declarees!L:L,0,0)) * N73 ) / 1000 -> 1.0583964
A74: 3542 | B74: 5674 | C74: 46293 | D74: 46300 | E74: Saint-Nazaire | F74: train | G74: 266.74 | H74: Oui | J74: =NETWORKDAYS(C74,D74,Jours_Fériés) -> 6 | K74: =_xlfn.XLOOKUP($B74,Num_Projet,Projets!B:B,"Inexistant",0) -> SuiviConso | L74: =_xlfn.XLOOKUP($B74,Num_Projet,Projets!C:C,"Inexistant",0) -> gouvernance | M74: =_xlfn.XLOOKUP($B74,Num_Projet,Projets!D:D,"Inexistant",0) -> Banque Invest | N74: =_xlfn.XLOOKUP(E74,nom_commune,villes_clients!E:E)*2 -> 769.14013 | O74: =IF(F74="train",G74,_xlfn.XLOOKUP(B74,Num_Projet,Projets!G:G,0,0)*N74) -> 266.74 | P74: =_xlfn.XLOOKUP(_xlfn.XLOOKUP(E74,nom_commune,villes_clients!D:D,0,0),Seuil_population,Nuitée,0,1) * J74 -> 300 | Q74: =_xlfn.XLOOKUP( _xlfn.CONCAT(A74,"-",_xlfn.XLOOKUP(A74,Matr,Consultants!E:E) ),Dernier_contrat,Contrats!D:D,0,0) * IF(J74>0,J74,1) -> 882 | R74: =Q74 + SUM(O74:P74) * IF(H74 = "Oui",1,0.75) -> 1448.74 | S74: =( IF(F74="train", CO2_Train, _xlfn.XLOOKUP(I74,Immat_voitures,voitures_declarees!L:L,0,0)) * N74 ) / 1000 -> 1.5382803
A75: 4751 | B75: 7371 | C75: 46293 | D75: 46296 | E75: Mérignac | F75: train | G75: 314.34 | H75: Non | J75: =NETWORKDAYS(C75,D75,Jours_Fériés) -> 4 | K75: =_xlfn.XLOOKUP($B75,Num_Projet,Projets!B:B,"Inexistant",0) -> Infra2 | L75: =_xlfn.XLOOKUP($B75,Num_Projet,Projets!C:C,"Inexistant",0) -> cybersécurité | M75: =_xlfn.XLOOKUP($B75,Num_Projet,Projets!D:D,"Inexistant",0) -> Société AHT | N75: =_xlfn.XLOOKUP(E75,nom_commune,villes_clients!E:E)*2 -> 1007.23 | O75: =IF(F75="train",G75,_xlfn.XLOOKUP(B75,Num_Projet,Projets!G:G,0,0)*N75) -> 314.34 | P75: =_xlfn.XLOOKUP(_xlfn.XLOOKUP(E75,nom_commune,villes_clients!D:D,0,0),Seuil_population,Nuitée,0,1) * J75 -> 200 | Q75: =_xlfn.XLOOKUP( _xlfn.CONCAT(A75,"-",_xlfn.XLOOKUP(A75,Matr,Consultants!E:E) ),Dernier_contrat,Contrats!D:D,0,0) * IF(J75>0,J75,1) -> 584 | R75: =Q75 + SUM(O75:P75) * IF(H75 = "Oui",1,0.75) -> 969.755 | S75: =( IF(F75="train", CO2_Train, _xlfn.XLOOKUP(I75,Immat_voitures,voitures_declarees!L:L,0,0)) * N75 ) / 1000 -> 2.0144601
A76: 5959 | B76: 9437 | C76: 46293 | D76: 46301 | E76: Nancy | F76: voiture | H76: Non | I76: 575-EXN-41 | J76: =NETWORKDAYS(C76,D76,Jours_Fériés) -> 7 | K76: =_xlfn.XLOOKUP($B76,Num_Projet,Projets!B:B,"Inexistant",0) -> E30 | L76: =_xlfn.XLOOKUP($B76,Num_Projet,Projets!C:C,"Inexistant",0) -> gouvernance | M76: =_xlfn.XLOOKUP($B76,Num_Projet,Projets!D:D,"Inexistant",0) -> Cooperative Muvuca | N76: =_xlfn.XLOOKUP(E76,nom_commune,villes_clients!E:E)*2 -> 565.65079 | O76: =IF(F76="train",G76,_xlfn.XLOOKUP(B76,Num_Projet,Projets!G:G,0,0)*N76) -> 3919.96 | P76: =_xlfn.XLOOKUP(_xlfn.XLOOKUP(E76,nom_commune,villes_clients!D:D,0,0),Seuil_population,Nuitée,0,1) * J76 -> 525 | Q76: =_xlfn.XLOOKUP( _xlfn.CONCAT(A76,"-",_xlfn.XLOOKUP(A76,Matr,Consultants!E:E) ),Dernier_contrat,Contrats!D:D,0,0) * IF(J76>0,J76,1) -> 1386 | R76: =Q76 + SUM(O76:P76) * IF(H76 = "Oui",1,0.75) -> 4719.72 | S76: =( IF(F76="train", CO2_Train, _xlfn.XLOOKUP(I76,Immat_voitures,voitures_declarees!L:L,0,0)) * N76 ) / 1000 -> 113.13016
A77: 4744 | B77: 8140 | C77: 46294 | D77: 46298 | E77: Cergy | F77: voiture | H77: Oui | I77: 542-YQB-50 | J77: =NETWORKDAYS(C77,D77,Jours_Fériés) -> 4 | K77: =_xlfn.XLOOKUP($B77,Num_Projet,Projets!B:B,"Inexistant",0) -> Beta | L77: =_xlfn.XLOOKUP($B77,Num_Projet,Projets!C:C,"Inexistant",0) -> systèmes d'information | M77: =_xlfn.XLOOKUP($B77,Num_Projet,Projets!D:D,"Inexistant",0) -> Société AHT | N77: =_xlfn.XLOOKUP(E77,nom_commune,villes_clients!E:E)*2 -> 57.506577 | O77: =IF(F77="train",G77,_xlfn.XLOOKUP(B77,Num_Projet,Projets!G:G,0,0)*N77) -> 452.00169 | P77: =_xlfn.XLOOKUP(_xlfn.XLOOKUP(E77,nom_commune,villes_clients!D:D,0,0),Seuil_population,Nuitée,0,1) * J77 -> 200 | Q77: =_xlfn.XLOOKUP( _xlfn.CONCAT(A77,"-",_xlfn.XLOOKUP(A77,Matr,Consultants!E:E) ),Dernier_contrat,Contrats!D:D,0,0) * IF(J77>0,J77,1) -> 508 | R77: =Q77 + SUM(O77:P77) * IF(H77 = "Oui",1,0.75) -> 1160.0017 | S77: =( IF(F77="train", CO2_Train, _xlfn.XLOOKUP(I77,Immat_voitures,voitures_declarees!L:L,0,0)) * N77 ) / 1000 -> 13.629059
A78: 7175 | B78: 4641 | C78: 46296 | D78: 46301 | E78: Le Mans | F78: voiture | H78: Non | I78: 542-YQB-50 | J78: =NETWORKDAYS(C78,D78,Jours_Fériés) -> 4 | K78: =_xlfn.XLOOKUP($B78,Num_Projet,Projets!B:B,"Inexistant",0) -> Arche | L78: =_xlfn.XLOOKUP($B78,Num_Projet,Projets!C:C,"Inexistant",0) -> systèmes d'information | M78: =_xlfn.XLOOKUP($B78,Num_Projet,Projets!D:D,"Inexistant",0) -> Banque Invest | N78: =_xlfn.XLOOKUP(E78,nom_commune,villes_clients!E:E)*2 -> 371.16328 | O78: =IF(F78="train",G78,_xlfn.XLOOKUP(B78,Num_Projet,Projets!G:G,0,0)*N78) -> 4260.9545 | P78: =_xlfn.XLOOKUP(_xlfn.XLOOKUP(E78,nom_commune,villes_clients!D:D,0,0),Seuil_population,Nuitée,0,1) * J78 -> 300 | Q78: =_xlfn.XLOOKUP( _xlfn.CONCAT(A78,"-",_xlfn.XLOOKUP(A78,Matr,Consultants!E:E) ),Dernier_contrat,Contrats!D:D,0,0) * IF(J78>0,J78,1) -> 528 | R78: =Q78 + SUM(O78:P78) * IF(H78 = "Oui",1,0.75) -> 3948.7159 | S78: =( IF(F78="train", CO2_Train, _xlfn.XLOOKUP(I78,Immat_voitures,voitures_declarees!L:L,0,0)) * N78 ) / 1000 -> 87.965698
A79: 5607 | B79: 2776 | C79: 46296 | D79: 46305 | E79: Courbevoie | F79: voiture | H79: Oui | I79: TZ-811-YW | J79: =NETWORKDAYS(C79,D79,Jours_Fériés) -> 7 | K79: =_xlfn.XLOOKUP($B79,Num_Projet,Projets!B:B,"Inexistant",0) -> Destroyer | L79: =_xlfn.XLOOKUP($B79,Num_Projet,Projets!C:C,"Inexistant",0) -> gouvernance | M79: =_xlfn.XLOOKUP($B79,Num_Projet,Projets!D:D,"Inexistant",0) -> Groupe Oignon | N79: =_xlfn.XLOOKUP(E79,nom_commune,villes_clients!E:E)*2 -> 14.255627 | O79: =IF(F79="train",G79,_xlfn.XLOOKUP(B79,Num_Projet,Projets!G:G,0,0)*N79) -> 146.54785 | P79: =_xlfn.XLOOKUP(_xlfn.XLOOKUP(E79,nom_commune,villes_clients!D:D,0,0),Seuil_population,Nuitée,0,1) * J79 -> 350 | Q79: =_xlfn.XLOOKUP( _xlfn.CONCAT(A79,"-",_xlfn.XLOOKUP(A79,Matr,Consultants!E:E) ),Dernier_contrat,Contrats!D:D,0,0) * IF(J79>0,J79,1) -> 728 | R79: =Q79 + SUM(O79:P79) * IF(H79 = "Oui",1,0.75) -> 1224.5478 | S79: =( IF(F79="train", CO2_Train, _xlfn.XLOOKUP(I79,Immat_voitures,voitures_declarees!L:L,0,0)) * N79 ) / 1000 -> 3.0507042
A80: 3772 | B80: 8140 | C80: 46297 | D80: 46310 | E80: Bordeaux | F80: voiture | H80: Non | I80: TZ-811-YW | J80: =NETWORKDAYS(C80,D80,Jours_Fériés) -> 10 | K80: =_xlfn.XLOOKUP($B80,Num_Projet,Projets!B:B,"Inexistant",0) -> Beta | L80: =_xlfn.XLOOKUP($B80,Num_Projet,Projets!C:C,"Inexistant",0) -> systèmes d'information | M80: =_xlfn.XLOOKUP($B80,Num_Projet,Projets!D:D,"Inexistant",0) -> Société AHT | N80: =_xlfn.XLOOKUP(E80,nom_commune,villes_clients!E:E)*2 -> 994.8096 | O80: =IF(F80="train",G80,_xlfn.XLOOKUP(B80,Num_Projet,Projets!G:G,0,0)*N80) -> 7819.2035 | P80: =_xlfn.XLOOKUP(_xlfn.XLOOKUP(E80,nom_commune,villes_clients!D:D,0,0),Seuil_population,Nuitée,0,1) * J80 -> 1000 | Q80: =_xlfn.XLOOKUP( _xlfn.CONCAT(A80,"-",_xlfn.XLOOKUP(A80,Matr,Consultants!E:E) ),Dernier_contrat,Contrats!D:D,0,0) * IF(J80>0,J80,1) -> 2050 | R80: =Q80 + SUM(O80:P80) * IF(H80 = "Oui",1,0.75) -> 8664.4026 | S80: =( IF(F80="train", CO2_Train, _xlfn.XLOOKUP(I80,Immat_voitures,voitures_declarees!L:L,0,0)) * N80 ) / 1000 -> 212.88925
A81: 4641 | B81: 4125 | C81: 46300 | D81: 46306 | E81: Versailles | F81: voiture | H81: Oui | I81: 542-YQB-50 | J81: =NETWORKDAYS(C81,D81,Jours_Fériés) -> 5 | K81: =_xlfn.XLOOKUP($B81,Num_Projet,Projets!B:B,"Inexistant",0) -> ADV | L81: =_xlfn.XLOOKUP($B81,Num_Projet,Projets!C:C,"Inexistant",0) -> gouvernance | M81: =_xlfn.XLOOKUP($B81,Num_Projet,Projets!D:D,"Inexistant",0) -> Industries Nova Tech | N81: =_xlfn.XLOOKUP(E81,nom_commune,villes_clients!E:E)*2 -> 34.739702 | O81: =IF(F81="train",G81,_xlfn.XLOOKUP(B81,Num_Projet,Projets!G:G,0,0)*N81) -> 280.3494 | P81: =_xlfn.XLOOKUP(_xlfn.XLOOKUP(E81,nom_commune,villes_clients!D:D,0,0),Seuil_population,Nuitée,0,1) * J81 -> 375 | Q81: =_xlfn.XLOOKUP( _xlfn.CONCAT(A81,"-",_xlfn.XLOOKUP(A81,Matr,Consultants!E:E) ),Dernier_contrat,Contrats!D:D,0,0) * IF(J81>0,J81,1) -> 685 | R81: =Q81 + SUM(O81:P81) * IF(H81 = "Oui",1,0.75) -> 1340.3494 | S81: =( IF(F81="train", CO2_Train, _xlfn.XLOOKUP(I81,Immat_voitures,voitures_declarees!L:L,0,0)) * N81 ) / 1000 -> 8.2333094
A82: 7954 | B82: 4687 | C82: 46301 | D82: 46304 | E82: Béziers | F82: train | G82: 83.17 | H82: Non | J82: =NETWORKDAYS(C82,D82,Jours_Fériés) -> 4 | K82: =_xlfn.XLOOKUP($B82,Num_Projet,Projets!B:B,"Inexistant",0) -> Mirage | L82: =_xlfn.XLOOKUP($B82,Num_Projet,Projets!C:C,"Inexistant",0) -> cybersécurité | M82: =_xlfn.XLOOKUP($B82,Num_Projet,Projets!D:D,"Inexistant",0) -> Banque Invest | N82: =_xlfn.XLOOKUP(E82,nom_commune,villes_clients!E:E)*2 -> 1233.7826 | O82: =IF(F82="train",G82,_xlfn.XLOOKUP(B82,Num_Projet,Projets!G:G,0,0)*N82) -> 83.17 | P82: =_xlfn.XLOOKUP(_xlfn.XLOOKUP(E82,nom_commune,villes_clients!D:D,0,0),Seuil_population,Nuitée,0,1) * J82 -> 200 | Q82: =_xlfn.XLOOKUP( _xlfn.CONCAT(A82,"-",_xlfn.XLOOKUP(A82,Matr,Consultants!E:E) ),Dernier_contrat,Contrats!D:D,0,0) * IF(J82>0,J82,1) -> 460 | R82: =Q82 + SUM(O82:P82) * IF(H82 = "Oui",1,0.75) -> 672.3775 | S82: =( IF(F82="train", CO2_Train, _xlfn.XLOOKUP(I82,Immat_voitures,voitures_declarees!L:L,0,0)) * N82 ) / 1000 -> 2.4675653
A83: 8810 | B83: 7717 | C83: 46302 | D83: 46307 | E83: Aubervilliers | F83: voiture | H83: Oui | I83: 542-YQB-50 | J83: =NETWORKDAYS(C83,D83,Jours_Fériés) -> 4 | K83: =_xlfn.XLOOKUP($B83,Num_Projet,Projets!B:B,"Inexistant",0) -> Alpha | L83: =_xlfn.XLOOKUP($B83,Num_Projet,Projets!C:C,"Inexistant",0) -> gouvernance | M83: =_xlfn.XLOOKUP($B83,Num_Projet,Projets!D:D,"Inexistant",0) -> Industries Nova Tech | N83: =_xlfn.XLOOKUP(E83,nom_commune,villes_clients!E:E)*2 -> 13.088746 | O83: =IF(F83="train",G83,_xlfn.XLOOKUP(B83,Num_Projet,Projets!G:G,0,0)*N83) -> 110.20724 | P83: =_xlfn.XLOOKUP(_xlfn.XLOOKUP(E83,nom_commune,villes_clients!D:D,0,0),Seuil_population,Nuitée,0,1) * J83 -> 200 | Q83: =_xlfn.XLOOKUP( _xlfn.CONCAT(A83,"-",_xlfn.XLOOKUP(A83,Matr,Consultants!E:E) ),Dernier_contrat,Contrats!D:D,0,0) * IF(J83>0,J83,1) -> 748 | R83: =Q83 + SUM(O83:P83) * IF(H83 = "Oui",1,0.75) -> 1058.2072 | S83: =( IF(F83="train", CO2_Train, _xlfn.XLOOKUP(I83,Immat_voitures,voitures_declarees!L:L,0,0)) * N83 ) / 1000 -> 3.1020329
A84: 3137 | B84: 6665 | C84: 46303 | D84: 46317 | E84: Saint-Quentin | F84: voiture | H84: Non | I84: 588-AHF-83 | J84: =NETWORKDAYS(C84,D84,Jours_Fériés) -> 11 | K84: =_xlfn.XLOOKUP($B84,Num_Projet,Projets!B:B,"Inexistant",0) -> Orion | L84: =_xlfn.XLOOKUP($B84,Num_Projet,Projets!C:C,"Inexistant",0) -> gouvernance | M84: =_xlfn.XLOOKUP($B84,Num_Projet,Projets!D:D,"Inexistant",0) -> Industries Nova Tech | N84: =_xlfn.XLOOKUP(E84,nom_commune,villes_clients!E:E)*2 -> 258.21049 | O84: =IF(F84="train",G84,_xlfn.XLOOKUP(B84,Num_Projet,Projets!G:G,0,0)*N84) -> 3070.1228 | P84: =_xlfn.XLOOKUP(_xlfn.XLOOKUP(E84,nom_commune,villes_clients!D:D,0,0),Seuil_population,Nuitée,0,1) * J84 -> 550 | Q84: =_xlfn.XLOOKUP( _xlfn.CONCAT(A84,"-",_xlfn.XLOOKUP(A84,Matr,Consultants!E:E) ),Dernier_contrat,Contrats!D:D,0,0) * IF(J84>0,J84,1) -> 2156 | R84: =Q84 + SUM(O84:P84) * IF(H84 = "Oui",1,0.75) -> 4871.0921 | S84: =( IF(F84="train", CO2_Train, _xlfn.XLOOKUP(I84,Immat_voitures,voitures_declarees!L:L,0,0)) * N84 ) / 1000 -> 28.403154
A85: 8195 | B85: 4687 | C85: 46306 | D85: 46310 | E85: Tourcoing | F85: train | G85: 151.47 | H85: Non | J85: =NETWORKDAYS(C85,D85,Jours_Fériés) -> 4 | K85: =_xlfn.XLOOKUP($B85,Num_Projet,Projets!B:B,"Inexistant",0) -> Mirage | L85: =_xlfn.XLOOKUP($B85,Num_Projet,Projets!C:C,"Inexistant",0) -> cybersécurité | M85: =_xlfn.XLOOKUP($B85,Num_Projet,Projets!D:D,"Inexistant",0) -> Banque Invest | N85: =_xlfn.XLOOKUP(E85,nom_commune,villes_clients!E:E)*2 -> 430.97128 | O85: =IF(F85="train",G85,_xlfn.XLOOKUP(B85,Num_Projet,Projets!G:G,0,0)*N85) -> 151.47 | P85: =_xlfn.XLOOKUP(_xlfn.XLOOKUP(E85,nom_commune,villes_clients!D:D,0,0),Seuil_population,Nuitée,0,1) * J85 -> 300 | Q85: =_xlfn.XLOOKUP( _xlfn.CONCAT(A85,"-",_xlfn.XLOOKUP(A85,Matr,Consultants!E:E) ),Dernier_contrat,Contrats!D:D,0,0) * IF(J85>0,J85,1) -> 508 | R85: =Q85 + SUM(O85:P85) * IF(H85 = "Oui",1,0.75) -> 846.6025 | S85: =( IF(F85="train", CO2_Train, _xlfn.XLOOKUP(I85,Immat_voitures,voitures_declarees!L:L,0,0)) * N85 ) / 1000 -> 0.86194256
A86: 6423 | B86: 5674 | C86: 46308 | D86: 46312 | E86: Créteil | F86: voiture | H86: Oui | I86: 006-BJC-20 | J86: =NETWORKDAYS(C86,D86,Jours_Fériés) -> 4 | K86: =_xlfn.XLOOKUP($B86,Num_Projet,Projets!B:B,"Inexistant",0) -> SuiviConso | L86: =_xlfn.XLOOKUP($B86,Num_Projet,Projets!C:C,"Inexistant",0) -> gouvernance | M86: =_xlfn.XLOOKUP($B86,Num_Projet,Projets!D:D,"Inexistant",0) -> Banque Invest | N86: =_xlfn.XLOOKUP(E86,nom_commune,villes_clients!E:E)*2 -> 24.696681 | O86: =IF(F86="train",G86,_xlfn.XLOOKUP(B86,Num_Projet,Projets!G:G,0,0)*N86) -> 284.50576 | P86: =_xlfn.XLOOKUP(_xlfn.XLOOKUP(E86,nom_commune,villes_clients!D:D,0,0),Seuil_population,Nuitée,0,1) * J86 -> 300 | Q86: =_xlfn.XLOOKUP( _xlfn.CONCAT(A86,"-",_xlfn.XLOOKUP(A86,Matr,Consultants!E:E) ),Dernier_contrat,Contrats!D:D,0,0) * IF(J86>0,J86,1) -> 836 | R86: =Q86 + SUM(O86:P86) * IF(H86 = "Oui",1,0.75) -> 1420.5058 | S86: =( IF(F86="train", CO2_Train, _xlfn.XLOOKUP(I86,Immat_voitures,voitures_declarees!L:L,0,0)) * N86 ) / 1000 -> 2.5437581
A87: 5959 | B87: 9018 | C87: 46308 | D87: 46318 | E87: Noisy-le-Grand | F87: voiture | H87: Oui | I87: 575-EXN-41 | J87: =NETWORKDAYS(C87,D87,Jours_Fériés) -> 9 | K87: =_xlfn.XLOOKUP($B87,Num_Projet,Projets!B:B,"Inexistant",0) -> Onix | L87: =_xlfn.XLOOKUP($B87,Num_Projet,Projets!C:C,"Inexistant",0) -> systèmes d'information | M87: =_xlfn.XLOOKUP($B87,Num_Projet,Projets!D:D,"Inexistant",0) -> Société AHT | N87: =_xlfn.XLOOKUP(E87,nom_commune,villes_clients!E:E)*2 -> 34.000642 | O87: =IF(F87="train",G87,_xlfn.XLOOKUP(B87,Num_Projet,Projets!G:G,0,0)*N87) -> 215.56407 | P87: =_xlfn.XLOOKUP(_xlfn.XLOOKUP(E87,nom_commune,villes_clients!D:D,0,0),Seuil_population,Nuitée,0,1) * J87 -> 450 | Q87: =_xlfn.XLOOKUP( _xlfn.CONCAT(A87,"-",_xlfn.XLOOKUP(A87,Matr,Consultants!E:E) ),Dernier_contrat,Contrats!D:D,0,0) * IF(J87>0,J87,1) -> 1782 | R87: =Q87 + SUM(O87:P87) * IF(H87 = "Oui",1,0.75) -> 2447.5641 | S87: =( IF(F87="train", CO2_Train, _xlfn.XLOOKUP(I87,Immat_voitures,voitures_declarees!L:L,0,0)) * N87 ) / 1000 -> 6.8001284
A88: 3582 | B88: 9256 | C88: 46309 | D88: 46317 | E88: Béziers | F88: train | G88: 265.82 | H88: Oui | J88: =NETWORKDAYS(C88,D88,Jours_Fériés) -> 7 | K88: =_xlfn.XLOOKUP($B88,Num_Projet,Projets!B:B,"Inexistant",0) -> Log2030 | L88: =_xlfn.XLOOKUP($B88,Num_Projet,Projets!C:C,"Inexistant",0) -> gouvernance | M88: =_xlfn.XLOOKUP($B88,Num_Projet,Projets!D:D,"Inexistant",0) -> Banque Invest | N88: =_xlfn.XLOOKUP(E88,nom_commune,villes_clients!E:E)*2 -> 1233.7826 | O88: =IF(F88="train",G88,_xlfn.XLOOKUP(B88,Num_Projet,Projets!G:G,0,0)*N88) -> 265.82 | P88: =_xlfn.XLOOKUP(_xlfn.XLOOKUP(E88,nom_commune,villes_clients!D:D,0,0),Seuil_population,Nuitée,0,1) * J88 -> 350 | Q88: =_xlfn.XLOOKUP( _xlfn.CONCAT(A88,"-",_xlfn.XLOOKUP(A88,Matr,Consultants!E:E) ),Dernier_contrat,Contrats!D:D,0,0) * IF(J88>0,J88,1) -> 588 | R88: =Q88 + SUM(O88:P88) * IF(H88 = "Oui",1,0.75) -> 1203.82 | S88: =( IF(F88="train", CO2_Train, _xlfn.XLOOKUP(I88,Immat_voitures,voitures_declarees!L:L,0,0)) * N88 ) / 1000 -> 2.4675653
A89: 4733 | B89: 2764 | C89: 46312 | D89: 46313 | E89: Neuilly-sur-Seine | F89: voiture | H89: Oui | I89: TZ-811-YW | J89: =NETWORKDAYS(C89,D89,Jours_Fériés) -> 0 | K89: =_xlfn.XLOOKUP($B89,Num_Projet,Projets!B:B,"Inexistant",0) -> MARCO | L89: =_xlfn.XLOOKUP($B89,Num_Projet,Projets!C:C,"Inexistant",0) -> transformation digital | M89: =_xlfn.XLOOKUP($B89,Num_Projet,Projets!D:D,"Inexistant",0) -> Banque Invest | N89: =_xlfn.XLOOKUP(E89,nom_commune,villes_clients!E:E)*2 -> 11.430454 | O89: =IF(F89="train",G89,_xlfn.XLOOKUP(B89,Num_Projet,Projets!G:G,0,0)*N89) -> 80.35609 | P89: =_xlfn.XLOOKUP(_xlfn.XLOOKUP(E89,nom_commune,villes_clients!D:D,0,0),Seuil_population,Nuitée,0,1) * J89 -> 0 | Q89: =_xlfn.XLOOKUP( _xlfn.CONCAT(A89,"-",_xlfn.XLOOKUP(A89,Matr,Consultants!E:E) ),Dernier_contrat,Contrats!D:D,0,0) * IF(J89>0,J89,1) -> 194 | R89: =Q89 + SUM(O89:P89) * IF(H89 = "Oui",1,0.75) -> 274.35609 | S89: =( IF(F89="train", CO2_Train, _xlfn.XLOOKUP(I89,Immat_voitures,voitures_declarees!L:L,0,0)) * N89 ) / 1000 -> 2.4461171
A90: 3542 | B90: 3987 | C90: 46313 | D90: 46316 | E90: Colombes | F90: voiture | H90: Oui | I90: 881-PXG-62 | J90: =NETWORKDAYS(C90,D90,Jours_Fériés) -> 3 | K90: =_xlfn.XLOOKUP($B90,Num_Projet,Projets!B:B,"Inexistant",0) -> Gamma | L90: =_xlfn.XLOOKUP($B90,Num_Projet,Projets!C:C,"Inexistant",0) -> gouvernance | M90: =_xlfn.XLOOKUP($B90,Num_Projet,Projets!D:D,"Inexistant",0) -> Cooperative Muvuca | N90: =_xlfn.XLOOKUP(E90,nom_commune,villes_clients!E:E)*2 -> 18.704795 | O90: =IF(F90="train",G90,_xlfn.XLOOKUP(B90,Num_Projet,Projets!G:G,0,0)*N90) -> 183.86814 | P90: =_xlfn.XLOOKUP(_xlfn.XLOOKUP(E90,nom_commune,villes_clients!D:D,0,0),Seuil_population,Nuitée,0,1) * J90 -> 225 | Q90: =_xlfn.XLOOKUP( _xlfn.CONCAT(A90,"-",_xlfn.XLOOKUP(A90,Matr,Consultants!E:E) ),Dernier_contrat,Contrats!D:D,0,0) * IF(J90>0,J90,1) -> 441 | R90: =Q90 + SUM(O90:P90) * IF(H90 = "Oui",1,0.75) -> 849.86814 | S90: =( IF(F90="train", CO2_Train, _xlfn.XLOOKUP(I90,Immat_voitures,voitures_declarees!L:L,0,0)) * N90 ) / 1000 -> 3.3481583
A91: 5211 | B91: 7717 | C91: 46315 | D91: 46322 | E91: Cergy | F91: voiture | H91: Non | I91: 588-AHF-83 | J91: =NETWORKDAYS(C91,D91,Jours_Fériés) -> 6 | K91: =_xlfn.XLOOKUP($B91,Num_Projet,Projets!B:B,"Inexistant",0) -> Alpha | L91: =_xlfn.XLOOKUP($B91,Num_Projet,Projets!C:C,"Inexistant",0) -> gouvernance | M91: =_xlfn.XLOOKUP($B91,Num_Projet,Projets!D:D,"Inexistant",0) -> Industries Nova Tech | N91: =_xlfn.XLOOKUP(E91,nom_commune,villes_clients!E:E)*2 -> 57.506577 | O91: =IF(F91="train",G91,_xlfn.XLOOKUP(B91,Num_Projet,Projets!G:G,0,0)*N91) -> 484.20538 | P91: =_xlfn.XLOOKUP(_xlfn.XLOOKUP(E91,nom_commune,villes_clients!D:D,0,0),Seuil_population,Nuitée,0,1) * J91 -> 300 | Q91: =_xlfn.XLOOKUP( _xlfn.CONCAT(A91,"-",_xlfn.XLOOKUP(A91,Matr,Consultants!E:E) ),Dernier_contrat,Contrats!D:D,0,0) * IF(J91>0,J91,1) -> 1062 | R91: =Q91 + SUM(O91:P91) * IF(H91 = "Oui",1,0.75) -> 1650.154 | S91: =( IF(F91="train", CO2_Train, _xlfn.XLOOKUP(I91,Immat_voitures,voitures_declarees!L:L,0,0)) * N91 ) / 1000 -> 6.3257234
A92: 4359 | B92: 9437 | C92: 46315 | D92: 46318 | E92: Aulnay-sous-Bois | F92: voiture | H92: Oui | I92: QQ-716-IN | J92: =NETWORKDAYS(C92,D92,Jours_Fériés) -> 4 | K92: =_xlfn.XLOOKUP($B92,Num_Projet,Projets!B:B,"Inexistant",0) -> E30 | L92: =_xlfn.XLOOKUP($B92,Num_Projet,Projets!C:C,"Inexistant",0) -> gouvernance | M92: =_xlfn.XLOOKUP($B92,Num_Projet,Projets!D:D,"Inexistant",0) -> Cooperative Muvuca | N92: =_xlfn.XLOOKUP(E92,nom_commune,villes_clients!E:E)*2 -> 29.536378 | O92: =IF(F92="train",G92,_xlfn.XLOOKUP(B92,Num_Projet,Projets!G:G,0,0)*N92) -> 204.6871 | P92: =_xlfn.XLOOKUP(_xlfn.XLOOKUP(E92,nom_commune,villes_clients!D:D,0,0),Seuil_population,Nuitée,0,1) * J92 -> 300 | Q92: =_xlfn.XLOOKUP( _xlfn.CONCAT(A92,"-",_xlfn.XLOOKUP(A92,Matr,Consultants!E:E) ),Dernier_contrat,Contrats!D:D,0,0) * IF(J92>0,J92,1) -> 408 | R92: =Q92 + SUM(O92:P92) * IF(H92 = "Oui",1,0.75) -> 912.6871 | S92: =( IF(F92="train", CO2_Train, _xlfn.XLOOKUP(I92,Immat_voitures,voitures_declarees!L:L,0,0)) * N92 ) / 1000 -> 4.8144296
A93: 7954 | B93: 4125 | C93: 46318 | D93: 46326 | E93: Perpignan | F93: voiture | H93: Oui | I93: 588-AHF-83 | J93: =NETWORKDAYS(C93,D93,Jours_Fériés) -> 6 | K93: =_xlfn.XLOOKUP($B93,Num_Projet,Projets!B:B,"Inexistant",0) -> ADV | L93: =_xlfn.XLOOKUP($B93,Num_Projet,Projets!C:C,"Inexistant",0) -> gouvernance | M93: =_xlfn.XLOOKUP($B93,Num_Projet,Projets!D:D,"Inexistant",0) -> Industries Nova Tech | N93: =_xlfn.XLOOKUP(E93,nom_commune,villes_clients!E:E)*2 -> 1373.4564 | O93: =IF(F93="train",G93,_xlfn.XLOOKUP(B93,Num_Projet,Projets!G:G,0,0)*N93) -> 11083.794 | P93: =_xlfn.XLOOKUP(_xlfn.XLOOKUP(E93,nom_commune,villes_clients!D:D,0,0),Seuil_population,Nuitée,0,1) * J93 -> 450 | Q93: =_xlfn.XLOOKUP( _xlfn.CONCAT(A93,"-",_xlfn.XLOOKUP(A93,Matr,Consultants!E:E) ),Dernier_contrat,Contrats!D:D,0,0) * IF(J93>0,J93,1) -> 690 | R93: =Q93 + SUM(O93:P93) * IF(H93 = "Oui",1,0.75) -> 12223.794 | S93: =( IF(F93="train", CO2_Train, _xlfn.XLOOKUP(I93,Immat_voitures,voitures_declarees!L:L,0,0)) * N93 ) / 1000 -> 151.08021
A94: 4733 | B94: 7371 | C94: 46318 | D94: 46330 | E94: Angers | F94: train | G94: 341.43 | H94: Non | J94: =NETWORKDAYS(C94,D94,Jours_Fériés) -> 9 | K94: =_xlfn.XLOOKUP($B94,Num_Projet,Projets!B:B,"Inexistant",0) -> Infra2 | L94: =_xlfn.XLOOKUP($B94,Num_Projet,Projets!C:C,"Inexistant",0) -> cybersécurité | M94: =_xlfn.XLOOKUP($B94,Num_Projet,Projets!D:D,"Inexistant",0) -> Société AHT | N94: =_xlfn.XLOOKUP(E94,nom_commune,villes_clients!E:E)*2 -> 529.1982 | O94: =IF(F94="train",G94,_xlfn.XLOOKUP(B94,Num_Projet,Projets!G:G,0,0)*N94) -> 341.43 | P94: =_xlfn.XLOOKUP(_xlfn.XLOOKUP(E94,nom_commune,villes_clients!D:D,0,0),Seuil_population,Nuitée,0,1) * J94 -> 900 | Q94: =_xlfn.XLOOKUP( _xlfn.CONCAT(A94,"-",_xlfn.XLOOKUP(A94,Matr,Consultants!E:E) ),Dernier_contrat,Contrats!D:D,0,0) * IF(J94>0,J94,1) -> 1746 | R94: =Q94 + SUM(O94:P94) * IF(H94 = "Oui",1,0.75) -> 2677.0725 | S94: =( IF(F94="train", CO2_Train, _xlfn.XLOOKUP(I94,Immat_voitures,voitures_declarees!L:L,0,0)) * N94 ) / 1000 -> 1.0583964
A95: 4751 | B95: 8140 | C95: 46319 | D95: 46325 | E95: Nantes | F95: train | G95: 275.66 | H95: Non | J95: =NETWORKDAYS(C95,D95,Jours_Fériés) -> 5 | K95: =_xlfn.XLOOKUP($B95,Num_Projet,Projets!B:B,"Inexistant",0) -> Beta | L95: =_xlfn.XLOOKUP($B95,Num_Projet,Projets!C:C,"Inexistant",0) -> systèmes d'information | M95: =_xlfn.XLOOKUP($B95,Num_Projet,Projets!D:D,"Inexistant",0) -> Société AHT | N95: =_xlfn.XLOOKUP(E95,nom_commune,villes_clients!E:E)*2 -> 683.30735 | O95: =IF(F95="train",G95,_xlfn.XLOOKUP(B95,Num_Projet,Projets!G:G,0,0)*N95) -> 275.66 | P95: =_xlfn.XLOOKUP(_xlfn.XLOOKUP(E95,nom_commune,villes_clients!D:D,0,0),Seuil_population,Nuitée,0,1) * J95 -> 500 | Q95: =_xlfn.XLOOKUP( _xlfn.CONCAT(A95,"-",_xlfn.XLOOKUP(A95,Matr,Consultants!E:E) ),Dernier_contrat,Contrats!D:D,0,0) * IF(J95>0,J95,1) -> 730 | R95: =Q95 + SUM(O95:P95) * IF(H95 = "Oui",1,0.75) -> 1311.745 | S95: =( IF(F95="train", CO2_Train, _xlfn.XLOOKUP(I95,Immat_voitures,voitures_declarees!L:L,0,0)) * N95 ) / 1000 -> 1.3666147
A96: 5607 | B96: 3987 | C96: 46319 | D96: 46330 | E96: Avignon | F96: voiture | H96: Oui | I96: QQ-716-IN | J96: =NETWORKDAYS(C96,D96,Jours_Fériés) -> 8 | K96: =_xlfn.XLOOKUP($B96,Num_Projet,Projets!B:B,"Inexistant",0) -> Gamma | L96: =_xlfn.XLOOKUP($B96,Num_Projet,Projets!C:C,"Inexistant",0) -> gouvernance | M96: =_xlfn.XLOOKUP($B96,Num_Projet,Projets!D:D,"Inexistant",0) -> Cooperative Muvuca | N96: =_xlfn.XLOOKUP(E96,nom_commune,villes_clients!E:E)*2 -> 1161.0252 | O96: =IF(F96="train",G96,_xlfn.XLOOKUP(B96,Num_Projet,Projets!G:G,0,0)*N96) -> 11412.878 | P96: =_xlfn.XLOOKUP(_xlfn.XLOOKUP(E96,nom_commune,villes_clients!D:D,0,0),Seuil_population,Nuitée,0,1) * J96 -> 600 | Q96: =_xlfn.XLOOKUP( _xlfn.CONCAT(A96,"-",_xlfn.XLOOKUP(A96,Matr,Consultants!E:E) ),Dernier_contrat,Contrats!D:D,0,0) * IF(J96>0,J96,1) -> 832 | R96: =Q96 + SUM(O96:P96) * IF(H96 = "Oui",1,0.75) -> 12844.878 | S96: =( IF(F96="train", CO2_Train, _xlfn.XLOOKUP(I96,Immat_voitures,voitures_declarees!L:L,0,0)) * N96 ) / 1000 -> 189.24711
A97: 8988 | B97: 9256 | C97: 46319 | D97: 46326 | E97: Mérignac | F97: voiture | H97: Non | I97: 881-PXG-62 | J97: =NETWORKDAYS(C97,D97,Jours_Fériés) -> 5 | K97: =_xlfn.XLOOKUP($B97,Num_Projet,Projets!B:B,"Inexistant",0) -> Log2030 | L97: =_xlfn.XLOOKUP($B97,Num_Projet,Projets!C:C,"Inexistant",0) -> gouvernance | M97: =_xlfn.XLOOKUP($B97,Num_Projet,Projets!D:D,"Inexistant",0) -> Banque Invest | N97: =_xlfn.XLOOKUP(E97,nom_commune,villes_clients!E:E)*2 -> 1007.23 | O97: =IF(F97="train",G97,_xlfn.XLOOKUP(B97,Num_Projet,Projets!G:G,0,0)*N97) -> 6647.7183 | P97: =_xlfn.XLOOKUP(_xlfn.XLOOKUP(E97,nom_commune,villes_clients!D:D,0,0),Seuil_population,Nuitée,0,1) * J97 -> 250 | Q97: =_xlfn.XLOOKUP( _xlfn.CONCAT(A97,"-",_xlfn.XLOOKUP(A97,Matr,Consultants!E:E) ),Dernier_contrat,Contrats!D:D,0,0) * IF(J97>0,J97,1) -> 990 | R97: =Q97 + SUM(O97:P97) * IF(H97 = "Oui",1,0.75) -> 6163.2887 | S97: =( IF(F97="train", CO2_Train, _xlfn.XLOOKUP(I97,Immat_voitures,voitures_declarees!L:L,0,0)) * N97 ) / 1000 -> 180.29418
A98: 7063 | B98: 3987 | C98: 46320 | D98: 46327 | E98: Rueil-Malmaison | F98: voiture | H98: Non | I98: 575-EXN-41 | J98: =NETWORKDAYS(C98,D98,Jours_Fériés) -> 5 | K98: =_xlfn.XLOOKUP($B98,Num_Projet,Projets!B:B,"Inexistant",0) -> Gamma | L98: =_xlfn.XLOOKUP($B98,Num_Projet,Projets!C:C,"Inexistant",0) -> gouvernance | M98: =_xlfn.XLOOKUP($B98,Num_Projet,Projets!D:D,"Inexistant",0) -> Cooperative Muvuca | N98: =_xlfn.XLOOKUP(E98,nom_commune,villes_clients!E:E)*2 -> 23.369681 | O98: =IF(F98="train",G98,_xlfn.XLOOKUP(B98,Num_Projet,Projets!G:G,0,0)*N98) -> 229.72396 | P98: =_xlfn.XLOOKUP(_xlfn.XLOOKUP(E98,nom_commune,villes_clients!D:D,0,0),Seuil_population,Nuitée,0,1) * J98 -> 250 | Q98: =_xlfn.XLOOKUP( _xlfn.CONCAT(A98,"-",_xlfn.XLOOKUP(A98,Matr,Consultants!E:E) ),Dernier_contrat,Contrats!D:D,0,0) * IF(J98>0,J98,1) -> 710 | R98: =Q98 + SUM(O98:P98) * IF(H98 = "Oui",1,0.75) -> 1069.793 | S98: =( IF(F98="train", CO2_Train, _xlfn.XLOOKUP(I98,Immat_voitures,voitures_declarees!L:L,0,0)) * N98 ) / 1000 -> 4.6739362
A99: 4744 | B99: 9437 | C99: 46322 | D99: 46331 | E99: Orléans | F99: train | G99: 148.6 | H99: Oui | J99: =NETWORKDAYS(C99,D99,Jours_Fériés) -> 8 | K99: =_xlfn.XLOOKUP($B99,Num_Projet,Projets!B:B,"Inexistant",0) -> E30 | L99: =_xlfn.XLOOKUP($B99,Num_Projet,Projets!C:C,"Inexistant",0) -> gouvernance | M99: =_xlfn.XLOOKUP($B99,Num_Projet,Projets!D:D,"Inexistant",0) -> Cooperative Muvuca | N99: =_xlfn.XLOOKUP(E99,nom_commune,villes_clients!E:E)*2 -> 226.61493 | O99: =IF(F99="train",G99,_xlfn.XLOOKUP(B99,Num_Projet,Projets!G:G,0,0)*N99) -> 148.6 | P99: =_xlfn.XLOOKUP(_xlfn.XLOOKUP(E99,nom_commune,villes_clients!D:D,0,0),Seuil_population,Nuitée,0,1) * J99 -> 600 | Q99: =_xlfn.XLOOKUP( _xlfn.CONCAT(A99,"-",_xlfn.XLOOKUP(A99,Matr,Consultants!E:E) ),Dernier_contrat,Contrats!D:D,0,0) * IF(J99>0,J99,1) -> 1016 | R99: =Q99 + SUM(O99:P99) * IF(H99 = "Oui",1,0.75) -> 1764.6 | S99: =( IF(F99="train", CO2_Train, _xlfn.XLOOKUP(I99,Immat_voitures,voitures_declarees!L:L,0,0)) * N99 ) / 1000 -> 0.45322987
A100: 3582 | B100: 2764 | C100: 46324 | D100: 46324 | E100: Pau | F100: voiture | H100: Non | I100: 006-BJC-20 | J100: =NETWORKDAYS(C100,D100,Jours_Fériés) -> 1 | K100: =_xlfn.XLOOKUP($B100,Num_Projet,Projets!B:B,"Inexistant",0) -> MARCO | L100: =_xlfn.XLOOKUP($B100,Num_Projet,Projets!C:C,"Inexistant",0) -> transformation digital | M100: =_xlfn.XLOOKUP($B100,Num_Projet,Projets!D:D,"Inexistant",0) -> Banque Invest | N100: =_xlfn.XLOOKUP(E100,nom_commune,villes_clients!E:E)*2 -> 1300.1152 | O100: =IF(F100="train",G100,_xlfn.XLOOKUP(B100,Num_Projet,Projets!G:G,0,0)*N100) -> 9139.8099 | P100: =_xlfn.XLOOKUP(_xlfn.XLOOKUP(E100,nom_commune,villes_clients!D:D,0,0),Seuil_population,Nuitée,0,1) * J100 -> 75 | Q100: =_xlfn.XLOOKUP( _xlfn.CONCAT(A100,"-",_xlfn.XLOOKUP(A100,Matr,Consultants!E:E) ),Dernier_contrat,Contrats!D:D,0,0) * IF(J100>0,J100,1) -> 84 | R100: =Q100 + SUM(O100:P100) * IF(H100 = "Oui",1,0.75) -> 6995.1075 | S100: =( IF(F100="train", CO2_Train, _xlfn.XLOOKUP(I100,Immat_voitures,voitures_declarees!L:L,0,0)) * N100 ) / 1000 -> 133.91187
...

Sheet villes_clients
A1: code_postal | B1: code_dep_insee | C1: nom_commune | D1: Population | E1: distance_paris_km
A2: 75001 | B2: 75 | C2: Paris 1er Arrondissement | D2: 2141000 | E2: 0
A3: 13001 | B3: 13 | C3: Marseille 1er Arrondissement | D3: 861635 | E3: 661.53607
A4: 69002 | B4: 69 | C4: Lyon | D4: 513275 | E4: 393.97795
A5: 31300 | B5: 31 | C5: Toulouse | D5: 390301 | E5: 589.50647
A6: 6200 | B6: 06 | C6: Nice | D6: 343123 | E6: 685.58587
A7: 44000 | B7: 44 | C7: Nantes | D7: 270343 | E7: 341.65367
A8: 67100 | B8: 67 | C8: Strasbourg | D8: 263941 | E8: 400.88503
A9: 34000 | B9: 34 | C9: Montpellier | D9: 225511 | E9: 595.29135
A10: 33000 | B10: 33 | C10: Bordeaux | D10: 215374 | E10: 497.4048
A11: 59160 | B11: 59 | C11: Lille | D11: 212566 | E11: 203.33536
A12: 35000 | B12: 35 | C12: Rennes | D12: 206194 | E12: 308.4852
A13: 76600 | B13: 76 | C13: Le Havre | D13: 190924 | E13: 175.02426
... A101: 90000 | B101: 90 | C101: Belfort | D101: 50406 | E101: 361.01002

Sheet voitures_declarees
A1: Make | B1: Model | C1: Vehicle Class | D1: Engine Size(L) | E1: Cylinders | F1: Transmission | G1: Fuel Consumption Comb (L/100 km) | H1: CO2 Emissions | I1: immatriculation | J1: Engine | K1: Fuel conso | L1: CO2 | M1: Immatriculation2
A2: HYUNDAI | B2: TUCSON | C2: SUV - SMALL | D2: 2.0 | E2: 4 | F2: A6 | G2: 9.3 | H2: 214 g/km | I2: TZ 811 YW | J2: =_xlfn.NUMBERVALUE(D2, ".") -> 2 | K2: =_xlfn.NUMBERVALUE(G2, ".") -> 9.3 | L2: =VALUE(SUBSTITUTE(H2," g/km","")) -> 214 | M2: =SUBSTITUTE(I2," ","-") -> TZ-811-YW
A3: MINI | B3: COOPER CLUBMAN | C3: SUBCOMPACT | D3: 1.6 | E3: 4 | F3: A6 | G3: 7.8 | H3: 179 g/km | I3: 881 PXG 62 | J3: =_xlfn.NUMBERVALUE(D3, ".") -> 1.6 | K3: =_xlfn.NUMBERVALUE(G3, ".") -> 7.8 | L3: =VALUE(SUBSTITUTE(H3," g/km","")) -> 179 | M3: =SUBSTITUTE(I3," ","-") -> 881-PXG-62
A4: TOYOTA | B4: PRIUS | C4: MID-SIZE | D4: 1.8 | E4: 4 | F4: AV | G4: 4.8 | H4: 110 g/km | I4: 588 AHF 83 | J4: =_xlfn.NUMBERVALUE(D4, ".") -> 1.8 | K4: =_xlfn.NUMBERVALUE(G4, ".") -> 4.8 | L4: =VALUE(SUBSTITUTE(H4," g/km","")) -> 110 | M4: =SUBSTITUTE(I4," ","-") -> 588-AHF-83
A5: TOYOTA | B5: YARIS | C5: COMPACT | D5: 1.5 | E5: 4 | F5: M5 | G5: 7.1 | H5: 163 g/km | I5: QQ 716 IN | J5: =_xlfn.NUMBERVALUE(D5, ".") -> 1.5 | K5: =_xlfn.NUMBERVALUE(G5, ".") -> 7.1 | L5: =VALUE(SUBSTITUTE(H5," g/km","")) -> 163 | M5: =SUBSTITUTE(I5," ","-") -> QQ-716-IN
A6: VOLKSWAGEN | B6: BEETLE TDI (modified) | C6: COMPACT | D6: 2.0 | E6: 4 | F6: A6 | G6: 7.4 | H6: 200 g/km | I6: 575 EXN 41 | J6: =_xlfn.NUMBERVALUE(D6, ".") -> 2 | K6: =_xlfn.NUMBERVALUE(G6, ".") -> 7.4 | L6: =VALUE(SUBSTITUTE(H6," g/km","")) -> 200 | M6: =SUBSTITUTE(I6," ","-") -> 575-EXN-41
A7: VOLKSWAGEN | B7: TOUAREG | C7: SUV - STANDARD | D7: 3.6 | E7: 6 | F7: AS8 | G7: 12.6 | H7: 296 g/km | I7: 765 JSQ 81 | J7: =_xlfn.NUMBERVALUE(D7, ".") -> 3.6 | K7: =_xlfn.NUMBERVALUE(G7, ".") -> 12.6 | L7: =VALUE(SUBSTITUTE(H7," g/km","")) -> 296 | M7: =SUBSTITUTE(I7," ","-") -> 765-JSQ-81
A8: AUDI | B8: A6 QUATTRO | C8: MID-SIZE | D8: 2.0 | E8: 4 | F8: AS8 | G8: 10.3 | H8: 237 g/km | I8: 542 YQB 50 | J8: =_xlfn.NUMBERVALUE(D8, ".") -> 2 | K8: =_xlfn.NUMBERVALUE(G8, ".") -> 10.3 | L8: =VALUE(SUBSTITUTE(H8," g/km","")) -> 237 | M8: =SUBSTITUTE(I8," ","-") -> 542-YQB-50
A9: AUDI | B9: Q5 HYBRID | C9: SUV - SMALL | D9: 2.0 | E9: 4 | F9: AS8 | G9: 8.9 | H9: 205 g/km | I9: 417 IHX 79 | J9: =_xlfn.NUMBERVALUE(D9, ".") -> 2 | K9: =_xlfn.NUMBERVALUE(G9, ".") -> 8.9 | L9: =VALUE(SUBSTITUTE(H9," g/km","")) -> 205 | M9: =SUBSTITUTE(I9," ","-") -> 417-IHX-79
A10: HYUNDAI | B10: IONIQ | C10: FULL-SIZE | D10: 1.6 | E10: 4 | F10: AM6 | G10: 4.4 | H10: 103 g/km | I10: 006 BJC 20 | J10: =_xlfn.NUMBERVALUE(D10, ".") -> 1.6 | K10: =_xlfn.NUMBERVALUE(G10, ".") -> 4.4 | L10: =VALUE(SUBSTITUTE(H10," g/km","")) -> 103 | M10: =SUBSTITUTE(I10," ","-") -> 006-BJC-20
A11: TOYOTA | B11: Yaris | C11: COMPACT | D11: 1.5 | E11: 4 | F11: AS6 | G11: 6.6 | H11: 155 g/km | I11: QF 109 TX | J11: =_xlfn.NUMBERVALUE(D11, ".") -> 1.5 | K11: =_xlfn.NUMBERVALUE(G11, ".") -> 6.6 | L11: =VALUE(SUBSTITUTE(H11," g/km","")) -> 155 | M11: =SUBSTITUTE(I11," ","-") -> QF-109-TX

Sheet Jours fériés
A1: Jours Fériés | D1: Période | E1: 2026 | F1: 2027
A2: 46023 | B2: Jour de l'An
A3: 46118 | B3: Lundi de Pâques
A4: 46143 | B4: Fête du Travail
A5: 46150 | B5: Victoire 1945
A6: 46156 | B6: Ascension
A7: 46167 | B7: Pentecôte
A8: 46217 | B8: Fête nationale
A9: 46249 | B9: Assomption
A10: 46327 | B10: Toussaint
A11: 46337 | B11: Armistice 1918
A12: 46381 | B12: Noël
A13: 46388 | B13: Jour de l'An
... A23: 46746 | B23: Noël

Sheet Valeurs de référence
A1: Seuil population | B1: Nuitée | D1: Moyens de transport | E1: Taux émission co2 g/km | G1: Factures
A2: 75000 | B2: 50 | D2: train | E2: 2 | G2: Oui
A3: 150000 | B3: 75 | D3: voiture | G3: Non
A4: 300000 | B4: 100
A5: 500000 | B5: 150
A6: 1000000 | B6: 200

Sheet TCD Domaine
A3: Domaines | B3: Moyenne âge | C3: Nbr consultant | D3: % Total | E3: Somme Jours Ouvr
A4: cybersécurité | B4: 36.9 | C4: 10 | D4: 0.22222222 | E4: 97
A5: gouvernance | B5: 36 | C5: 9 | D5: 0.2 | E5: 324
A6: intelligence artificielle | B6: 42.363636 | C6: 11 | D6: 0.24444444 | E6: 31
A7: systèmes d'information | B7: 39.8 | C7: 5 | D7: 0.11111111 | E7: 51
A8: transformation digital | B8: 37.222222 | C8: 9 | D8: 0.2 | E8: 60
A9: contrôle de gestion | B9: 27 | C9: 1 | D9: 0.022222222 | E9: 0
A10: Total général | B10: 38.222222 | C10: 45 | D10: 1 | E10: 563

Sheet TCD Deplacements
A1: Clients | B1: Nbr Deplacements | D1: Domaine | E1: Nbr Deplacements | I1: Projets | J1: Somme de Frais Transport | K1: Somme de Frais Hébergement | L1: Somme de Coût forfait
A2: Banque Invest | B2: 70 | D2: cybersécurité | E2: 37 | I2: ADV | J2: 6654.3048 | K2: 1850 | L2: 4577
A3: Cooperative Muvuca | B3: 42 | D3: gouvernance | E3: 106 | I3: Alpha | J3: 2215.7795 | K3: 625 | L3: 1083
A4: Groupe Oignon | B4: 9 | D4: intelligence artificielle | E4: 9 | I4: Arc25 | J4: 10971.502 | K4: 775 | L4: 2307
A5: Industries Nova Tech | B5: 44 | D5: systèmes d'information | E5: 41 | I5: Arche | J5: 5128.8134 | K5: 425 | L5: 737
A6: Société AHT | B6: 48 | D6: transformation digital | E6: 20 | I6: Beta | J6: 459.27632 | K6: 1200 | L6: 1984
A7: Total général | B7: 213 | D7: Total général | E7: 213 | I7: Destroyer | J7: 6630.0042 | K7: 1050 | L7: 2544
I8: E30 | J8: 6311.2942 | K8: 3275 | L8: 8542
I9: Gamma | J9: 10829.913 | K9: 3975 | L9: 8587
I10: Hercules | J10: 271.47 | K10: 200 | L10: 416
I11: Infra2 | J11: 215.14 | K11: 1350 | L11: 2487
I12: MARCO | J12: 1942.6939 | K12: 1975 | L12: 5258
I13: Mirage | J13: 15749.147 | K13: 1950 | L13: 2783
I14: NextGen | J14: 26568.296 | K14: 1675 | L14: 2158
A15: Nbr Deplacements | B15: Domaines | I15: Onix | J15: 877.63456 | K15: 1575 | L15: 3406
A16: Clients | B16: cybersécurité | C16: gouvernance | D16: intelligence artificielle | E16: systèmes d'information | F16: transformation digital | I16: Orion | J16: 1064.1876 | K16: 1975 | L16: 5333
A17: Banque Invest | B17: 15 | C17: 19 | D17: 9 | E17: 15 | F17: 12 | I17: Total général | J17: 95889.456 | K17: 23875 | L17: 52202
A18: Cooperative Muvuca | C18: 34 | F18: 8
A19: Groupe Oignon | C19: 9
A20: Industries Nova Tech | C20: 44
A21: Société AHT | B21: 22 | E21: 26

Sheet Formulaire
B3: Déplacement | K3: Simulation
B5: Matricule | C5: 4751 | E5: Nom | F5: =IF(ISBLANK(C5),"",_xlfn.XLOOKUP(C5,Matr,Consultants!B:B,"",0)) -> David Dupont | K5: Distance | L5: =_xlfn.XLOOKUP(C15,villes_clients!C:C,villes_clients!E:E,"",0)*2 -> 263.65765 | N5: Frais transport | O5: {=_xlfn.IFS(F15="train",I17,F15="voiture",_xlfn.XLOOKUP(C8,Num_Projet,Projets!G:G,0,0)*L5,TRUE,"")} -> 160
K7: Nb Jours | L7: =NETWORKDAYS(C13,F13,Jours_Fériés) -> 1 | N7: Frais hébergement | O7: =_xlfn.XLOOKUP(_xlfn.XLOOKUP(C15,nom_commune,villes_clients!D:D,0,0),Seuil_population,Nuitée,0,1) * L7 -> 100
B8: N° Projet | C8: 4687 | E8: Intitulé | F8: =IF(ISBLANK($C8),"",_xlfn.XLOOKUP($C8,Num_Projet,Projets!B:B,"",0)) -> Mirage
N9: Coût forfait | O9: =_xlfn.XLOOKUP( _xlfn.CONCAT(C5,"-",_xlfn.XLOOKUP(C5,Matr,Consultants!E:E) ),Dernier_contrat,Contrats!D:D,0,0) * IF(L7>0,L7,1) -> 146
E10: Client | F10: =IF(ISBLANK($C8),"",_xlfn.XLOOKUP($C8,Num_Projet,Projets!D:D,"",0)) -> Banque Invest
N11: Coût total | O11: =O9 + (O5+O7) * IF(B18 = "Oui",1,0.75) -> 341
B13: Date Début | C13: 46266 | E13: Date Fin | F13: 46266
B15: Ville | C15: Reims | E15: Moyen | F15: train | H15: Immatriculation
B17: Factures fournies ? | H17: Billets | I17: 160
B18: Non
